Workbook

Sheet CCRC M
A1: Table name: | B1: 1980-93 California CCRC, Age Last, Male
A2: Table number: | B2: 891
A3: Table type: | B3: Aggregate
A4: Usage: | B4: Annuitant mortality
A5: Contributor: | B5: Roger Scott Lumsden 75147.2620@compuserve.com
A6: Country: | B6: US
A7: Source of data: | B7: Residents from 83 CCRCs
A8: Volume of data: | B8: Exposues of 26,737 lives, Deaths of 2,699
A9: Observation period: | B9: 1980 to 1993
A10: Unit of observation: | B10: Number of lives
A11: Construction method: | B11: Whittaker B third differences with k=10,000 for ages 75-95
B12: Modified Gompertz curve fit for ages below 75
B13: Assumed a 5% rate of increase from 95 up to a peak of 500/1000
B14: There should be values for ages below 62, but they're not in the publication.
A15: Published reference: | B15: TSA 1995-96 Reports pp 143-184, see Table 5 p 160
A16: Comments: | B16: CCRC stands for Continuing Care Retirement Community
B17: These values have been checked by examining 1-3 differences
B18: but have not been proofread. If you find any errors
B19: please report them to Actuaries On Line
A20: Minimum age: | B20: 62
A21: Maximum age: | B21: 110
A22: Number of decimal places: | B22: 4
A23: Table values:
A24: 62 | B24: 0.0168
A25: 63 | B25: 0.0181
A26: 64 | B26: 0.0196
A27: 65 | B27: 0.0212
A28: 66 | B28: 0.0229
A29: 67 | B29: 0.0247
A30: 68 | B30: 0.0267
A31: 69 | B31: 0.0289
A32: 70 | B32: 0.031
A33: 71 | B33: 0.0315
A34: 72 | B34: 0.0312
A35: 73 | B35: 0.034
... A72: 110 | B72: 0.5

Sheet CCRC F
A1: Table name: | B1: 1980-93 California CCRC, Age Last, Female
A2: Table number: | B2: 892
A3: Table type: | B3: Aggregate
A4: Usage: | B4: Annuitant mortality
A5: Contributor: | B5: Roger Scott Lumsden 75147.2620@compuserve.com
A6: Country: | B6: US
A7: Source of data: | B7: Residents from 83 CCRCs
A8: Volume of data: | B8: Exposues of 111,207 lives, Deaths of 9,375
A9: Observation period: | B9: 1980 to 1993
A10: Unit of observation: | B10: Number of lives
A11: Construction method: | B11: Whittaker B third differences with k=10,000 for ages 70-95
B12: Modified Gompertz curve fit for ages below 70
B13: Assumed a 6% rate of increase from 95 up to a peak of 500/1000
B14: There should be values for ages below 62, but they're not in the publication.
A15: Published reference: | B15: TSA 1995-96 Reports pp 143-184, see Table 5 p 160
A16: Comments: | B16: CCRC stands for Continuing Care Retirement Community
B17: These values have been checked by examining 1-3 differences
B18: but have not been proofread. If you find any errors
B19: please report them to Actuaries On Line
A20: Minimum age: | B20: 62
A21: Maximum age: | B21: 110
A22: Number of decimal places: | B22: 4
A23: Table values:
A24: 62 | B24: 0.0135
A25: 63 | B25: 0.0146
A26: 64 | B26: 0.0157
A27: 65 | B27: 0.0169
A28: 66 | B28: 0.0182
A29: 67 | B29: 0.0196
A30: 68 | B30: 0.021
A31: 69 | B31: 0.0231
A32: 70 | B32: 0.0267
A33: 71 | B33: 0.027
A34: 72 | B34: 0.0276
A35: 73 | B35: 0.0312
... A72: 110 | B72: 0.5

Sheet Proj
A1: Female Annuity Values
D14: =$B$18 -> 300
A18: Number of Original Entrants = | B18: 300
B19: i= | C19: v=
A20: interest at | B20: 0.03 | C20: =1/(1+B20) -> 0.97087379
A21: Annual Cost | B21: 30000
FA22: Enterprise
A23: Age | B23: qx | D23: lx | E23: dx | F23: lxS | G23: ex | I23: Dx | J23: Nx | K23: ax | M23: Years of Operation | N23: Survivors | O23: For Group of 300 Female 85 year olds at 30000 Dollars per Year | P23: Income per Year by Annuity Rule | Q23: Accounting Using Inverse of ex | R23: Remaining Fund | S23: Investment Return | T23: Total Cohort Income by Accounting Rule | U23: Actuarial Value of Annuity Income | V23: Entrants Year 2 | W23: New Entrants Year 2 Annuity | X23: Accounting Using Inverse of ex | Y23: Remaining Fund | Z23: Investment Return | AA23: New Entants Year 2 Accounting Rule | AB23: Actuarial Value of Annuity Income for New Entrants Year 2 | AC23: Entrants Year 3 | AD23: New Entrants Year 3 Annuity | AE23: Accounting Using Inverse of ex | AF23: Remaining Fund | AG23: Investment Return | AH23: New Entants Year 3 Accounting Rule | AI23: Actuarial Value of Annuity Income for New Entrants Year 3 | AJ23: Entrants Year 4 | AK23: New Entrants Year 4 Annuity | AL23: Accounting Using Inverse of ex | AM23: Remaining Fund | AN23: Investment Return | AO23: New Entants Year 4 Accounting Rule | AP23: Actuarial Value of Annuity Income for New Entrants Year 4 | AQ23: Entrants Year 5 | AR23: New Entrants Year 5 Annuity | AS23: Accounting Using Inverse of ex | AT23: Remaining Fund | AU23: Investment Return | AV23: New Entants Year 5 Accounting Rule | AW23: Actuarial Value of Annuity Income for New Entrants Year 5 | AX23: Entrants Year 6 | AY23: New Entrants Year 6 Annuity | AZ23: Accounting Using Inverse of ex | BA23: Remaining Fund | BB23: Investment Return | BC23: New Entants Year 6 Accounting Rule | BD23: Actuarial Value of Annuity Income for New Entrants Year 6 | BE23: Entrants Year 7 | BF23: New Entrants Year 7 Annuity | BG23: Accounting Using Inverse of ex | BH23: Remaining Fund | BI23: Investment Return | BJ23: New Entants Year 7 Accounting Rule | BK23: Actuarial Value of Annuity Income for New Entrants Year 7 | BL23: Entrants Year 8 | BM23: New Entrants Year 8 Annuity | BN23: Accounting Using Inverse of ex | BO23: Remaining Fund | BP23: Investment Return | BQ23: New Entants Year 8 Accounting Rule | BR23: Actuarial Value of Annuity Income for New Entrants Year 8 | BS23: Entrants Year 9 | BT23: New Entrants Year 9 Annuity | BU23: Accounting Using Inverse of ex | BV23: Remaining Fund | BW23: Investment Return | BX23: New Entants Year 9 Accounting Rule | BY23: Actuarial Value of Annuity Income for New Entrants Year 9 | BZ23: Entrants Year 10 | CA23: New Entrants Year 10 Annuity | CB23: Accounting Using Inverse of ex | CC23: Remaining Fund | CD23: Investment Return | CE23: New Entants Year 10 Accounting Rule | CF23: Actuarial Value of Annuity Income for New Entrants Year 10 | CG23: Entrants Year 11 | CH23: New Entrants Year 11 Annuity | CI23: Accounting Using Inverse of ex | CJ23: Remaining Fund | CK23: Investment Return | CL23: New Entants Year 11 Accounting Rule | CM23: Actuarial Value of Annuity Income for New Entrants Year 11 | CN23: Entrants Year 12 | CO23: New Entrants Year 12 Annuity | CP23: Accounting Using Inverse of ex | CQ23: Remaining Fund | CR23: Investment Return | CS23: New Entants Year 12 Accounting Rule | CT23: Actuarial Value of Annuity Income for New Entrants Year 12 | CU23: Entrants Year 13 | CV23: New Entrants Year 13 Annuity | CW23: Accounting Using Inverse of ex | CX23: Remaining Fund | CY23: Investment Return | CZ23: New Entants Year 13 Accounting Rule | DA23: Actuarial Value of Annuity Income for New Entrants Year 13 | DB23: Entrants Year 14 | DC23: New Entrants Year 14 Annuity | DD23: Accounting Using Inverse of ex | DE23: Remaining Fund | DF23: Investment Return | DG23: New Entants Year 14 Accounting Rule | DH23: Actuarial Value of Annuity Income for New Entrants Year 14 | DI23: Entrants Year 15 | DJ23: New Entrants Year 15 Annuity | DK23: Accounting Using Inverse of ex | DL23: Remaining Fund | DM23: Investment Return | DN23: New Entants Year 15 Accounting Rule | DO23: Actuarial Value of Annuity Income for New Entrants Year 15 | DP23: Entrants Year 16 | DQ23: New Entrants Year 16 Annuity | DR23: Accounting Using Inverse of ex | DS23: Remaining Fund | DT23: Investment Return | DU23: New Entants Year 16 Accounting Rule | DV23: Actuarial Value of Annuity Income for New Entrants Year 16 | DW23: Entrants Year 17 | DX23: New Entrants Year 17 Annuity | DY23: Accounting Using Inverse of ex | DZ23: Remaining Fund | EA23: Investment Return | EB23: New Entants Year 17 Accounting Rule | EC23: Actuarial Value of Annuity Income for New Entrants Year 17 | ED23: Entrants Year 18 | EE23: New Entrants Year 18 Annuity | EF23: Accounting Using Inverse of ex | EG23: Remaining Fund | EH23: Investment Return | EI23: New Entants Year 18 Accounting Rule | EJ23: Actuarial Value of Annuity Income for New Entrants Year 18 | EK23: Entrants Year 19 | EL23: New Entrants Year 19 Annuity | EM23: Accounting Using Inverse of ex | EN23: Remaining Fund | EO23: Investment Return | EP23: New Entants Year 19 Accounting Rule | EQ23: Actuarial Value of Annuity Income for New Entrants Year 19 | ER23: Entrants Year 20 | ES23: New Entrants Year 20 Annuity | ET23: Accounting Using Inverse of ex | EU23: Remaining Fund | EV23: Investment Return | EW23: New Entants Year 20 Accounting Rule | EX23: Actuarial Value of Annuity Income for New Entrants Year 20 | EY23: Entrants Year 21 | EZ23: New Entrants Year 21 Annuity | FA23: Accounting Using Inverse of ex | FB23: Remaining Fund | FC23: Investment Return | FD23: New Entants Year 21 Accounting Rule | FE23: Actuarial Value of Annuity Income for New Entrants Year 21 | FF23: Entrants Year 22 | FG23: New Entrants Year 22 Annuity | FH23: Accounting Using Inverse of ex | FI23: Remaining Fund | FJ23: Investment Return | FK23: New Entants Year 22 Accounting Rule | FL23: Actuarial Value of Annuity Income for New Entrants Year 22 | FM23: Entrants Year 23 | FN23: New Entrants Year 23 Annuity | FO23: Accounting Using Inverse of ex | FP23: Remaining Fund | FQ23: Investment Return | FR23: New Entants Year 23 Accounting Rule | FS23: Actuarial Value of Annuity Income for New Entrants Year 23 | FT23: Entrants Year 24 | FU23: New Entrants Year 24 Annuity | FV23: Accounting Using Inverse of ex | FW23: Remaining Fund | FX23: Investment Return | FY23: New Entants Year 24 Accounting Rule | FZ23: Actuarial Value of Annuity Income for New Entrants Year 24 | GA23: Entrants Year 25 | GB23: New Entrants Year 25 Annuity | GC23: Accounting Using Inverse of ex | GD23: Remaining Fund | GE23: Investment Return | GF23: New Entants Year 25 Accounting Rule | GG23: Actuarial Value of Annuity Income for New Entrants Year 25 | GH23: Entrants Year 26 | GI23: New Entrants Year 26 Annuity | GJ23: Accounting Using Inverse of ex | GK23: Remaining Fund | GL23: Investment Return | GM23: New Entants Year 26 Accounting Rule | GN23: Actuarial Value of Annuity Income for New Entrants Year 26 | GO23: Entrants Year 27 | GP23: New Entrants Year 27 Annuity | GQ23: Accounting Using Inverse of ex | GR23: Remaining Fund | GS23: Investment Return | GT23: New Entants Year 27 Accounting Rule | GU23: Actuarial Value of Annuity Income for New Entrants Year 27 | GV23: Entrants Year 28 | GW23: New Entrants Year 28 Annuity | GX23: Accounting Using Inverse of ex | GY23: Remaining Fund | GZ23: Investment Return | HA23: New Entants Year 28 Accounting Rule | HB23: Actuarial Value of Annuity Income for New Entrants Year 28 | HC23: Entrants Year 29 | HD23: New Entrants Year 29 Annuity | HE23: Accounting Using Inverse of ex | HF23: Remaining Fund | HG23: Investment Return | HH23: New Entants Year 29 Accounting Rule | HI23: Actuarial Value of Annuity Income for New Entrants Year 29 | HJ23: Entrants Year 30 | HK23: New Entrants Year 30 Annuity | HL23: Accounting Using Inverse of ex | HM23: Remaining Fund | HN23: Investment Return | HO23: New Entants Year 30 Accounting Rule | HP23: Actuarial Value of Annuity Income for New Entrants Year 30 | HQ23: Entrants Year 31 | HR23: New Entrants Year 31 Annuity | HS23: Accounting Using Inverse of ex | HT23: Remaining Fund | HU23: Investment Return | HV23: New Entants Year 31 Accounting Rule | HW23: Actuarial Value of Annuity Income for New Entrants Year 31 | HX23: Entrants Year 32 | HY23: New Entrants Year 32 Annuity | HZ23: Accounting Using Inverse of ex | IA23: Remaining Fund | IB23: Investment Return | IC23: New Entants Year 32 Accounting Rule | ID23: Actuarial Value of Annuity Income for New Entrants Year 32 | IE23: Entrants Year 33 | IF23: New Entrants Year 33 Annuity | IG23: Accounting Using Inverse of ex | IH23: Remaining Fund | II23: Investment Return | IJ23: New Entants Year 33 Accounting Rule | IK23: Actuarial Value of Annuity Income for New Entrants Year 33 | IL23: Entrants Year 34 | IM23: New Entrants Year 34 Annuity | IN23: Accounting Using Inverse of ex | IO23: Remaining Fund | IP23: Investment Return | IQ23: New Entants Year 34 Accounting Rule | IR23: Actuarial Value of Annuity Income for New Entrants Year 34 | IS23: Entrants Year 35 | IT23: New Entrants Year 35 Annuity | IU23: Accounting Using Inverse of ex | IV23: Remaining Fund | IW23: Investment Return | IX23: New Entants Year 35 Accounting Rule | IY23: Actuarial Value of Annuity Income for New Entrants Year 35 | IZ23: Entrants Year 36 | JA23: New Entrants Year 36 Annuity | JB23: Accounting Using Inverse of ex | JC23: Remaining Fund | JD23: Investment Return | JE23: New Entants Year 36 Accounting Rule | JF23: Actuarial Value of Annuity Income for New Entrants Year 36 | JG23: Entrants Year 37 | JH23: New Entrants Year 37 Annuity | JI23: Accounting Using Inverse of ex | JJ23: Remaining Fund | JK23: Investment Return | JL23: New Entants Year 37 Accounting Rule | JM23: Actuarial Value of Annuity Income for New Entrants Year 37 | JN23: Entrants Year 38 | JO23: New Entrants Year 38 Annuity | JP23: Accounting Using Inverse of ex | JQ23: Remaining Fund | JR23: Investment Return | JS23: New Entants Year 38 Accounting Rule | JT23: Actuarial Value of Annuity Income for New Entrants Year 38 | JU23: Entrants Year 39 | JV23: New Entrants Year 39 Annuity | JW23: Accounting Using Inverse of ex | JX23: Remaining Fund | JY23: Investment Return | JZ23: New Entants Year 39 Accounting Rule | KA23: Actuarial Value of Annuity Income for New Entrants Year 39 | KB23: Entrants Year 40 | KC23: New Entrants Year 40 Annuity | KD23: Accounting Using Inverse of ex | KE23: Remaining Fund | KF23: Investment Return | KG23: New Entants Year 40 Accounting Rule | KH23: Actuarial Value of Annuity Income for New Entrants Year 40 | KI23: Entrants Year 41 | KJ23: New Entrants Year 41 Annuity | KK23: Accounting Using Inverse of ex | KL23: Remaining Fund | KM23: Investment Return | KN23: New Entants Year 41 Accounting Rule | KO23: Actuarial Value of Annuity Income for New Entrants Year 41 | KP23: Entrants Year 42 | KQ23: New Entrants Year 42 Annuity | KR23: Accounting Using Inverse of ex | KS23: Remaining Fund | KT23: Investment Return | KU23: New Entants Year 42 Accounting Rule | KV23: Actuarial Value of Annuity Income for New Entrants Year 42 | KW23: Entrants Year 43 | KX23: New Entrants Year 43 Annuity | KY23: Accounting Using Inverse of ex | KZ23: Remaining Fund | LA23: Investment Return | LB23: New Entants Year 43 Accounting Rule | LC23: Actuarial Value of Annuity Income for New Entrants Year 43 | LD23: Entrants Year 44 | LE23: New Entrants Year 44 Annuity | LF23: Accounting Using Inverse of ex | LG23: Remaining Fund | LH23: Investment Return | LI23: New Entants Year 44 Accounting Rule | LJ23: Actuarial Value of Annuity Income for New Entrants Year 44 | LK23: Entrants Year 45 | LL23: New Entrants Year 45 Annuity | LM23: Accounting Using Inverse of ex | LN23: Remaining Fund | LO23: Investment Return | LP23: New Entants Year 45 Accounting Rule | LQ23: Actuarial Value of Annuity Income for New Entrants Year 45 | LR23: Entrants Year 46 | LS23: New Entrants Year 46 Annuity | LT23: Accounting Using Inverse of ex | LU23: Remaining Fund | LV23: Investment Return | LW23: New Entants Year 46 Accounting Rule | LX23: Actuarial Value of Annuity Income for New Entrants Year 46 | LY23: Entrants Year 47 | LZ23: New Entrants Year 47 Annuity | MA23: Accounting Using Inverse of ex | MB23: Remaining Fund | MC23: Investment Return | MD23: New Entants Year 47 Accounting Rule | ME23: Actuarial Value of Annuity Income for New Entrants Year 47 | MF23: Entrants Year 48 | MG23: New Entrants Year 48 Annuity | MH23: Accounting Using Inverse of ex | MI23: Remaining Fund | MJ23: Investment Return | MK23: New Entants Year 48 Accounting Rule | ML23: Actuarial Value of Annuity Income for New Entrants Year 48 | MM23: Entrants Year 49 | MN23: New Entrants Year 49 Annuity | MO23: Accounting Using Inverse of ex | MP23: Remaining Fund | MQ23: Investment Return | MR23: New Entants Year 49 Accounting Rule | MS23: Actuarial Value of Annuity Income for New Entrants Year 49 | MT23: Entrants Year 50 | MU23: New Entrants Year 50 Annuity | MV23: Accounting Using Inverse of ex | MW23: Remaining Fund | MX23: Investment Return | MY23: New Entants Year 50 Accounting Rule | MZ23: Actuarial Value of Annuity Income for New Entrants Year 50 | NC23: Year of Operation | ND23: Total Residents | NE23: Annuity Income | NF23: Income by Accounting Rule | NH23: Total BOY Actuarial Fund | NI23: Total BOY Accounting Fund
A24: ='CCRC F'!A24 -> 62 | B24: ='CCRC F'!B24 -> 0.0135 | D24: 10000 | E24: =D24*B24 -> 135 | F24: =F25+D24 -> 214737.98 | G24: =F24/D24 -> 21.473798 | I24: =D24*($C$20^A24) -> 1599.8972 | J24: =J25+I24 -> 24458.881 | K24: =J24/I24 -> 15.287783
A25: ='CCRC F'!A25 -> 63 | B25: ='CCRC F'!B25 -> 0.0146 | D25: =D24-E24 -> 9865 | E25: =D25*B25 -> 144.029 | F25: =F26+D25 -> 204737.98 | G25: =F25/D25 -> 20.753976 | I25: =D25*($C$20^A25) -> 1532.3287 | J25: =J26+I25 -> 22858.983 | K25: =J25/I25 -> 14.917807
A26: ='CCRC F'!A26 -> 64 | B26: ='CCRC F'!B26 -> 0.0157 | D26: =D25-E25 -> 9720.971 | E26: =D26*B26 -> 152.61924 | F26: =F27+D26 -> 194872.98 | G26: =F26/D26 -> 20.046658 | I26: =D26*($C$20^A26) -> 1465.9774 | J26: =J27+I26 -> 21326.655 | K26: =J26/I26 -> 14.547738
A27: ='CCRC F'!A27 -> 65 | B27: ='CCRC F'!B27 -> 0.0169 | D27: =D26-E26 -> 9568.3518 | E27: =D27*B27 -> 161.70514 | F27: =F28+D27 -> 185152.01 | G27: =F27/D27 -> 19.35046 | I27: =D27*($C$20^A27) -> 1400.9335 | J27: =J28+I27 -> 19860.677 | K27: =J27/I27 -> 14.176745
A28: ='CCRC F'!A28 -> 66 | B28: ='CCRC F'!B28 -> 0.0182 | D28: =D27-E27 -> 9406.6466 | E28: =D28*B28 -> 171.20097 | F28: =F29+D28 -> 175583.65 | G28: =F28/D28 -> 18.665914 | I28: =D28*($C$20^A28) -> 1337.1434 | J28: =J29+I28 -> 18459.744 | K28: =J28/I28 -> 13.805358
A29: ='CCRC F'!A29 -> 67 | B29: ='CCRC F'!B29 -> 0.0196 | D29: =D28-E28 -> 9235.4456 | E29: =D29*B29 -> 181.01473 | F29: =F30+D29 -> 166177.01 | G29: =F29/D29 -> 17.993394 | I29: =D29*($C$20^A29) -> 1274.5703 | J29: =J30+I29 -> 17122.6 | K29: =J29/I29 -> 13.434018
A30: ='CCRC F'!A30 -> 68 | B30: ='CCRC F'!B30 -> 0.021 | D30: =D29-E29 -> 9054.4309 | E30: =D30*B30 -> 190.14305 | F30: =F31+D30 -> 156941.56 | G30: =F30/D30 -> 17.333123 | I30: =D30*($C$20^A30) -> 1213.193 | J30: =J31+I30 -> 15848.03 | K30: =J30/I30 -> 13.063075
A31: ='CCRC F'!A31 -> 69 | B31: ='CCRC F'!B31 -> 0.0231 | D31: =D30-E30 -> 8864.2879 | E31: =D31*B31 -> 204.76505 | F31: =F32+D31 -> 147887.13 | G31: =F31/D31 -> 16.683476 | I31: =D31*($C$20^A31) -> 1153.1222 | J31: =J32+I31 -> 14634.837 | K31: =J31/I31 -> 12.691488
A32: ='CCRC F'!A32 -> 70 | B32: ='CCRC F'!B32 -> 0.0267 | D32: =D31-E31 -> 8659.5228 | E32: =D32*B32 -> 231.20926 | F32: =F33+D32 -> 139022.84 | G32: =F32/D32 -> 16.054331 | I32: =D32*($C$20^A32) -> 1093.6749 | J32: =J33+I32 -> 13481.715 | K32: =J32/I32 -> 12.326986
A33: ='CCRC F'!A33 -> 71 | B33: ='CCRC F'!B33 -> 0.027 | D33: =D32-E32 -> 8428.3136 | E33: =D33*B33 -> 227.56447 | F33: =F34+D33 -> 130363.32 | G33: =F33/D33 -> 15.467308 | I33: =D33*($C$20^A33) -> 1033.4697 | J33: =J34+I33 -> 12388.04 | K33: =J33/I33 -> 11.986844
A34: ='CCRC F'!A34 -> 72 | B34: ='CCRC F'!B34 -> 0.0276 | D34: =D33-E33 -> 8200.7491 | E34: =D34*B34 -> 226.34067 | F34: =F35+D34 -> 121935.01 | G34: =F34/D34 -> 14.868765 | I34: =D34*($C$20^A34) -> 976.27765 | J34: =J35+I34 -> 11354.57 | K34: =J34/I34 -> 11.630473
A35: ='CCRC F'!A35 -> 73 | B35: ='CCRC F'!B35 -> 0.0312 | D35: =D34-E34 -> 7974.4084 | E35: =D35*B35 -> 248.80154 | F35: =F36+D35 -> 113734.26 | G35: =F35/D35 -> 14.262407 | I35: =D35*($C$20^A35) -> 921.68193 | J35: =J36+I35 -> 10378.293 | K35: =J35/I35 -> 11.260167
A36: ='CCRC F'!A36 -> 74 | B36: ='CCRC F'!B36 -> 0.0319 | D36: =D35-E35 -> 7725.6069 | E36: =D36*B36 -> 246.44686 | F36: =F37+D36 -> 105759.85 | G36: =F36/D36 -> 13.68952 | I36: =D36*($C$20^A36) -> 866.91791 | J36: =J37+I36 -> 9456.6108 | K36: =J36/I36 -> 10.908312
... A39: ='CCRC F'!A39 -> 77 | B39: ='CCRC F'!B39 -> 0.0341 | D39: =D38-E38 -> 7005.2568 | E39: =D39*B39 -> 238.87926 | F39: =F40+D39 -> 83316.752 | G39: =F39/D39 -> 11.893461 | I39: =D39*($C$20^A39) -> 719.379 | J39: =J40+I39 -> 7009.2611 | K39: =J39/I39 -> 9.7434885
A40: ='CCRC F'!A40 -> 78 | B40: ='CCRC F'!B40 -> 0.0379 | D40: =D39-E39 -> 6766.3775 | E40: =D40*B40 -> 256.44571 | F40: =F41+D40 -> 76311.495 | G40: =F40/D40 -> 11.278043 | I40: =D40*($C$20^A40) -> 674.60988 | J40: =J41+I40 -> 6289.8821 | K40: =J40/I40 -> 9.3237325 | W40: =$V$48*$B$21*$K$47 -> 4532121.3
A41: ='CCRC F'!A41 -> 79 | B41: ='CCRC F'!B41 -> 0.0431 | D41: =D40-E40 -> 6509.9318 | E41: =D41*B41 -> 280.57806 | F41: =F42+D41 -> 69545.118 | G41: =F41/D41 -> 10.682926 | I41: =D41*($C$20^A41) -> 630.13803 | J41: =J42+I41 -> 5615.2722 | K41: =J41/I41 -> 8.9111781
A42: ='CCRC F'!A42 -> 80 | B42: ='CCRC F'!B42 -> 0.0461 | D42: =D41-E41 -> 6229.3538 | E42: =D42*B42 -> 287.17321 | F42: =F43+D42 -> 63035.186 | G42: =F42/D42 -> 10.119057 | I42: =D42*($C$20^A42) -> 585.41658 | J42: =J43+I42 -> 4985.1342 | K42: =J42/I42 -> 8.5155329
A43: ='CCRC F'!A43 -> 81 | B43: ='CCRC F'!B43 -> 0.049 | D43: =D42-E42 -> 5942.1806 | E43: =D43*B43 -> 291.16685 | F43: =F44+D43 -> 56805.832 | G43: =F43/D43 -> 9.559762 | I43: =D43*($C$20^A43) -> 542.16396 | J43: =J44+I43 -> 4399.7176 | K43: =J43/I43 -> 8.1151053
A44: ='CCRC F'!A44 -> 82 | B44: ='CCRC F'!B44 -> 0.0534 | D44: =D43-E43 -> 5651.0137 | E44: =D44*B44 -> 301.76413 | F44: =F45+D44 -> 50863.651 | G44: =F44/D44 -> 9.0008013 | I44: =D44*($C$20^A44) -> 500.58051 | J44: =J45+I44 -> 3857.5536 | K44: =J44/I44 -> 7.7061603
A45: ='CCRC F'!A45 -> 83 | B45: ='CCRC F'!B45 -> 0.0612 | D45: =D44-E44 -> 5349.2496 | E45: =D45*B45 -> 327.37407 | F45: =F46+D45 -> 45212.638 | G45: =F45/D45 -> 8.4521459 | I45: =D45*($C$20^A45) -> 460.04807 | J45: =J46+I45 -> 3356.9731 | K45: =J45/I45 -> 7.2970051 | W45: Assumed Entrance Fees | AD45: Assumed Entrance Fees | AK45: Assumed Entrance Fees | AR45: Assumed Entrance Fees | AY45: Assumed Entrance Fees | BF45: Assumed Entrance Fees | BM45: Assumed Entrance Fees | BT45: Assumed Entrance Fees | CA45: Assumed Entrance Fees | CH45: Assumed Entrance Fees | CO45: Assumed Entrance Fees | CV45: Assumed Entrance Fees | DC45: Assumed Entrance Fees | DJ45: Assumed Entrance Fees | DQ45: Assumed Entrance Fees | DX45: Assumed Entrance Fees | EE45: Assumed Entrance Fees | EL45: Assumed Entrance Fees | ES45: Assumed Entrance Fees | EZ45: Assumed Entrance Fees | FG45: Assumed Entrance Fees | FN45: Assumed Entrance Fees | FU45: Assumed Entrance Fees | GB45: Assumed Entrance Fees | GI45: Assumed Entrance Fees | GP45: Assumed Entrance Fees | GW45: Assumed Entrance Fees | HD45: Assumed Entrance Fees | HK45: Assumed Entrance Fees | HR45: Assumed Entrance Fees | HY45: Assumed Entrance Fees | IF45: Assumed Entrance Fees | IM45: Assumed Entrance Fees | IT45: Assumed Entrance Fees | JA45: Assumed Entrance Fees | JH45: Assumed Entrance Fees | JO45: Assumed Entrance Fees | JV45: Assumed Entrance Fees | KC45: Assumed Entrance Fees | KJ45: Assumed Entrance Fees | KQ45: Assumed Entrance Fees | KX45: Assumed Entrance Fees | LE45: Assumed Entrance Fees | LL45: Assumed Entrance Fees | LS45: Assumed Entrance Fees | LZ45: Assumed Entrance Fees | MG45: Assumed Entrance Fees | MN45: Assumed Entrance Fees | MU45: Assumed Entrance Fees
A46: ='CCRC F'!A46 -> 84 | B46: ='CCRC F'!B46 -> 0.0694 | D46: =D45-E45 -> 5021.8755 | E46: =D46*B46 -> 348.51816 | F46: =F47+D46 -> 39863.388 | G46: =F46/D46 -> 7.9379483 | I46: =D46*($C$20^A46) -> 419.31371 | J46: =J47+I46 -> 2896.925 | K46: =J46/I46 -> 6.9087295 | W46: =23.1*$B$21*$K$47 -> 4532121.3 | AD46: =21.952254964539*$B$21*$K$47 -> 4306938.6 | AK46: =21.4823457383946*$B$21*$K$47 -> 4214744.4 | AR46: =24.010167028971*$B$21*$K$47 -> 4710692.2 | AY46: =28.2634310511151*$B$21*$K$47 -> 5545164.4 | BF46: =31.6869646340661*$B$21*$K$47 -> 6216847 | BM46: =34.5844339319149*$B$21*$K$47 -> 6785318.1 | BT46: =37.3022394158867*$B$21*$K$47 -> 7318540 | CA46: =39.9504176656005*$B$21*$K$47 -> 7838101.2 | CH46: =41.7746428141089*$B$21*$K$47 -> 8196006.4 | CO46: =42.949263111447*$B$21*$K$47 -> 8426461.9 | CV46: =43.7738532938291*$B$21*$K$47 -> 8588242.9 | DC46: =44.3875594538919*$B$21*$K$47 -> 8708649.5 | DJ46: =44.8425298296125*$B$21*$K$47 -> 8797912.7 | DQ46: =45.1545057106147*$B$21*$K$47 -> 8859121 | DX46: =45.4065772963928*$B$21*$K$47 -> 8908576.4 | EE46: =45.5642435874128*$B$21*$K$47 -> 8939509.9 | EL46: =45.6403404679599*$B$21*$K$47 -> 8954439.8 | ES46: =45.6659475929516*$B$21*$K$47 -> 8959463.8 | EZ46: =45.6701598303735*$B$21*$K$47 -> 8960290.2 | FG46: =45.671226366907*$B$21*$K$47 -> 8960499.4 | FN46: =45.6742738328373*$B$21*$K$47 -> 8961097.3 | FU46: =45.6787704331977*$B$21*$K$47 -> 8961979.5 | GB46: =45.6820457428738*$B$21*$K$47 -> 8962622.1 | GI46: =45.6793632397417*$B$21*$K$47 -> 8962095.9 | GP46: =45.7266299003828*$B$21*$K$47 -> 8971369.4 | GW46: =45.6532821877386*$B$21*$K$47 -> 8956978.9 | HD46: =45.6708747910176*$B$21*$K$47 -> 8960430.5 | HK46: =45.6792384610052*$B$21*$K$47 -> 8962071.4 | HR46: =45.6825900747024*$B$21*$K$47 -> 8962728.9 | HY46: =45.6829460182034*$B$21*$K$47 -> 8962798.8 | IF46: =45.6820245657357*$B$21*$K$47 -> 8962618 | IM46: =45.6807977652424*$B$21*$K$47 -> 8962377.3 | IT46: =45.6798393658161*$B$21*$K$47 -> 8962189.3 | JA46: =45.6796033488727*$B$21*$K$47 -> 8962143 | JH46: =45.6799707400131*$B$21*$K$47 -> 8962215 | JO46: =45.6804633766232*$B$21*$K$47 -> 8962311.7 | JV46: =45.6807143711949*$B$21*$K$47 -> 8962360.9 | KC46: =45.6806789905632*$B$21*$K$47 -> 8962354 | KJ46: =45.6805100901894*$B$21*$K$47 -> 8962320.9 | KQ46: =45.6803718404715*$B$21*$K$47 -> 8962293.7 | KX46: =45.6803331920571*$B$21*$K$47 -> 8962286.2 | LE46: =45.6803709001621*$B$21*$K$47 -> 8962293.6 | LL46: =45.6804271658062*$B$21*$K$47 -> 8962304.6 | LS46: =45.6804600892775*$B$21*$K$47 -> 8962311 | LZ46: =45.6804608904251*$B$21*$K$47 -> 8962311.2 | MG46: =45.680443802426*$B$21*$K$47 -> 8962307.9 | MN46: =45.6804271544887*$B$21*$K$47 -> 8962304.6 | MU46: =45.6804206513156*$B$21*$K$47 -> 8962303.3
A47: ='CCRC F'!A47 -> 85 | B47: ='CCRC F'!B47 -> 0.077 | D47: =D46-E46 -> 4673.3573 | E47: =D47*B47 -> 359.84852 | F47: =F48+D47 -> 34841.513 | G47: =F47/D47 -> 7.4553496 | I47: =D47*($C$20^A47) -> 378.84791 | J47: =J48+I47 -> 2477.6113 | K47: =J47/I47 -> 6.5398575 | M47: 1 | N47: =$B$18 -> 300 | O47: =$B$18*$B$21*$K$47 -> 58858718 | P47: =$B$18*$B$21*$D$47/$D$47 -> 9000000 | Q47: =$O$47/$G$47 -> 7894830.1 | R47: =$O$47-$Q$47 -> 50963888 | S47: =$B$20*$R$47 -> 1528916.6 | T47: =Q47+S47 -> 9423746.7 | U47: =P47*(K47-1) -> 49858718 | NC47: 1 | ND47: =N47 -> 300 | NE47: =P47 -> 9000000 | NF47: =T47 -> 9423746.7 | NH47: =U47 -> 49858718 | NI47: =R47 -> 50963888
A48: ='CCRC F'!A48 -> 86 | B48: ='CCRC F'!B48 -> 0.0855 | D48: =D47-E47 -> 4313.5088 | E48: =D48*B48 -> 368.805 | F48: =F49+D48 -> 30168.155 | G48: =F48/D48 -> 6.9938782 | I48: =D48*($C$20^A48) -> 339.49186 | J48: =J49+I48 -> 2098.7634 | K48: =J48/I48 -> 6.1820729 | M48: 2 | N48: =$B$18*$D$48/$D$47 -> 276.9 | O48: =$B$18*$B$21*$K$48 -> 55638656 | P48: =$B$18*$B$21*$D$48/$D$47 -> 8307000 | Q48: =R47/$G$48 -> 7286928.2 | R48: =R47-$Q$48 -> 43676960 | S48: =$B$20*$R$48 -> 1310308.8 | T48: =Q48+S48 -> 8597236.9 | U48: =P48*(K48-1) -> 43047479 | V48: =($N47-$N48) -> 23.1 | W48: =V48*$B$21 -> 693000 | X48: =W$46/$G47 -> 607901.92 | Y48: =W$46-X48 -> 3924219.4 | Z48: =$B$20*Y48 -> 117726.58 | AA48: =X48+Z48 -> 725628.5 | AB48: =W48*(VLOOKUP(85,$A$24:$K$72,11,FALSE)-1) -> 3839121.3 | NC48: 2 | ND48: =N48+V48 -> 300 | NE48: =P48+W48 -> 9000000 | NF48: =T48+AA48 -> 9322865.4 | NH48: =U48+AB48 -> 46886601 | NI48: =R48+Y48 -> 47601179
A49: ='CCRC F'!A49 -> 87 | B49: ='CCRC F'!B49 -> 0.0913 | D49: =D48-E48 -> 3944.7038 | E49: =D49*B49 -> 360.15146 | F49: =F50+D49 -> 25854.646 | G49: =F49/D49 -> 6.5542681 | I49: =D49*($C$20^A49) -> 301.42263 | J49: =J50+I49 -> 1759.2716 | K49: =J49/I49 -> 5.836561 | M49: 3 | N49: =$B$18*$D$49/$D$47 -> 253.22505 | O49: =$B$18*$B$21*$K$49 -> 52529049 | P49: =$B$18*$B$21*$D$49/$D$47 -> 7596751.5 | Q49: =R48/$G$49 -> 6663895.8 | R49: =R48-$Q$49 -> 37013064 | S49: =$B$20*$R$49 -> 1110391.9 | T49: =Q49+S49 -> 7774287.7 | U49: =P49*(K49-1) -> 36742152 | V49: =V$48*$D$46/$D$47 -> 24.822695 | W49: =V49*$B$21 -> 744680.85 | X49: =Y48/$G48 -> 561093.47 | Y49: =Y48-X49 -> 3363125.9 | Z49: =$B$20*Y49 -> 100893.78 | AA49: =X49+Z49 -> 661987.24 | AB49: =W49*(VLOOKUP(86,$A$24:$K$72,11,FALSE)-1) -> 3858990.4 | AC49: =($N48-$N49)+(V48-V49) -> 21.952255 | AD49: =AC49*$B$21 -> 658567.65 | AE49: =AD$46/$G47 -> 577697.74 | AF49: =AD$46-AE49 -> 3729240.9 | AG49: =$B$20*AF49 -> 111877.23 | AH49: =AE49+AG49 -> 689574.97 | AI49: =AD49*(VLOOKUP(85,$A$24:$K$72,11,FALSE)-1) -> 3648371 | NC49: 3 | ND49: =N49+V49+AC49 -> 300 | NE49: =P49+W49+AD49 -> 9000000 | NF49: =T49+AA49+AH49 -> 9125849.9 | NH49: =U49+AB49+AI49 -> 44249514 | NI49: =R49+Y49+AF49 -> 44105431
A50: ='CCRC F'!A50 -> 88 | B50: ='CCRC F'!B50 -> 0.103 | D50: =D49-E49 -> 3584.5524 | E50: =D50*B50 -> 369.20889 | F50: =F51+D50 -> 21909.943 | G50: =F50/D50 -> 6.1123232 | I50: =D50*($C$20^A50) -> 265.92499 | J50: =J51+I50 -> 1457.8489 | K50: =J50/I50 -> 5.482181 | M50: 4 | N50: =$B$18*$D$50/$D$47 -> 230.1056 | O50: =$B$18*$B$21*$K$50 -> 49339629 | P50: =$B$18*$B$21*$D$50/$D$47 -> 6903168.1 | Q50: =R49/$G$50 -> 6055482.1 | R50: =R49-$Q$50 -> 30957582 | S50: =$B$20*$R$50 -> 928727.45 | T50: =Q50+S50 -> 6984209.6 | U50: =P50*(K50-1) -> 30941249 | V50: =V$49*$D$47/$D$47 -> 24.822695 | W50: =V50*$B$21 -> 744680.85 | X50: =Y49/$G49 -> 513119.98 | Y50: =Y49-X50 -> 2850005.9 | Z50: =$B$20*Y50 -> 85500.178 | AA50: =X50+Z50 -> 598620.15 | AB50: =W50*(VLOOKUP(87,$A$24:$K$72,11,FALSE)-1) -> 3601694.4 | AC50: =AC$49*$D$46/$D$47 -> 23.589356 | AD50: =AC50*$B$21 -> 707680.69 | AE50: =AF49/$G48 -> 533215.02 | AF50: =AF49-AE50 -> 3196025.9 | AG50: =$B$20*AF50 -> 95880.776 | AH50: =AE50+AG50 -> 629095.79 | AI50: =AD50*(VLOOKUP(86,$A$24:$K$72,11,FALSE)-1) -> 3667252.9 | AJ50: =($N49-$N50)+(AC49-AC50)+(V49-V50) -> 21.482346 | AK50: =AJ50*$B$21 -> 644470.37 | AL50: =AK$46/$G47 -> 565331.56 | AM50: =AK$46-AL50 -> 3649412.9 | AN50: =$B$20*AM50 -> 109482.39 | AO50: =AL50+AN50 -> 674813.95 | AP50: =AK50*(VLOOKUP(85,$A$24:$K$72,11,FALSE)-1) -> 3570274.1 | NC50: 4 | ND50: =N50+V50+AC50+AJ50 -> 300 | NE50: =P50+W50+AD50+AK50 -> 9000000 | NF50: =T50+AA50+AH50+AO50 -> 8886739.5 | NH50: =U50+AB50+AI50+AP50 -> 41780470 | NI50: =R50+Y50+AF50+AM50 -> 40653026
A51: ='CCRC F'!A51 -> 89 | B51: ='CCRC F'!B51 -> 0.1195 | D51: =D50-E50 -> 3215.3435 | E51: =D51*B51 -> 384.23354 | F51: =F52+D51 -> 18325.39 | G51: =F51/D51 -> 5.699357 | I51: =D51*($C$20^A51) -> 231.5871 | J51: =J52+I51 -> 1191.9239 | K51: =J51/I51 -> 5.146763 | M51: 5 | N51: =$B$18*$D$51/$D$47 -> 206.40473 | O51: =$B$18*$B$21*$K$51 -> 46320867 | P51: =$B$18*$B$21*$D$51/$D$47 -> 6192141.8 | Q51: =R50/$G$51 -> 5431767.5 | R51: =R50-$Q$51 -> 25525814 | S51: =$B$20*$R$51 -> 765774.43 | T51: =Q51+S51 -> 6197541.9 | U51: =P51*(K51-1) -> 25677345 | V51: =V$50*$D$48/$D$47 -> 22.911348 | W51: =V51*$B$21 -> 687340.43 | X51: =Y50/$G50 -> 466272.12 | Y51: =Y50-X51 -> 2383733.8 | Z51: =$B$20*Y51 -> 71512.014 | AA51: =X51+Z51 -> 537784.14 | AB51: =W51*(VLOOKUP(88,$A$24:$K$72,11,FALSE)-1) -> 3080784.2 | AC51: =AC$50*$D$47/$D$47 -> 23.589356 | AD51: =AC51*$B$21 -> 707680.69 | AE51: =AF50/$G49 -> 487625.13 | AF51: =AF50-AE51 -> 2708400.7 | AG51: =$B$20*AF51 -> 81252.022 | AH51: =AE51+AG51 -> 568877.15 | AI51: =AD51*(VLOOKUP(87,$A$24:$K$72,11,FALSE)-1) -> 3422740.8 | AJ51: =AJ$50*$D$46/$D$47 -> 23.084403 | AK51: =AJ51*$B$21 -> 692532.1 | AL51: =AM50/$G48 -> 521801.03 | AM51: =AM50-AL51 -> 3127611.8 | AN51: =$B$20*AM51 -> 93828.355 | AO51: =AL51+AN51 -> 615629.39 | AP51: =AK51*(VLOOKUP(86,$A$24:$K$72,11,FALSE)-1) -> 3588751.8 | AQ51: =($N50-$N51)+(AJ50-AJ51)+(AC50-AC51)+(V50-V51) -> 24.010167 | AR51: =AQ51*$B$21 -> 720305.01 | AS51: =AR$46/$G47 -> 631853.96 | AT51: =AR$46-AS51 -> 4078838.2 | AU51: =$B$20*AT51 -> 122365.15 | AV51: =AS51+AU51 -> 754219.11 | AW51: =AR51*(VLOOKUP(85,$A$24:$K$72,11,FALSE)-1) -> 3990387.1 | NC51: 5 | ND51: =N51+V51+AC51+AJ51+AQ51 -> 300 | NE51: =P51+W51+AD51+AK51+AR51 -> 9000000 | NF51: =T51+AA51+AH51+AO51+AV51 -> 8674051.7 | NH51: =U51+AB51+AI51+AP51+AW51 -> 39760009 | NI51: =R51+Y51+AF51+AM51+AT51 -> 37824399
A52: ='CCRC F'!A52 -> 90 | B52: ='CCRC F'!B52 -> 0.1327 | D52: =D51-E51 -> 2831.1099 | E52: =D52*B52 -> 375.68829 | F52: =F53+D52 -> 15110.047 | G52: =F52/D52 -> 5.3371459 | I52: =D52*($C$20^A52) -> 197.97325 | J52: =J53+I52 -> 960.33684 | K52: =J52/I52 -> 4.8508415 | M52: 6 | N52: =$B$18*$D$52/$D$47 -> 181.73936 | O52: =$B$18*$B$21*$K$52 -> 43657573 | P52: =$B$18*$B$21*$D$52/$D$47 -> 5452180.8 | Q52: =R51/$G$52 -> 4782671.2 | R52: =R51-$Q$52 -> 20743143 | S52: =$B$20*$R$52 -> 622294.29 | T52: =Q52+S52 -> 5404965.5 | U52: =P52*(K52-1) -> 20995484 | V52: =V$51*$D$49/$D$47 -> 19.33909 | W52: =V52*$B$21 -> 580172.71 | X52: =Y51/$G51 -> 418246.09 | Y52: =Y51-X52 -> 1965487.7 | Z52: =$B$20*Y52 -> 58964.631 | AA52: =X52+Z52 -> 477210.72 | AB52: =W52*(VLOOKUP(89,$A$24:$K$72,11,FALSE)-1) -> 2405838.7 | AC52: =AC$51*$D$48/$D$47 -> 21.772976 | AD52: =AC52*$B$21 -> 653189.28 | AE52: =AF51/$G50 -> 443104.96 | AF52: =AF51-AE52 -> 2265295.8 | AG52: =$B$20*AF52 -> 67958.873 | AH52: =AE52+AG52 -> 511063.83 | AI52: =AD52*(VLOOKUP(88,$A$24:$K$72,11,FALSE)-1) -> 2927712.6 | AJ52: =AJ$51*$D$47/$D$47 -> 23.084403 | AK52: =AJ52*$B$21 -> 692532.1 | AL52: =AM51/$G49 -> 477187.04 | AM52: =AM51-AL52 -> 2650424.8 | AN52: =$B$20*AM52 -> 79512.744 | AO52: =AL52+AN52 -> 556699.79 | AP52: =AK52*(VLOOKUP(87,$A$24:$K$72,11,FALSE)-1) -> 3349473.8 | AQ52: =AQ$51*$D$46/$D$47 -> 25.800738 | AR52: =AQ52*$B$21 -> 774022.15 | AS52: =AT51/$G48 -> 583201.21 | AT52: =AT51-AS52 -> 3495637 | AU52: =$B$20*AT52 -> 104869.11 | AV52: =AS52+AU52 -> 688070.32 | AW52: =AR52*(VLOOKUP(86,$A$24:$K$72,11,FALSE)-1) -> 4011039.2 | AX52: =($N51-$N52)+(AQ51-AQ52)+(AJ51-AJ52)+(AC51-AC52)+(V51-V52) -> 28.263431 | AY52: =AX52*$B$21 -> 847902.93 | AZ52: =AY$46/$G47 -> 743783.28 | BA52: =AY$46-AZ52 -> 4801381.1 | BB52: =$B$20*BA52 -> 144041.43 | BC52: =AZ52+BB52 -> 887824.72 | BD52: =AY52*(VLOOKUP(85,$A$24:$K$72,11,FALSE)-1) -> 4697261.5 | NC52: 6 | ND52: =N52+V52+AC52+AJ52+AQ52+AX52 -> 300 | NE52: =P52+W52+AD52+AK52+AR52+AY52 -> 9000000 | NF52: =T52+AA52+AH52+AO52+AV52+BC52 -> 8525834.9 | NH52: =U52+AB52+AI52+AP52+AW52+BD52 -> 38386810 | NI52: =R52+Y52+AF52+AM52+AT52+BA52 -> 35921369
A53: ='CCRC F'!A53 -> 91 | B53: ='CCRC F'!B53 -> 0.1442 | D53: =D52-E52 -> 2455.4216 | E53: =D53*B53 -> 354.0718 | F53: =F54+D53 -> 12278.937 | G53: =F53/D53 -> 5.0007448 | I53: =D53*($C$20^A53) -> 166.70116 | J53: =J54+I53 -> 762.36359 | K53: =J53/I53 -> 4.573235 | M53: 7 | N53: =$B$18*$D$53/$D$47 -> 157.62255 | O53: =$B$18*$B$21*$K$53 -> 41159115 | P53: =$B$18*$B$21*$D$53/$D$47 -> 4728676.4 | Q53: =R52/$G$53 -> 4148010.8 | R53: =R52-$Q$53 -> 16595132 | S53: =$B$20*$R$53 -> 497853.97 | T53: =Q53+S53 -> 4645864.7 | U53: =P53*(K53-1) -> 16896672 | V53: =V$52*$D$50/$D$47 -> 14.833444 | W53: =V53*$B$21 -> 445003.31 | X53: =Y52/$G52 -> 368265.69 | Y53: =Y52-X53 -> 1597222 | Z53: =$B$20*Y53 -> 47916.661 | AA53: =X53+Z53 -> 416182.35 | AB53: =W53*(VLOOKUP(90,$A$24:$K$72,11,FALSE)-1) -> 1713637.2 | AC53: =AC$52*$D$49/$D$47 -> 18.37821 | AD53: =AC53*$B$21 -> 551346.29 | AE53: =AF52/$G51 -> 397465.15 | AF53: =AF52-AE53 -> 1867830.6 | AG53: =$B$20*AF53 -> 56034.918 | AH53: =AE53+AG53 -> 453500.07 | AI53: =AD53*(VLOOKUP(89,$A$24:$K$72,11,FALSE)-1) -> 2286302.4 | AJ53: =AJ$52*$D$48/$D$47 -> 21.306904 | AK53: =AJ53*$B$21 -> 639207.13 | AL53: =AM52/$G50 -> 433619.87 | AM53: =AM52-AL53 -> 2216804.9 | AN53: =$B$20*AM53 -> 66504.148 | AO53: =AL53+AN53 -> 500124.02 | AP53: =AK53*(VLOOKUP(88,$A$24:$K$72,11,FALSE)-1) -> 2865042 | AQ53: =AQ$52*$D$47/$D$47 -> 25.800738 | AR53: =AQ53*$B$21 -> 774022.15 | AS53: =AT52/$G49 -> 533337.5 | AT53: =AT52-AS53 -> 2962299.5 | AU53: =$B$20*AT53 -> 88868.985 | AV53: =AS53+AU53 -> 622206.49 | AW53: =AR53*(VLOOKUP(87,$A$24:$K$72,11,FALSE)-1) -> 3743605.4 | AX53: =AX$52*$D$46/$D$47 -> 30.371192 | AY53: =AX53*$B$21 -> 911135.75 | AZ53: =BA52/$G48 -> 686511.97 | BA53: =BA52-AZ53 -> 4114869.1 | BB53: =$B$20*BA53 -> 123446.07 | BC53: =AZ53+BB53 -> 809958.05 | BD53: =AY53*(VLOOKUP(86,$A$24:$K$72,11,FALSE)-1) -> 4721571.9 | BE53: =($N52-$N53)+(AX52-AX53)+(AQ52-AQ53)+(AJ52-AJ53)+(AC52-AC53)+(V52-V53) -> 31.686965 | BF53: =BE53*$B$21 -> 950608.94 | BG53: =BF$46/$G47 -> 833877.34 | BH53: =BF$46-BG53 -> 5382969.7 | BI53: =$B$20*BH53 -> 161489.09 | BJ53: =BG53+BI53 -> 995366.43 | BK53: =BF53*(VLOOKUP(85,$A$24:$K$72,11,FALSE)-1) -> 5266238.1 | NC53: 7 | ND53: =N53+V53+AC53+AJ53+AQ53+AX53+BE53 -> 300 | NE53: =P53+W53+AD53+AK53+AR53+AY53+BF53 -> 9000000 | NF53: =T53+AA53+AH53+AO53+AV53+BC53+BJ53 -> 8443202.1 | NH53: =U53+AB53+AI53+AP53+AW53+BD53+BK53 -> 37493069 | NI53: =R53+Y53+AF53+AM53+AT53+BA53+BH53 -> 34737128
A54: ='CCRC F'!A54 -> 92 | B54: ='CCRC F'!B54 -> 0.1573 | D54: =D53-E53 -> 2101.3498 | E54: =D54*B54 -> 330.54233 | F54: =F55+D54 -> 9823.5153 | G54: =F54/D54 -> 4.6748595 | I54: =D54*($C$20^A54) -> 138.50763 | J54: =J55+I54 -> 595.66243 | K54: =J54/I54 -> 4.3005749 | M54: 8 | N54: =$B$18*$D$54/$D$47 -> 134.89338 | O54: =$B$18*$B$21*$K$54 -> 38705175 | P54: =$B$18*$B$21*$D$54/$D$47 -> 4046801.3 | Q54: =R53/$G$54 -> 3549867.6 | R54: =R53-$Q$54 -> 13045265 | S54: =$B$20*$R$54 -> 391357.94 | T54: =Q54+S54 -> 3941225.6 | U54: =P54*(K54-1) -> 13356771 | V54: =V$53*$D$51/$D$47 -> 10.205643 | W54: =V54*$B$21 -> 306169.28 | X54: =Y53/$G53 -> 319396.83 | Y54: =Y53-X54 -> 1277825.2 | Z54: =$B$20*Y54 -> 38334.756 | AA54: =X54+Z54 -> 357731.58 | AB54: =W54*(VLOOKUP(91,$A$24:$K$72,11,FALSE)-1) -> 1094014.8 | AC54: =AC$53*$D$50/$D$47 -> 14.09643 | AD54: =AC54*$B$21 -> 422892.9 | AE54: =AF53/$G52 -> 349968.06 | AF54: =AF53-AE54 -> 1517862.6 | AG54: =$B$20*AF54 -> 45535.877 | AH54: =AE54+AG54 -> 395503.94 | AI54: =AD54*(VLOOKUP(90,$A$24:$K$72,11,FALSE)-1) -> 1628493.5 | AJ54: =AJ$53*$D$49/$D$47 -> 17.984806 | AK54: =AJ54*$B$21 -> 539544.19 | AL54: =AM53/$G51 -> 388957.02 | AM54: =AM53-AL54 -> 1827847.9 | AN54: =$B$20*AM54 -> 54835.437 | AO54: =AL54+AN54 -> 443792.46 | AP54: =AK54*(VLOOKUP(89,$A$24:$K$72,11,FALSE)-1) -> 2237361.9 | AQ54: =AQ$53*$D$48/$D$47 -> 23.814081 | AR54: =AQ54*$B$21 -> 714422.44 | AS54: =AT53/$G50 -> 484643.79 | AT54: =AT53-AS54 -> 2477655.7 | AU54: =$B$20*AT54 -> 74329.671 | AV54: =AS54+AU54 -> 558973.46 | AW54: =AR54*(VLOOKUP(88,$A$24:$K$72,11,FALSE)-1) -> 3202170.7 | AX54: =AX$53*$D$47/$D$47 -> 30.371192 | AY54: =AX54*$B$21 -> 911135.75 | AZ54: =BA53/$G49 -> 627815.2 | BA54: =BA53-AZ54 -> 3487053.9 | BB54: =$B$20*BA54 -> 104611.62 | BC54: =AZ54+BB54 -> 732426.82 | BD54: =AY54*(VLOOKUP(87,$A$24:$K$72,11,FALSE)-1) -> 4406763.7 | BE54: =BE$53*$D$46/$D$47 -> 34.050037 | BF54: =BE54*$B$21 -> 1021501.1 | BG54: =BH53/$G48 -> 769668.78 | BH54: =BH53-BG54 -> 4613300.9 | BI54: =$B$20*BH54 -> 138399.03 | BJ54: =BG54+BI54 -> 908067.81 | BK54: =BF54*(VLOOKUP(86,$A$24:$K$72,11,FALSE)-1) -> 5293493.2 | BL54: =($N53-$N54)+(BE53-BE54)+(AX53-AX54)+(AQ53-AQ54)+(AJ53-AJ54)+(AC53-AC54)+(V53-V54) -> 34.584434 | BM54: =BL54*$B$21 -> 1037533 | BN54: =BM$46/$G47 -> 910127.43 | BO54: =BM$46-BN54 -> 5875190.7 | BP54: =$B$20*BO54 -> 176255.72 | BQ54: =BN54+BP54 -> 1086383.2 | BR54: =BM54*(VLOOKUP(85,$A$24:$K$72,11,FALSE)-1) -> 5747785.1 | NC54: 8 | ND54: =N54+V54+AC54+AJ54+AQ54+AX54+BE54+BL54 -> 300 | NE54: =P54+W54+AD54+AK54+AR54+AY54+BF54+BM54 -> 9000000 | NF54: =T54+AA54+AH54+AO54+AV54+BC54+BJ54+BQ54 -> 8424104.8 | NH54: =U54+AB54+AI54+AP54+AW54+BD54+BK54+BR54 -> 36966854 | NI54: =R54+Y54+AF54+AM54+AT54+BA54+BH54+BO54 -> 34122002
A55: ='CCRC F'!A55 -> 93 | B55: ='CCRC F'!B55 -> 0.1759 | D55: =D54-E54 -> 1770.8075 | E55: =D55*B55 -> 311.48504 | F55: =F56+D55 -> 7722.1654 | G55: =F55/D55 -> 4.3608158 | I55: =D55*($C$20^A55) -> 113.32075 | J55: =J56+I55 -> 457.1548 | K55: =J55/I55 -> 4.0341666 | M55: 9 | N55: =$B$18*$D$55/$D$47 -> 113.67465 | O55: =$B$18*$B$21*$K$55 -> 36307499 | P55: =$B$18*$B$21*$D$55/$D$47 -> 3410239.5 | Q55: =R54/$G$55 -> 2991473.4 | R55: =R54-$Q$55 -> 10053791 | S55: =$B$20*$R$55 -> 301613.74 | T55: =Q55+S55 -> 3293087.2 | U55: =P55*(K55-1) -> 10347235 | V55: =V$54*$D$52/$D$47 -> 6.1825567 | W55: =V55*$B$21 -> 185476.7 | X55: =Y54/$G54 -> 273339.81 | Y55: =Y54-X55 -> 1004485.4 | Z55: =$B$20*Y55 -> 30134.561 | AA55: =X55+Z55 -> 303474.37 | AB55: =W55*(VLOOKUP(92,$A$24:$K$72,11,FALSE)-1) -> 612179.75 | AC55: =AC$54*$D$51/$D$47 -> 9.6985659 | AD55: =AC55*$B$21 -> 290956.98 | AE55: =AF54/$G53 -> 303527.3 | AF55: =AF54-AE55 -> 1214335.3 | AG55: =$B$20*AF55 -> 36430.058 | AH55: =AE55+AG55 -> 339957.36 | AI55: =AD55*(VLOOKUP(91,$A$24:$K$72,11,FALSE)-1) -> 1039657.7 | AJ55: =AJ$54*$D$50/$D$47 -> 13.794682 | AK55: =AJ55*$B$21 -> 413840.47 | AL55: =AM54/$G52 -> 342476.66 | AM55: =AM54-AL55 -> 1485371.2 | AN55: =$B$20*AM55 -> 44561.137 | AO55: =AL55+AN55 -> 387037.79 | AP55: =AK55*(VLOOKUP(90,$A$24:$K$72,11,FALSE)-1) -> 1593634 | AQ55: =AQ$54*$D$49/$D$47 -> 20.101073 | AR55: =AQ55*$B$21 -> 603032.2 | AS55: =AT54/$G51 -> 434725.48 | AT55: =AT54-AS55 -> 2042930.2 | AU55: =$B$20*AT55 -> 61287.907 | AV55: =AS55+AU55 -> 496013.39 | AW55: =AR55*(VLOOKUP(89,$A$24:$K$72,11,FALSE)-1) -> 2500631.6 | AX55: =AX$54*$D$48/$D$47 -> 28.03261 | AY55: =AX55*$B$21 -> 840978.3 | AZ55: =BA54/$G50 -> 570495.67 | BA55: =BA54-AZ55 -> 2916558.3 | BB55: =$B$20*BA55 -> 87496.748 | BC55: =AZ55+BB55 -> 657992.42 | BD55: =AY55*(VLOOKUP(88,$A$24:$K$72,11,FALSE)-1) -> 3769417 | BE55: =BE$54*$D$47/$D$47 -> 34.050037 | BF55: =BE55*$B$21 -> 1021501.1 | BG55: =BH54/$G49 -> 703862.1 | BH55: =BH54-BG55 -> 3909438.8 | BI55: =$B$20*BH55 -> 117283.16 | BJ55: =BG55+BI55 -> 821145.27 | BK55: =BF55*(VLOOKUP(87,$A$24:$K$72,11,FALSE)-1) -> 4940552.5 | BL55: =BL$54*$D$46/$D$47 -> 37.163587 | BM55: =BL55*$B$21 -> 1114907.6 | BN55: =BO54/$G48 -> 840047.62 | BO55: =BO54-BN55 -> 5035143.1 | BP55: =$B$20*BO55 -> 151054.29 | BQ55: =BN55+BP55 -> 991101.91 | BR55: =BM55*(VLOOKUP(86,$A$24:$K$72,11,FALSE)-1) -> 5777532.5 | BS55: =($N54-$N55)+(BL54-BL55)+(BE54-BE55)+(AX54-AX55)+(AQ54-AQ55)+(AJ54-AJ55)+(AC54-AC55)+(V54-V55) -> 37.302239 | BT55: =BS55*$B$21 -> 1119067.2 | BU55: =BT$46/$G47 -> 981649.47 | BV55: =BT$46-BU55 -> 6336890.5 | BW55: =$B$20*BV55 -> 190106.71 | BX55: =BU55+BW55 -> 1171756.2 | BY55: =BT55*(VLOOKUP(85,$A$24:$K$72,11,FALSE)-1) -> 6199472.8 | NC55: 9 | ND55: =N55+V55+AC55+AJ55+AQ55+AX55+BE55+BL55+BS55 -> 300 | NE55: =P55+W55+AD55+AK55+AR55+AY55+BF55+BM55+BT55 -> 9000000 | NF55: =T55+AA55+AH55+AO55+AV55+BC55+BJ55+BQ55+BX55 -> 8461565.9 | NH55: =U55+AB55+AI55+AP55+AW55+BD55+BK55+BR55+BY55 -> 36780312 | NI55: =R55+Y55+AF55+AM55+AT55+BA55+BH55+BO55+BV55 -> 33998944
A56: ='CCRC F'!A56 -> 94 | B56: ='CCRC F'!B56 -> 0.1959 | D56: =D55-E55 -> 1459.3225 | E56: =D56*B56 -> 285.88127 | F56: =F57+D56 -> 5951.3579 | G56: =F56/D56 -> 4.0781651 | I56: =D56*($C$20^A56) -> 90.667606 | J56: =J57+I56 -> 343.83405 | K56: =J56/I56 -> 3.792248 | M56: 10 | N56: =$B$18*$D$56/$D$47 -> 93.679278 | O56: =$B$18*$B$21*$K$56 -> 34130232 | P56: =$B$18*$B$21*$D$56/$D$47 -> 2810378.3 | Q56: =R55/$G$56 -> 2465273.3 | R56: =R55-$Q$56 -> 7588518 | S56: =$B$20*$R$56 -> 227655.54 | T56: =Q56+S56 -> 2692928.8 | U56: =P56*(K56-1) -> 7847273.3 | V56: =V$55*$D$53/$D$47 -> 3.2483678 | W56: =V56*$B$21 -> 97451.034 | X56: =Y55/$G55 -> 230343.45 | Y56: =Y55-X56 -> 774141.93 | Z56: =$B$20*Y56 -> 23224.258 | AA56: =X56+Z56 -> 253567.71 | AB56: =W56*(VLOOKUP(93,$A$24:$K$72,11,FALSE)-1) -> 295682.67 | AC56: =AC$55*$D$52/$D$47 -> 5.8753706 | AD56: =AC56*$B$21 -> 176261.12 | AE56: =AF55/$G54 -> 259758.66 | AF56: =AF55-AE56 -> 954576.59 | AG56: =$B$20*AF56 -> 28637.298 | AH56: =AE56+AG56 -> 288395.96 | AI56: =AD56*(VLOOKUP(92,$A$24:$K$72,11,FALSE)-1) -> 581763.03 | AJ56: =AJ$55*$D$51/$D$47 -> 9.4909588 | AK56: =AJ56*$B$21 -> 284728.76 | AL56: =AM55/$G53 -> 297030 | AM56: =AM55-AL56 -> 1188341.2 | AN56: =$B$20*AM56 -> 35650.237 | AO56: =AL56+AN56 -> 332680.24 | AP56: =AK56*(VLOOKUP(91,$A$24:$K$72,11,FALSE)-1) -> 1017402.8 | AQ56: =AQ$55*$D$50/$D$47 -> 15.417899 | AR56: =AQ56*$B$21 -> 462536.96 | AS56: =AT55/$G52 -> 382775.78 | AT56: =AT55-AS56 -> 1660154.4 | AU56: =$B$20*AT56 -> 49804.633 | AV56: =AS56+AU56 -> 432580.42 | AW56: =AR56*(VLOOKUP(90,$A$24:$K$72,11,FALSE)-1) -> 1781156.5 | AX56: =AX$55*$D$49/$D$47 -> 23.661864 | AY56: =AX56*$B$21 -> 709855.91 | AZ56: =BA55/$G51 -> 511734.62 | BA56: =BA55-AZ56 -> 2404823.6 | BB56: =$B$20*BA56 -> 72144.709 | BC56: =AZ56+BB56 -> 583879.33 | BD56: =AY56*(VLOOKUP(89,$A$24:$K$72,11,FALSE)-1) -> 2943604.2 | BE56: =BE$55*$D$48/$D$47 -> 31.428184 | BF56: =BE56*$B$21 -> 942845.53 | BG56: =BH55/$G50 -> 639599.49 | BH56: =BH55-BG56 -> 3269839.3 | BI56: =$B$20*BH56 -> 98095.18 | BJ56: =BG56+BI56 -> 737694.67 | BK56: =BF56*(VLOOKUP(88,$A$24:$K$72,11,FALSE)-1) -> 4226004.3 | BL56: =BL$55*$D$47/$D$47 -> 37.163587 | BM56: =BL56*$B$21 -> 1114907.6 | BN56: =BO55/$G49 -> 768223.55 | BO56: =BO55-BN56 -> 4266919.5 | BP56: =$B$20*BO56 -> 128007.59 | BQ56: =BN56+BP56 -> 896231.13 | BR56: =BM56*(VLOOKUP(87,$A$24:$K$72,11,FALSE)-1) -> 5392318.7 | BS56: =BS$55*$D$46/$D$47 -> 40.084074 | BT56: =BS56*$B$21 -> 1202522.2 | BU56: =BV55/$G48 -> 906062.46 | BV56: =BV55-BU56 -> 5430828 | BW56: =$B$20*BV56 -> 162924.84 | BX56: =BU56+BW56 -> 1068987.3 | BY56: =BT56*(VLOOKUP(86,$A$24:$K$72,11,FALSE)-1) -> 6231557.8 | BZ56: =($N55-$N56)+(BS55-BS56)+(BL55-BL56)+(BE55-BE56)+(AX55-AX56)+(AQ55-AQ56)+(AJ55-AJ56)+(AC55-AC56)+(V55-V56) -> 39.950418 | CA56: =BZ56*$B$21 -> 1198512.5 | CB56: =CA$46/$G47 -> 1051339.2 | CC56: =CA$46-CB56 -> 6786762 | CD56: =$B$20*CC56 -> 203602.86 | CE56: =CB56+CD56 -> 1254942.1 | CF56: =CA56*(VLOOKUP(85,$A$24:$K$72,11,FALSE)-1) -> 6639588.7 | NC56: 10 | ND56: =N56+V56+AC56+AJ56+AQ56+AX56+BE56+BL56+BS56+BZ56 -> 300 | NE56: =P56+W56+AD56+AK56+AR56+AY56+BF56+BM56+BT56+CA56 -> 9000000 | NF56: =T56+AA56+AH56+AO56+AV56+BC56+BJ56+BQ56+BX56+CE56 -> 8541887.6 | NH56: =U56+AB56+AI56+AP56+AW56+BD56+BK56+BR56+BY56+CF56 -> 36956352 | NI56: =R56+Y56+AF56+AM56+AT56+BA56+BH56+BO56+BV56+CC56 -> 34324905
A57: ='CCRC F'!A57 -> 95 | B57: ='CCRC F'!B57 -> 0.216 | D57: =D56-E56 -> 1173.4412 | E57: =D57*B57 -> 253.4633 | F57: =F58+D57 -> 4492.0354 | G57: =F57/D57 -> 3.8280874 | I57: =D57*($C$20^A57) -> 70.782351 | J57: =J58+I57 -> 253.16644 | K57: =J57/I57 -> 3.5766888 | M57: 11 | N57: =$B$18*$D$57/$D$47 -> 75.327507 | O57: =$B$18*$B$21*$K$57 -> 32190199 | P57: =$B$18*$B$21*$D$57/$D$47 -> 2259825.2 | Q57: =R56/$G$57 -> 1982326.2 | R57: =R56-$Q$57 -> 5606191.8 | S57: =$B$20*$R$57 -> 168185.75 | T57: =Q57+S57 -> 2150512 | U57: =P57*(K57-1) -> 5822866.3 | V57: =V$56*$D$54/$D$47 -> 1.460611 | W57: =V57*$B$21 -> 43818.33 | X57: =Y56/$G56 -> 189826.04 | Y57: =Y56-X57 -> 584315.89 | Z57: =$B$20*Y57 -> 17529.477 | AA57: =X57+Z57 -> 207355.52 | AB57: =W57*(VLOOKUP(94,$A$24:$K$72,11,FALSE)-1) -> 122351.65 | AC57: =AC$56*$D$53/$D$47 -> 3.0869696 | AD57: =AC57*$B$21 -> 92609.088 | AE57: =AF56/$G55 -> 218898.63 | AF57: =AF56-AE57 -> 735677.96 | AG57: =$B$20*AF57 -> 22070.339 | AH57: =AE57+AG57 -> 240968.96 | AI57: =AD57*(VLOOKUP(93,$A$24:$K$72,11,FALSE)-1) -> 280991.4 | AJ57: =AJ$56*$D$52/$D$47 -> 5.7496026 | AK57: =AJ57*$B$21 -> 172488.08 | AL57: =AM56/$G54 -> 254198.28 | AM57: =AM56-AL57 -> 934142.96 | AN57: =$B$20*AM57 -> 28024.289 | AO57: =AL57+AN57 -> 282222.57 | AP57: =AK57*(VLOOKUP(92,$A$24:$K$72,11,FALSE)-1) -> 569309.83 | AQ57: =AQ$56*$D$51/$D$47 -> 10.607757 | AR57: =AQ57*$B$21 -> 318232.71 | AS57: =AT56/$G53 -> 331981.44 | AT57: =AT56-AS57 -> 1328173 | AU57: =$B$20*AT57 -> 39845.19 | AV57: =AS57+AU57 -> 371826.63 | AW57: =AR57*(VLOOKUP(91,$A$24:$K$72,11,FALSE)-1) -> 1137120.3 | AX57: =AX$56*$D$50/$D$47 -> 18.149091 | AY57: =AX57*$B$21 -> 544472.74 | AZ57: =BA56/$G52 -> 450582.33 | BA57: =BA56-AZ57 -> 1954241.3 | BB57: =$B$20*BA57 -> 58627.239 | BC57: =AZ57+BB57 -> 509209.57 | BD57: =AY57*(VLOOKUP(90,$A$24:$K$72,11,FALSE)-1) -> 2096678.2 | BE57: =BE$56*$D$49/$D$47 -> 26.528012 | BF57: =BE57*$B$21 -> 795840.36 | BG57: =BH56/$G51 -> 573720.74 | BH57: =BH56-BG57 -> 2696118.6 | BI57: =$B$20*BH57 -> 80883.558 | BJ57: =BG57+BI57 -> 654604.3 | BK57: =BF57*(VLOOKUP(89,$A$24:$K$72,11,FALSE)-1) -> 3300161.4 | BL57: =BL$56*$D$48/$D$47 -> 34.301991 | BM57: =BL57*$B$21 -> 1029059.7 | BN57: =BO56/$G50 -> 698084.74 | BO57: =BO56-BN57 -> 3568834.8 | BP57: =$B$20*BO57 -> 107065.04 | BQ57: =BN57+BP57 -> 805149.78 | BR57: =BM57*(VLOOKUP(88,$A$24:$K$72,11,FALSE)-1) -> 4612431.9 | BS57: =BS$56*$D$47/$D$47 -> 40.084074 | BT57: =BS57*$B$21 -> 1202522.2 | BU57: =BV56/$G49 -> 828594.12 | BV57: =BV56-BU57 -> 4602233.9 | BW57: =$B$20*BV57 -> 138067.02 | BX57: =BU57+BW57 -> 966661.14 | BY57: =BT57*(VLOOKUP(87,$A$24:$K$72,11,FALSE)-1) -> 5816072.1 | BZ57: =BZ$56*$D$46/$D$47 -> 42.929742 | CA57: =BZ57*$B$21 -> 1287892.3 | CB57: =CC56/$G48 -> 970386.08 | CC57: =CC56-CB57 -> 5816375.9 | CD57: =$B$20*CC57 -> 174491.28 | CE57: =CB57+CD57 -> 1144877.4 | CF57: =CA57*(VLOOKUP(86,$A$24:$K$72,11,FALSE)-1) -> 6673951.5 | CG57: =($N56-$N57)+(BZ56-BZ57)+(BS56-BS57)+(BL56-BL57)+(BE56-BE57)+(AX56-AX57)+(AQ56-AQ57)+(AJ56-AJ57)+(AC56-AC57)+(V56-V57) -> 41.774643 | CH57: =CG57*$B$21 -> 1253239.3 | CI57: =CH$46/$G47 -> 1099345.7 | CJ57: =CH$46-CI57 -> 7096660.7 | CK57: =$B$20*CJ57 -> 212899.82 | CL57: =CI57+CK57 -> 1312245.5 | CM57: =CH57*(VLOOKUP(85,$A$24:$K$72,11,FALSE)-1) -> 6942767.1 | NC57: 11 | ND57: =N57+V57+AC57+AJ57+AQ57+AX57+BE57+BL57+BS57+BZ57+CG57 -> 300 | NE57: =P57+W57+AD57+AK57+AR57+AY57+BF57+BM57+BT57+CA57+CH57 -> 9000000 | NF57: =T57+AA57+AH57+AO57+AV57+BC57+BJ57+BQ57+BX57+CE57+CL57 -> 8645633.3 | NH57: =U57+AB57+AI57+AP57+AW57+BD57+BK57+BR57+BY57+CF57+CM57 -> 37374702 | NI57: =R57+Y57+AF57+AM57+AT57+BA57+BH57+BO57+BV57+CC57+CJ57 -> 34922967
A58: ='CCRC F'!A58 -> 96 | B58: ='CCRC F'!B58 -> 0.2359 | D58: =D57-E57 -> 919.9779 | E58: =D58*B58 -> 217.02279 | F58: =F59+D58 -> 3318.5942 | G58: =F58/D58 -> 3.6072543 | I58: =D58*($C$20^A58) -> 53.877052 | J58: =J59+I58 -> 182.38409 | K58: =J58/I58 -> 3.3851906 | M58: 12 | N58: =$B$18*$D$58/$D$47 -> 59.056766 | O58: =$B$18*$B$21*$K$58 -> 30466716 | P58: =$B$18*$B$21*$D$58/$D$47 -> 1771703 | Q58: =R57/$G$58 -> 1554143.8 | R58: =R57-$Q$58 -> 4052048 | S58: =$B$20*$R$58 -> 121561.44 | T58: =Q58+S58 -> 1675705.2 | U58: =P58*(K58-1) -> 4225849.4 | V58: =V$57*$D$55/$D$47 -> 0.55344814 | W58: =V58*$B$21 -> 16603.444 | X58: =Y57/$G57 -> 152639.12 | Y58: =Y57-X58 -> 431676.77 | Z58: =$B$20*Y58 -> 12950.303 | AA58: =X58+Z58 -> 165589.42 | AB58: =W58*(VLOOKUP(95,$A$24:$K$72,11,FALSE)-1) -> 42781.909 | AC58: =AC$57*$D$54/$D$47 -> 1.3880392 | AD58: =AC58*$B$21 -> 41641.175 | AE58: =AF57/$G56 -> 180394.36 | AF58: =AF57-AE58 -> 555283.61 | AG58: =$B$20*AF58 -> 16658.508 | AH58: =AE58+AG58 -> 197052.87 | AI58: =AD58*(VLOOKUP(94,$A$24:$K$72,11,FALSE)-1) -> 116272.49 | AJ58: =AJ$57*$D$53/$D$47 -> 3.02089 | AK58: =AJ58*$B$21 -> 90626.701 | AL58: =AM57/$G55 -> 214212.89 | AM58: =AM57-AL58 -> 719930.07 | AN58: =$B$20*AM58 -> 21597.902 | AO58: =AL58+AN58 -> 235810.79 | AP58: =AK58*(VLOOKUP(93,$A$24:$K$72,11,FALSE)-1) -> 274976.51 | AQ58: =AQ$57*$D$52/$D$47 -> 6.4261566 | AR58: =AQ58*$B$21 -> 192784.7 | AS58: =AT57/$G54 -> 284109.71 | AT58: =AT57-AS58 -> 1044063.3 | AU58: =$B$20*AT58 -> 31321.898 | AV58: =AS58+AU58 -> 315431.61 | AW58: =AR58*(VLOOKUP(92,$A$24:$K$72,11,FALSE)-1) -> 636300.35 | AX58: =AX$57*$D$51/$D$47 -> 12.486861 | AY58: =AX58*$B$21 -> 374605.82 | AZ58: =BA57/$G53 -> 390790.05 | BA58: =BA57-AZ58 -> 1563451.3 | BB58: =$B$20*BA58 -> 46903.538 | BC58: =AZ58+BB58 -> 437693.59 | BD58: =AY58*(VLOOKUP(91,$A$24:$K$72,11,FALSE)-1) -> 1338554.6 | BE58: =BE$57*$D$50/$D$47 -> 20.347481 | BF58: =BE58*$B$21 -> 610424.42 | BG58: =BH57/$G52 -> 505161.11 | BH58: =BH57-BG58 -> 2190957.5 | BI58: =$B$20*BH58 -> 65728.724 | BJ58: =BG58+BI58 -> 570889.84 | BK58: =BF58*(VLOOKUP(90,$A$24:$K$72,11,FALSE)-1) -> 2350647.7 | BL58: =BL$57*$D$49/$D$47 -> 28.953744 | BM58: =BL58*$B$21 -> 868612.33 | BN58: =BO57/$G51 -> 626182.01 | BO58: =BO57-BN58 -> 2942652.8 | BP58: =$B$20*BO58 -> 88279.584 | BQ58: =BN58+BP58 -> 714461.59 | BR58: =BM58*(VLOOKUP(89,$A$24:$K$72,11,FALSE)-1) -> 3601929.5 | BS58: =BS$57*$D$48/$D$47 -> 36.9976 | BT58: =BS58*$B$21 -> 1109928 | BU58: =BV57/$G50 -> 752943.48 | BV58: =BV57-BU58 -> 3849290.4 | BW58: =$B$20*BV58 -> 115478.71 | BX58: =BU58+BW58 -> 868422.19 | BY58: =BT58*(VLOOKUP(88,$A$24:$K$72,11,FALSE)-1) -> 4974898.2 | BZ58: =BZ$57*$D$47/$D$47 -> 42.929742 | CA58: =BZ58*$B$21 -> 1287892.3 | CB58: =CC57/$G49 -> 887418.07 | CC58: =CC57-CB58 -> 4928957.9 | CD58: =$B$20*CC58 -> 147868.74 | CE58: =CB58+CD58 -> 1035286.8 | CF58: =CA58*(VLOOKUP(87,$A$24:$K$72,11,FALSE)-1) -> 6228969.5 | CG58: =CG$57*$D$46/$D$47 -> 44.890009 | CH58: =CG58*$B$21 -> 1346700.3 | CI58: =CJ57/$G48 -> 1014696.1 | CJ58: =CJ57-CI58 -> 6081964.6 | CK58: =$B$20*CJ58 -> 182458.94 | CL58: =CI58+CK58 -> 1197155 | CM58: =CH58*(VLOOKUP(86,$A$24:$K$72,11,FALSE)-1) -> 6978699 | CN58: =($N57-$N58)+(CG57-CG58)+(BZ57-BZ58)+(BS57-BS58)+(BL57-BL58)+(BE57-BE58)+(AX57-AX58)+(AQ57-AQ58)+(AJ57-AJ58)+(AC57-AC58)+(V57-V58) -> 42.949263 | CO58: =CN58*$B$21 -> 1288477.9 | CP58: =CO$46/$G47 -> 1130257.1 | CQ58: =CO$46-CP58 -> 7296204.8 | CR58: =$B$20*CQ58 -> 218886.14 | CS58: =CP58+CR58 -> 1349143.3 | CT58: =CO58*(VLOOKUP(85,$A$24:$K$72,11,FALSE)-1) -> 7137984 | NC58: 12 | ND58: =N58+V58+AC58+AJ58+AQ58+AX58+BE58+BL58+BS58+BZ58+CG58+CN58 -> 300 | NE58: =P58+W58+AD58+AK58+AR58+AY58+BF58+BM58+BT58+CA58+CH58+CO58 -> 9000000 | NF58: =T58+AA58+AH58+AO58+AV58+BC58+BJ58+BQ58+BX58+CE58+CL58+CS58 -> 8762642.2 | NH58: =U58+AB58+AI58+AP58+AW58+BD58+BK58+BR58+BY58+CF58+CM58+CT58 -> 37907863 | NI58: =R58+Y58+AF58+AM58+AT58+BA58+BH58+BO58+BV58+CC58+CJ58+CQ58 -> 35656481
A59: ='CCRC F'!A59 -> 97 | B59: ='CCRC F'!B59 -> 0.2551 | D59: =D58-E58 -> 702.95511 | E59: =D59*B59 -> 179.32385 | F59: =F60+D59 -> 2398.6163 | G59: =F59/D59 -> 3.4121899 | I59: =D59*($C$20^A59) -> 39.968403 | J59: =J60+I59 -> 128.50704 | K59: =J59/I59 -> 3.2152158 | M59: 13 | N59: =$B$18*$D$59/$D$47 -> 45.125275 | O59: =$B$18*$B$21*$K$59 -> 28936942 | P59: =$B$18*$B$21*$D$59/$D$47 -> 1353758.2 | Q59: =R58/$G$59 -> 1187521.2 | R59: =R58-$Q$59 -> 2864526.8 | S59: =$B$20*$R$59 -> 85935.803 | T59: =Q59+S59 -> 1273457.1 | U59: =P59*(K59-1) -> 2998866.6 | V59: =V$58*$D$56/$D$47 -> 0.17282207 | W59: =V59*$B$21 -> 5184.6622 | X59: =Y58/$G58 -> 119669.07 | Y59: =Y58-X59 -> 312007.7 | Z59: =$B$20*Y59 -> 9360.2309 | AA59: =X59+Z59 -> 129029.3 | AB59: =W59*(VLOOKUP(96,$A$24:$K$72,11,FALSE)-1) -> 12366.408 | AC59: =AC$58*$D$55/$D$47 -> 0.52594955 | AD59: =AC59*$B$21 -> 15778.487 | AE59: =AF58/$G57 -> 145055.1 | AF59: =AF58-AE59 -> 410228.5 | AG59: =$B$20*AF59 -> 12306.855 | AH59: =AE59+AG59 -> 157361.96 | AI59: =AD59*(VLOOKUP(95,$A$24:$K$72,11,FALSE)-1) -> 40656.25 | AJ59: =AJ$58*$D$54/$D$47 -> 1.3583269 | AK59: =AJ59*$B$21 -> 40749.806 | AL59: =AM58/$G56 -> 176532.84 | AM59: =AM58-AL59 -> 543397.23 | AN59: =$B$20*AM59 -> 16301.917 | AO59: =AL59+AN59 -> 192834.76 | AP59: =AK59*(VLOOKUP(94,$A$24:$K$72,11,FALSE)-1) -> 113783.56 | AQ59: =AQ$58*$D$53/$D$47 -> 3.3763573 | AR59: =AQ59*$B$21 -> 101290.72 | AS59: =AT58/$G55 -> 239419.26 | AT59: =AT58-AS59 -> 804644.03 | AU59: =$B$20*AT59 -> 24139.321 | AV59: =AS59+AU59 -> 263558.58 | AW59: =AR59*(VLOOKUP(93,$A$24:$K$72,11,FALSE)-1) -> 307332.91 | AX59: =AX$58*$D$52/$D$47 -> 7.5645136 | AY59: =AX59*$B$21 -> 226935.41 | AZ59: =BA58/$G54 -> 334438.13 | BA59: =BA58-AZ59 -> 1229013.1 | BB59: =$B$20*BA59 -> 36870.394 | BC59: =AZ59+BB59 -> 371308.52 | BD59: =AY59*(VLOOKUP(92,$A$24:$K$72,11,FALSE)-1) -> 749017.32 | BE59: =BE$58*$D$51/$D$47 -> 13.999387 | BF59: =BE59*$B$21 -> 419981.61 | BG59: =BH58/$G53 -> 438126.23 | BH59: =BH58-BG59 -> 1752831.2 | BI59: =$B$20*BH59 -> 52584.937 | BJ59: =BG59+BI59 -> 490711.17 | BK59: =BF59*(VLOOKUP(91,$A$24:$K$72,11,FALSE)-1) -> 1500693 | BL59: =BL$58*$D$50/$D$47 -> 22.208063 | BM59: =BL59*$B$21 -> 666241.88 | BN59: =BO58/$G52 -> 551353.26 | BO59: =BO58-BN59 -> 2391299.5 | BP59: =$B$20*BO59 -> 71738.986 | BQ59: =BN59+BP59 -> 623092.24 | BR59: =BM59*(VLOOKUP(90,$A$24:$K$72,11,FALSE)-1) -> 2565591.9 | BS59: =BS$58*$D$49/$D$47 -> 31.229064 | BT59: =BS59*$B$21 -> 936871.92 | BU59: =BV58/$G51 -> 675390.3 | BV59: =BV58-BU59 -> 3173900.1 | BW59: =$B$20*BV59 -> 95217.004 | BX59: =BU59+BW59 -> 770607.3 | BY59: =BT59*(VLOOKUP(89,$A$24:$K$72,11,FALSE)-1) -> 3884985.8 | BZ59: =BZ$58*$D$48/$D$47 -> 39.624152 | CA59: =BZ59*$B$21 -> 1188724.5 | CB59: =CC58/$G50 -> 806396.8 | CC59: =CC58-CB59 -> 4122561.1 | CD59: =$B$20*CC59 -> 123676.83 | CE59: =CB59+CD59 -> 930073.63 | CF59: =CA59*(VLOOKUP(88,$A$24:$K$72,11,FALSE)-1) -> 5328078.6 | CG59: =CG$58*$D$47/$D$47 -> 44.890009 | CH59: =CG59*$B$21 -> 1346700.3 | CI59: =CJ58/$G49 -> 927939.56 | CJ59: =CJ58-CI59 -> 5154025.1 | CK59: =$B$20*CJ59 -> 154620.75 | CL59: =CI59+CK59 -> 1082560.3 | CM59: =CH59*(VLOOKUP(87,$A$24:$K$72,11,FALSE)-1) -> 6513398.1 | CN59: =CN$58*$D$46/$D$47 -> 46.152228 | CO59: =CN59*$B$21 -> 1384566.8 | CP59: =CQ58/$G48 -> 1043227.3 | CQ59: =CQ58-CP59 -> 6252977.4 | CR59: =$B$20*CQ59 -> 187589.32 | CS59: =CP59+CR59 -> 1230816.6 | CT59: =CO59*(VLOOKUP(86,$A$24:$K$72,11,FALSE)-1) -> 7174926.2 | CU59: =($N58-$N59)+(CN58-CN59)+(CG58-CG59)+(BZ58-BZ59)+(BS58-BS59)+(BL58-BL59)+(BE58-BE59)+(AX58-AX59)+(AQ58-AQ59)+(AJ58-AJ59)+(AC58-AC59)+(V58-V59) -> 43.773853 | CV59: =CU59*$B$21 -> 1313215.6 | CW59: =CV$46/$G47 -> 1151957.1 | CX59: =CV$46-CW59 -> 7436285.8 | CY59: =$B$20*CX59 -> 223088.57 | CZ59: =CW59+CY59 -> 1375045.7 | DA59: =CV59*(VLOOKUP(85,$A$24:$K$72,11,FALSE)-1) -> 7275027.3 | NC59: 13 | ND59: =N59+V59+AC59+AJ59+AQ59+AX59+BE59+BL59+BS59+BZ59+CG59+CN59+CU59 -> 300 | NE59: =P59+W59+AD59+AK59+AR59+AY59+BF59+BM59+BT59+CA59+CH59+CO59+CV59 -> 9000000 | NF59: =T59+AA59+AH59+AO59+AV59+BC59+BJ59+BQ59+BX59+CE59+CL59+CS59+CZ59 -> 8890457.2 | NH59: =U59+AB59+AI59+AP59+AW59+BD59+BK59+BR59+BY59+CF59+CM59+CT59+DA59 -> 38464724 | NI59: =R59+Y59+AF59+AM59+AT59+BA59+BH59+BO59+BV59+CC59+CJ59+CQ59+CX59 -> 36447698
A60: ='CCRC F'!A60 -> 98 | B60: ='CCRC F'!B60 -> 0.2732 | D60: =D59-E59 -> 523.63126 | E60: =D60*B60 -> 143.05606 | F60: =F61+D60 -> 1695.6612 | G60: =F60/D60 -> 3.2382735 | I60: =D60*($C$20^A60) -> 28.905304 | J60: =J61+I60 -> 88.538637 | K60: =J60/I60 -> 3.0630584 | M60: 14 | N60: =$B$18*$D$60/$D$47 -> 33.613817 | O60: =$B$18*$B$21*$K$60 -> 27567526 | P60: =$B$18*$B$21*$D$60/$D$47 -> 1008414.5 | Q60: =R59/$G$60 -> 884584.58 | R60: =R59-$Q$60 -> 1979942.2 | S60: =$B$20*$R$60 -> 59398.266 | T60: =Q60+S60 -> 943982.84 | U60: =P60*(K60-1) -> 2080418.1 | V60: =V$59*$D$57/$D$47 -> 0.043394186 | W60: =V60*$B$21 -> 1301.8256 | X60: =Y59/$G59 -> 91439.136 | Y60: =Y59-X60 -> 220568.56 | Z60: =$B$20*Y60 -> 6617.0568 | AA60: =X60+Z60 -> 98056.193 | AB60: =W60*(VLOOKUP(97,$A$24:$K$72,11,FALSE)-1) -> 2883.8246 | AC60: =AC$59*$D$56/$D$47 -> 0.16423525 | AD60: =AC60*$B$21 -> 4927.0574 | AE60: =AF59/$G58 -> 113723.2 | AF60: =AF59-AE60 -> 296505.3 | AG60: =$B$20*AF60 -> 8895.1591 | AH60: =AE60+AG60 -> 122618.36 | AI60: =AD60*(VLOOKUP(96,$A$24:$K$72,11,FALSE)-1) -> 11751.971 | AJ60: =AJ$59*$D$55/$D$47 -> 0.51469109 | AK60: =AJ60*$B$21 -> 15440.733 | AL60: =AM59/$G57 -> 141950.06 | AM60: =AM59-AL60 -> 401447.17 | AN60: =$B$20*AM60 -> 12043.415 | AO60: =AL60+AN60 -> 153993.47 | AP60: =AK60*(VLOOKUP(95,$A$24:$K$72,11,FALSE)-1) -> 39785.963 | AQ60: =AQ$59*$D$54/$D$47 -> 1.5181608 | AR60: =AQ60*$B$21 -> 45544.823 | AS60: =AT59/$G56 -> 197305.41 | AT60: =AT59-AS60 -> 607338.62 | AU60: =$B$20*AT60 -> 18220.159 | AV60: =AS60+AU60 -> 215525.57 | AW60: =AR60*(VLOOKUP(94,$A$24:$K$72,11,FALSE)-1) -> 127172.44 | AX60: =AX$59*$D$53/$D$47 -> 3.9744597 | AY60: =AX60*$B$21 -> 119233.79 | AZ60: =BA59/$G55 -> 281831.01 | BA60: =BA59-AZ60 -> 947182.12 | BB60: =$B$20*BA60 -> 28415.464 | BC60: =AZ60+BB60 -> 310246.47 | BD60: =AY60*(VLOOKUP(93,$A$24:$K$72,11,FALSE)-1) -> 361775.19 | BE60: =BE$59*$D$52/$D$47 -> 8.4807989 | BF60: =BE60*$B$21 -> 254423.97 | BG60: =BH59/$G54 -> 374948.43 | BH60: =BH59-BG60 -> 1377882.8 | BI60: =$B$20*BH60 -> 41336.484 | BJ60: =BG60+BI60 -> 416284.92 | BK60: =BF60*(VLOOKUP(92,$A$24:$K$72,11,FALSE)-1) -> 839745.37 | BL60: =BL$59*$D$51/$D$47 -> 15.279497 | BM60: =BL60*$B$21 -> 458384.91 | BN60: =BO59/$G53 -> 478188.68 | BO60: =BO59-BN60 -> 1913110.9 | BP60: =$B$20*BO60 -> 57393.326 | BQ60: =BN60+BP60 -> 535582.01 | BR60: =BM60*(VLOOKUP(91,$A$24:$K$72,11,FALSE)-1) -> 1637917 | BS60: =BS$59*$D$50/$D$47 -> 23.953275 | BT60: =BS60*$B$21 -> 718598.26 | BU60: =BV59/$G52 -> 594681.16 | BV60: =BV59-BU60 -> 2579219 | BW60: =$B$20*BV60 -> 77376.569 | BX60: =BU60+BW60 -> 672057.73 | BY60: =BT60*(VLOOKUP(90,$A$24:$K$72,11,FALSE)-1) -> 2767208 | BZ60: =BZ$59*$D$49/$D$47 -> 33.446093 | CA60: =BZ60*$B$21 -> 1003382.8 | CB60: =CC59/$G51 -> 723337.93 | CC60: =CC59-CB60 -> 3399223.1 | CD60: =$B$20*CC60 -> 101976.69 | CE60: =CB60+CD60 -> 825314.62 | CF60: =CA60*(VLOOKUP(89,$A$24:$K$72,11,FALSE)-1) -> 4160790.6 | CG60: =CG$59*$D$48/$D$47 -> 41.433479 | CH60: =CG60*$B$21 -> 1243004.4 | CI60: =CJ59/$G50 -> 843218.67 | CJ60: =CJ59-CI60 -> 4310806.4 | CK60: =$B$20*CJ60 -> 129324.19 | CL60: =CI60+CK60 -> 972542.87 | CM60: =CH60*(VLOOKUP(88,$A$24:$K$72,11,FALSE)-1) -> 5571370.5 | CN60: =CN$59*$D$47/$D$47 -> 46.152228 | CO60: =CN60*$B$21 -> 1384566.8 | CP60: =CQ59/$G49 -> 954031.38 | CQ60: =CQ59-CP60 -> 5298946.1 | CR60: =$B$20*CQ60 -> 158968.38 | CS60: =CP60+CR60 -> 1112999.8 | CT60: =CO60*(VLOOKUP(87,$A$24:$K$72,11,FALSE)-1) -> 6696542 | CU60: =CU$59*$D$46/$D$47 -> 47.038312 | CV60: =CU60*$B$21 -> 1411149.4 | CW60: =CX59/$G48 -> 1063256.4 | CX60: =CX59-CW60 -> 6373029.4 | CY60: =$B$20*CX60 -> 191190.88 | CZ60: =CW60+CY60 -> 1254447.3 | DA60: =CV60*(VLOOKUP(86,$A$24:$K$72,11,FALSE)-1) -> 7312678.9 | DB60: =($N59-$N60)+(CU59-CU60)+(CN59-CN60)+(CG59-CG60)+(BZ59-BZ60)+(BS59-BS60)+(BL59-BL60)+(BE59-BE60)+(AX59-AX60)+(AQ59-AQ60)+(AJ59-AJ60)+(AC59-AC60)+(V59-V60) -> 44.387559 | DC60: =DB60*$B$21 -> 1331626.8 | DD60: =DC$46/$G47 -> 1168107.5 | DE60: =DC$46-DD60 -> 7540542 | DF60: =$B$20*DE60 -> 226216.26 | DG60: =DD60+DF60 -> 1394323.7 | DH60: =DC60*(VLOOKUP(85,$A$24:$K$72,11,FALSE)-1) -> 7377022.7 | NC60: 14 | ND60: =N60+V60+AC60+AJ60+AQ60+AX60+BE60+BL60+BS60+BZ60+CG60+CN60+CU60+DB60 -> 300 | NE60: =P60+W60+AD60+AK60+AR60+AY60+BF60+BM60+BT60+CA60+CH60+CO60+CV60+DC60 -> 9000000 | NF60: =T60+AA60+AH60+AO60+AV60+BC60+BJ60+BQ60+BX60+CE60+CL60+CS60+CZ60+DG60 -> 9027975.8 | NH60: =U60+AB60+AI60+AP60+AW60+BD60+BK60+BR60+BY60+CF60+CM60+CT60+DA60+DH60 -> 38987062 | NI60: =R60+Y60+AF60+AM60+AT60+BA60+BH60+BO60+BV60+CC60+CJ60+CQ60+CX60+DE60 -> 37245744
A61: ='CCRC F'!A61 -> 99 | B61: ='CCRC F'!B61 -> 0.2896 | D61: =D60-E60 -> 380.5752 | E61: =D61*B61 -> 110.21458 | F61: =F62+D61 -> 1172.03 | G61: =F61/D61 -> 3.0796278 | I61: =D61*($C$20^A61) -> 20.396481 | J61: =J62+I61 -> 59.633332 | K61: =J61/I61 -> 2.9237069 | M61: 15 | N61: =$B$18*$D$61/$D$47 -> 24.430522 | O61: =$B$18*$B$21*$K$61 -> 26313362 | P61: =$B$18*$B$21*$D$61/$D$47 -> 732915.67 | Q61: =R60/$G$61 -> 642916.07 | R61: =R60-$Q$61 -> 1337026.1 | S61: =$B$20*$R$61 -> 40110.784 | T61: =Q61+S61 -> 683026.86 | U61: =P61*(K61-1) -> 1409915 | V61: =V$60*$D$58/$D$47 -> 0.008542401 | W61: =V61*$B$21 -> 256.27203 | X61: =Y60/$G60 -> 68113.013 | Y61: =Y60-X61 -> 152455.55 | Z61: =$B$20*Y61 -> 4573.6665 | AA61: =X61+Z61 -> 72686.679 | AB61: =W61*(VLOOKUP(98,$A$24:$K$72,11,FALSE)-1) -> 528.70418 | AC61: =AC$60*$D$57/$D$47 -> 0.041238106 | AD61: =AC61*$B$21 -> 1237.1432 | AE61: =AF60/$G59 -> 86895.898 | AF61: =AF60-AE61 -> 209609.41 | AG61: =$B$20*AF61 -> 6288.2822 | AH61: =AE61+AG61 -> 93184.18 | AI61: =AD61*(VLOOKUP(97,$A$24:$K$72,11,FALSE)-1) -> 2740.5391 | AJ61: =AJ$60*$D$56/$D$47 -> 0.16071963 | AK61: =AJ61*$B$21 -> 4821.589 | AL61: =AM60/$G58 -> 111288.85 | AM61: =AM60-AL61 -> 290158.32 | AN61: =$B$20*AM61 -> 8704.7497 | AO61: =AL61+AN61 -> 119993.6 | AP61: =AK61*(VLOOKUP(96,$A$24:$K$72,11,FALSE)-1) -> 11500.409 | AQ61: =AQ$60*$D$55/$D$47 -> 0.57525464 | AR61: =AQ61*$B$21 -> 17257.639 | AS61: =AT60/$G57 -> 158653.28 | AT61: =AT60-AS61 -> 448685.34 | AU61: =$B$20*AT61 -> 13460.56 | AV61: =AS61+AU61 -> 172113.84 | AW61: =AR61*(VLOOKUP(95,$A$24:$K$72,11,FALSE)-1) -> 44467.566 | AX61: =AX$60*$D$54/$D$47 -> 1.7870943 | AY61: =AX61*$B$21 -> 53612.829 | AZ61: =BA60/$G56 -> 232256.94 | BA61: =BA60-AZ61 -> 714925.19 | BB61: =$B$20*BA61 -> 21447.756 | BC61: =AZ61+BB61 -> 253704.69 | BD61: =AY61*(VLOOKUP(94,$A$24:$K$72,11,FALSE)-1) -> 149700.32 | BE61: =BE$60*$D$53/$D$47 -> 4.4558838 | BF61: =BE61*$B$21 -> 133676.51 | BG61: =BH60/$G55 -> 315969.04 | BH61: =BH60-BG61 -> 1061913.8 | BI61: =$B$20*BH61 -> 31857.413 | BJ61: =BG61+BI61 -> 347826.46 | BK61: =BF61*(VLOOKUP(93,$A$24:$K$72,11,FALSE)-1) -> 405596.81 | BL61: =BL$60*$D$52/$D$47 -> 9.2562867 | BM61: =BL61*$B$21 -> 277688.6 | BN61: =BO60/$G54 -> 409233.87 | BO61: =BO60-BN61 -> 1503877 | BP61: =$B$20*BO61 -> 45116.31 | BQ61: =BN61+BP61 -> 454350.18 | BR61: =BM61*(VLOOKUP(92,$A$24:$K$72,11,FALSE)-1) -> 916532.04 | BS61: =BS$60*$D$51/$D$47 -> 16.480231 | BT61: =BS61*$B$21 -> 494406.92 | BU61: =BV60/$G53 -> 515766.97 | BV61: =BV60-BU61 -> 2063452 | BW61: =$B$20*BV61 -> 61903.56 | BX61: =BU61+BW61 -> 577670.53 | BY61: =BT61*(VLOOKUP(91,$A$24:$K$72,11,FALSE)-1) -> 1766632.1 | BZ61: =BZ$60*$D$50/$D$47 -> 25.653778 | CA61: =BZ61*$B$21 -> 769613.33 | CB61: =CC60/$G52 -> 636899.05 | CC61: =CC60-CB61 -> 2762324.1 | CD61: =$B$20*CC61 -> 82869.723 | CE61: =CB61+CD61 -> 719768.77 | CF61: =CA61*(VLOOKUP(90,$A$24:$K$72,11,FALSE)-1) -> 2963658.9 | CG61: =CG$60*$D$49/$D$47 -> 34.973316 | CH61: =CG61*$B$21 -> 1049199.5 | CI61: =CJ60/$G51 -> 756367.15 | CJ61: =CJ60-CI61 -> 3554439.3 | CK61: =$B$20*CJ61 -> 106633.18 | CL61: =CI61+CK61 -> 863000.33 | CM61: =CH61*(VLOOKUP(89,$A$24:$K$72,11,FALSE)-1) -> 4350781.6 | CN61: =CN$60*$D$48/$D$47 -> 42.598506 | CO61: =CN61*$B$21 -> 1277955.2 | CP61: =CQ60/$G50 -> 866928.31 | CQ61: =CQ60-CP61 -> 4432017.8 | CR61: =$B$20*CQ61 -> 132960.53 | CS61: =CP61+CR61 -> 999888.85 | CT61: =CO61*(VLOOKUP(88,$A$24:$K$72,11,FALSE)-1) -> 5728026.4 | CU61: =CU$60*$D$47/$D$47 -> 47.038312 | CV61: =CU61*$B$21 -> 1411149.4 | CW61: =CX60/$G49 -> 972347.99 | CX61: =CX60-CW61 -> 5400681.4 | CY61: =$B$20*CX61 -> 162020.44 | CZ61: =CW61+CY61 -> 1134368.4 | DA61: =CV61*(VLOOKUP(87,$A$24:$K$72,11,FALSE)-1) -> 6825110 | DB61: =DB$60*$D$46/$D$47 -> 47.697786 | DC61: =DB61*$B$21 -> 1430933.6 | DD61: =DE60/$G48 -> 1078163.2 | DE61: =DE60-DD61 -> 6462378.8 | DF61: =$B$20*DE61 -> 193871.36 | DG61: =DD61+DF61 -> 1272034.6 | DH61: =DC61*(VLOOKUP(86,$A$24:$K$72,11,FALSE)-1) -> 7415202.1 | DI61: =($N60-$N61)+(DB60-DB61)+(CU60-CU61)+(CN60-CN61)+(CG60-CG61)+(BZ60-BZ61)+(BS60-BS61)+(BL60-BL61)+(BE60-BE61)+(AX60-AX61)+(AQ60-AQ61)+(AJ60-AJ61)+(AC60-AC61)+(V60-V61) -> 44.84253 | DJ61: =DI61*$B$21 -> 1345275.9 | DK61: =DJ$46/$G47 -> 1180080.5 | DL61: =DJ$46-DK61 -> 7617832.2 | DM61: =$B$20*DL61 -> 228534.97 | DN61: =DK61+DM61 -> 1408615.5 | DO61: =DJ61*(VLOOKUP(85,$A$24:$K$72,11,FALSE)-1) -> 7452636.8 | NC61: 15 | ND61: =N61+V61+AC61+AJ61+AQ61+AX61+BE61+BL61+BS61+BZ61+CG61+CN61+CU61+DB61+DI61 -> 300 | NE61: =P61+W61+AD61+AK61+AR61+AY61+BF61+BM61+BT61+CA61+CH61+CO61+CV61+DC61+DJ61 -> 9000000 | NF61: =T61+AA61+AH61+AO61+AV61+BC61+BJ61+BQ61+BX61+CE61+CL61+CS61+CZ61+DG61+DN61 -> 9172233.4 | NH61: =U61+AB61+AI61+AP61+AW61+BD61+BK61+BR61+BY61+CF61+CM61+CT61+DA61+DH61+DO61 -> 39443029 | NI61: =R61+Y61+AF61+AM61+AT61+BA61+BH61+BO61+BV61+CC61+CJ61+CQ61+CX61+DE61+DL61 -> 38011776
A62: ='CCRC F'!A62 -> 100 | B62: ='CCRC F'!B62 -> 0.307 | D62: =D61-E61 -> 270.36062 | E62: =D62*B62 -> 83.000711 | F62: =F63+D62 -> 791.45476 | G62: =F62/D62 -> 2.927404 | I62: =D62*($C$20^A62) -> 14.067631 | J62: =J63+I62 -> 39.236852 | K62: =J62/I62 -> 2.7891584 | M62: 16 | N62: =$B$18*$D$62/$D$47 -> 17.355443 | O62: =$B$18*$B$21*$K$62 -> 25102426 | P62: =$B$18*$B$21*$D$62/$D$47 -> 520663.29 | Q62: =R61/$G$62 -> 456727.58 | R62: =R61-$Q$62 -> 880298.54 | S62: =$B$20*$R$62 -> 26408.956 | T62: =Q62+S62 -> 483136.53 | U62: =P62*(K62-1) -> 931549.11 | V62: =V$61*$D$59/$D$47 -> 0.0012849273 | W62: =V62*$B$21 -> 38.547819 | X62: =Y61/$G61 -> 49504.538 | Y62: =Y61-X62 -> 102951.01 | Z62: =$B$20*Y62 -> 3088.5303 | AA62: =X62+Z62 -> 52593.068 | AB62: =W62*(VLOOKUP(99,$A$24:$K$72,11,FALSE)-1) -> 74.154707 | AC62: =AC$61*$D$58/$D$47 -> 0.0081179638 | AD62: =AC62*$B$21 -> 243.53892 | AE62: =AF61/$G60 -> 64728.754 | AF62: =AF61-AE62 -> 144880.65 | AG62: =$B$20*AF62 -> 4346.4196 | AH62: =AE62+AG62 -> 69075.174 | AI62: =AD62*(VLOOKUP(98,$A$24:$K$72,11,FALSE)-1) -> 502.43502 | AJ62: =AJ$61*$D$57/$D$47 -> 0.040355364 | AK62: =AJ62*$B$21 -> 1210.6609 | AL62: =AM61/$G59 -> 85035.807 | AM62: =AM61-AL62 -> 205122.51 | AN62: =$B$20*AM62 -> 6153.6754 | AO62: =AL62+AN62 -> 91189.482 | AP62: =AK62*(VLOOKUP(97,$A$24:$K$72,11,FALSE)-1) -> 2681.8752 | AQ62: =AQ$61*$D$56/$D$47 -> 0.17963146 | AR62: =AQ62*$B$21 -> 5388.9439 | AS62: =AT61/$G58 -> 124384.17 | AT62: =AT61-AS62 -> 324301.17 | AU62: =$B$20*AT62 -> 9729.035 | AV62: =AS62+AU62 -> 134113.21 | AW62: =AR62*(VLOOKUP(96,$A$24:$K$72,11,FALSE)-1) -> 12853.659 | AX62: =AX$61*$D$55/$D$47 -> 0.67715772 | AY62: =AX62*$B$21 -> 20314.732 | AZ62: =BA61/$G57 -> 186757.8 | BA62: =BA61-AZ62 -> 528167.38 | BB62: =$B$20*BA62 -> 15845.021 | BC62: =AZ62+BB62 -> 202602.82 | BD62: =AY62*(VLOOKUP(95,$A$24:$K$72,11,FALSE)-1) -> 52344.741 | BE62: =BE$61*$D$54/$D$47 -> 2.003564 | BF62: =BE62*$B$21 -> 60106.921 | BG62: =BH61/$G56 -> 260390.09 | BH62: =BH61-BG62 -> 801523.67 | BI62: =$B$20*BH62 -> 24045.71 | BJ62: =BG62+BI62 -> 284435.8 | BK62: =BF62*(VLOOKUP(94,$A$24:$K$72,11,FALSE)-1) -> 167833.43 | BL62: =BL$61*$D$53/$D$47 -> 4.8633317 | BM62: =BL62*$B$21 -> 145899.95 | BN62: =BO61/$G55 -> 344861.39 | BO62: =BO61-BN62 -> 1159015.6 | BP62: =$B$20*BO62 -> 34770.468 | BQ62: =BN62+BP62 -> 379631.85 | BR62: =BM62*(VLOOKUP(93,$A$24:$K$72,11,FALSE)-1) -> 442684.75 | BS62: =BS$61*$D$52/$D$47 -> 9.9836887 | BT62: =BS62*$B$21 -> 299510.66 | BU62: =BV61/$G54 -> 441393.37 | BV62: =BV61-BU62 -> 1622058.6 | BW62: =$B$20*BV62 -> 48661.759 | BX62: =BU62+BW62 -> 490055.13 | BY62: =BT62*(VLOOKUP(92,$A$24:$K$72,11,FALSE)-1) -> 988557.39 | BZ62: =BZ$61*$D$51/$D$47 -> 17.650203 | CA62: =BZ62*$B$21 -> 529506.09 | CB62: =CC61/$G53 -> 552382.54 | CC62: =CC61-CB62 -> 2209941.6 | CD62: =$B$20*CC62 -> 66298.247 | CE62: =CB62+CD62 -> 618680.79 | CF62: =CA62*(VLOOKUP(91,$A$24:$K$72,11,FALSE)-1) -> 1892049.7 | CG62: =CG$61*$D$50/$D$47 -> 26.825186 | CH62: =CG62*$B$21 -> 804755.59 | CI62: =CJ61/$G52 -> 665981.28 | CJ62: =CJ61-CI62 -> 2888458 | CK62: =$B$20*CJ62 -> 86653.739 | CL62: =CI62+CK62 -> 752635.02 | CM62: =CH62*(VLOOKUP(90,$A$24:$K$72,11,FALSE)-1) -> 3098986.2 | CN62: =CN$61*$D$49/$D$47 -> 35.956696 | CO62: =CN62*$B$21 -> 1078700.9 | CP62: =CQ61/$G51 -> 777634.7 | CQ62: =CQ61-CP62 -> 3654383.1 | CR62: =$B$20*CQ62 -> 109631.49 | CS62: =CP62+CR62 -> 887266.19 | CT62: =CO62*(VLOOKUP(89,$A$24:$K$72,11,FALSE)-1) -> 4473116.9 | CU62: =CU$61*$D$48/$D$47 -> 43.416362 | CV62: =CU62*$B$21 -> 1302490.9 | CW62: =CX61/$G50 -> 883572.62 | CX62: =CX61-CW62 -> 4517108.8 | CY62: =$B$20*CX62 -> 135513.26 | CZ62: =CW62+CY62 -> 1019085.9 | DA62: =CV62*(VLOOKUP(88,$A$24:$K$72,11,FALSE)-1) -> 5837999.8 | DB62: =DB$61*$D$47/$D$47 -> 47.697786 | DC62: =DB62*$B$21 -> 1430933.6 | DD62: =DE61/$G49 -> 985980.24 | DE62: =DE61-DD62 -> 5476398.6 | DF62: =$B$20*DE62 -> 164291.96 | DG62: =DD62+DF62 -> 1150272.2 | DH62: =DC62*(VLOOKUP(87,$A$24:$K$72,11,FALSE)-1) -> 6920797.6 | DI62: =DI$61*$D$46/$D$47 -> 48.186686 | DJ62: =DI62*$B$21 -> 1445600.6 | DK62: =DL61/$G48 -> 1089214.3 | DL62: =DL61-DK62 -> 6528617.9 | DM62: =$B$20*DL62 -> 195858.54 | DN62: =DK62+DM62 -> 1285072.8 | DO62: =DJ62*(VLOOKUP(86,$A$24:$K$72,11,FALSE)-1) -> 7491207.5 | DP62: =($N61-$N62)+(DI61-DI62)+(DB61-DB62)+(CU61-CU62)+(CN61-CN62)+(CG61-CG62)+(BZ61-BZ62)+(BS61-BS62)+(BL61-BL62)+(BE61-BE62)+(AX61-AX62)+(AQ61-AQ62)+(AJ61-AJ62)+(AC61-AC62)+(V61-V62) -> 45.154506 | DQ62: =DP62*$B$21 -> 1354635.2 | DR62: =DQ$46/$G47 -> 1188290.5 | DS62: =DQ$46-DR62 -> 7670830.5 | DT62: =$B$20*DS62 -> 230124.92 | DU62: =DR62+DT62 -> 1418415.4 | DV62: =DQ62*(VLOOKUP(85,$A$24:$K$72,11,FALSE)-1) -> 7504485.9 | NC62: 16 | ND62: =N62+V62+AC62+AJ62+AQ62+AX62+BE62+BL62+BS62+BZ62+CG62+CN62+CU62+DB62+DI62+DP62 -> 300 | NE62: =P62+W62+AD62+AK62+AR62+AY62+BF62+BM62+BT62+CA62+CH62+CO62+CV62+DC62+DJ62+DQ62 -> 9000000 | NF62: =T62+AA62+AH62+AO62+AV62+BC62+BJ62+BQ62+BX62+CE62+CL62+CS62+CZ62+DG62+DN62+DU62 -> 9318261.4 | NH62: =U62+AB62+AI62+AP62+AW62+BD62+BK62+BR62+BY62+CF62+CM62+CT62+DA62+DH62+DO62+DV62 -> 39817725 | NI62: =R62+Y62+AF62+AM62+AT62+BA62+BH62+BO62+BV62+CC62+CJ62+CQ62+CX62+DE62+DL62+DS62 -> 38714058
A63: ='CCRC F'!A63 -> 101 | B63: ='CCRC F'!B63 -> 0.3254 | D63: =D62-E62 -> 187.35991 | E63: =D63*B63 -> 60.966915 | F63: =F64+D63 -> 521.09414 | G63: =F63/D63 -> 2.7812467 | I63: =D63*($C$20^A63) -> 9.4649207 | J63: =J64+I63 -> 25.169221 | K63: =J63/I63 -> 2.6592109 | M63: 17 | N63: =$B$18*$D$63/$D$47 -> 12.027322 | O63: =$B$18*$B$21*$K$63 -> 23932898 | P63: =$B$18*$B$21*$D$63/$D$47 -> 360819.66 | Q63: =R62/$G$63 -> 316512.21 | R63: =R62-$Q$63 -> 563786.33 | S63: =$B$20*$R$63 -> 16913.59 | T63: =Q63+S63 -> 333425.8 | U63: =P63*(K63-1) -> 598675.93 | V63: =V$62*$D$60/$D$47 -> 0.00014397104 | W63: =V63*$B$21 -> 4.3191311 | X63: =Y62/$G62 -> 35168.023 | Y63: =Y62-X63 -> 67782.988 | Z63: =$B$20*Y63 -> 2033.4896 | AA63: =X63+Z63 -> 37201.513 | AB63: =W63*(VLOOKUP(100,$A$24:$K$72,11,FALSE)-1) -> 7.7276099 | AC63: =AC$62*$D$59/$D$47 -> 0.0012210845 | AD63: =AC63*$B$21 -> 36.632535 | AE63: =AF62/$G61 -> 47044.858 | AF63: =AF62-AE63 -> 97835.794 | AG63: =$B$20*AF63 -> 2935.0738 | AH63: =AE63+AG63 -> 49979.932 | AI63: =AD63*(VLOOKUP(99,$A$24:$K$72,11,FALSE)-1) -> 70.470261 | AJ63: =AJ$62*$D$58/$D$47 -> 0.007944191 | AK63: =AJ63*$B$21 -> 238.32573 | AL63: =AM62/$G60 -> 63343.173 | AM63: =AM62-AL63 -> 141779.34 | AN63: =$B$20*AM63 -> 4253.3803 | AO63: =AL63+AN63 -> 67596.553 | AP63: =AK63*(VLOOKUP(98,$A$24:$K$72,11,FALSE)-1) -> 491.67991 | AQ63: =AQ$62*$D$57/$D$47 -> 0.045103968 | AR63: =AQ63*$B$21 -> 1353.119 | AS63: =AT62/$G59 -> 95041.945 | AT63: =AT62-AS63 -> 229259.22 | AU63: =$B$20*AT63 -> 6877.7766 | AV63: =AS63+AU63 -> 101919.72 | AW63: =AR63*(VLOOKUP(97,$A$24:$K$72,11,FALSE)-1) -> 2997.4506 | AX63: =AX$62*$D$56/$D$47 -> 0.21145215 | AY63: =AX63*$B$21 -> 6343.5646 | AZ63: =BA62/$G58 -> 146418.12 | BA63: =BA62-AZ63 -> 381749.27 | BB63: =$B$20*BA63 -> 11452.478 | BC63: =AZ63+BB63 -> 157870.6 | BD63: =AY63*(VLOOKUP(96,$A$24:$K$72,11,FALSE)-1) -> 15130.611 | BE63: =BE$62*$D$55/$D$47 -> 0.75918145 | BF63: =BE63*$B$21 -> 22775.444 | BG63: =BH62/$G57 -> 209379.67 | BH63: =BH62-BG63 -> 592144 | BI63: =$B$20*BH63 -> 17764.32 | BJ63: =BG63+BI63 -> 227143.99 | BK63: =BF63*(VLOOKUP(95,$A$24:$K$72,11,FALSE)-1) -> 58685.231 | BL63: =BL$62*$D$54/$D$47 -> 2.1867708 | BM63: =BL63*$B$21 -> 65603.123 | BN63: =BO62/$G56 -> 284200.27 | BO63: =BO62-BN63 -> 874815.33 | BP63: =$B$20*BO63 -> 26244.46 | BQ63: =BN63+BP63 -> 310444.73 | BR63: =BM63*(VLOOKUP(94,$A$24:$K$72,11,FALSE)-1) -> 183180.19 | BS63: =BS$62*$D$53/$D$47 -> 5.2455148 | BT63: =BS63*$B$21 -> 157365.45 | BU63: =BV62/$G55 -> 371962.19 | BV63: =BV62-BU63 -> 1250096.4 | BW63: =$B$20*BV63 -> 37502.893 | BX63: =BU63+BW63 -> 409465.09 | BY63: =BT63*(VLOOKUP(93,$A$24:$K$72,11,FALSE)-1) -> 477472.98 | BZ63: =BZ$62*$D$52/$D$47 -> 10.692455 | CA63: =BZ63*$B$21 -> 320773.66 | CB63: =CC62/$G54 -> 472728.98 | CC63: =CC62-CB63 -> 1737212.6 | CD63: =$B$20*CC63 -> 52116.377 | CE63: =CB63+CD63 -> 524845.36 | CF63: =CA63*(VLOOKUP(92,$A$24:$K$72,11,FALSE)-1) -> 1058737.5 | CG63: =CG$62*$D$51/$D$47 -> 18.456151 | CH63: =CG63*$B$21 -> 553684.52 | CI63: =CJ62/$G53 -> 577605.56 | CJ63: =CJ62-CI63 -> 2310852.4 | CK63: =$B$20*CJ63 -> 69325.573 | CL63: =CI63+CK63 -> 646931.13 | CM63: =CH63*(VLOOKUP(91,$A$24:$K$72,11,FALSE)-1) -> 1978444.9 | CN63: =CN$62*$D$50/$D$47 -> 27.579458 | CO63: =CN63*$B$21 -> 827383.73 | CP63: =CQ62/$G52 -> 684707.35 | CQ63: =CQ62-CP63 -> 2969675.7 | CR63: =$B$20*CQ63 -> 89090.271 | CS63: =CP63+CR63 -> 773797.62 | CT63: =CO63*(VLOOKUP(90,$A$24:$K$72,11,FALSE)-1) -> 3186123.6 | CU63: =CU$62*$D$49/$D$47 -> 36.647035 | CV63: =CU63*$B$21 -> 1099411 | CW63: =CX62/$G51 -> 792564.64 | CX63: =CX62-CW63 -> 3724544.2 | CY63: =$B$20*CX63 -> 111736.33 | CZ63: =CW63+CY63 -> 904300.96 | DA63: =CV63*(VLOOKUP(89,$A$24:$K$72,11,FALSE)-1) -> 4558997.1 | DB63: =DB$62*$D$48/$D$47 -> 44.025056 | DC63: =DB63*$B$21 -> 1320751.7 | DD63: =DE62/$G50 -> 895960.24 | DE63: =DE62-DD63 -> 4580438.3 | DF63: =$B$20*DE63 -> 137413.15 | DG63: =DD63+DF63 -> 1033373.4 | DH63: =DC63*(VLOOKUP(88,$A$24:$K$72,11,FALSE)-1) -> 5919848.1 | DI63: =DI$62*$D$47/$D$47 -> 48.186686 | DJ63: =DI63*$B$21 -> 1445600.6 | DK63: =DL62/$G49 -> 996086.49 | DL63: =DL62-DK63 -> 5532531.4 | DM63: =$B$20*DL63 -> 165975.94 | DN63: =DK63+DM63 -> 1162062.4 | DO63: =DJ63*(VLOOKUP(87,$A$24:$K$72,11,FALSE)-1) -> 6991735.4 | DP63: =DP$62*$D$46/$D$47 -> 48.521927 | DQ63: =DP63*$B$21 -> 1455657.8 | DR63: =DS62/$G48 -> 1096792.1 | DS63: =DS62-DR63 -> 6574038.4 | DT63: =$B$20*DS63 -> 197221.15 | DU63: =DR63+DT63 -> 1294013.3 | DV63: =DQ63*(VLOOKUP(86,$A$24:$K$72,11,FALSE)-1) -> 7543324.9 | DW63: =($N62-$N63)+(DP62-DP63)+(DI62-DI63)+(DB62-DB63)+(CU62-CU63)+(CN62-CN63)+(CG62-CG63)+(BZ62-BZ63)+(BS62-BS63)+(BL62-BL63)+(BE62-BE63)+(AX62-AX63)+(AQ62-AQ63)+(AJ62-AJ63)+(AC62-AC63)+(V62-V63) -> 45.406577 | DX63: =DW63*$B$21 -> 1362197.3 | DY63: =DX$46/$G47 -> 1194924 | DZ63: =DX$46-DY63 -> 7713652.4 | EA63: =$B$20*DZ63 -> 231409.57 | EB63: =DY63+EA63 -> 1426333.6 | EC63: =DX63*(VLOOKUP(85,$A$24:$K$72,11,FALSE)-1) -> 7546379.1 | NC63: 17 | ND63: =N63+V63+AC63+AJ63+AQ63+AX63+BE63+BL63+BS63+BZ63+CG63+CN63+CU63+DB63+DI63+DP63+DW63 -> 300 | NE63: =P63+W63+AD63+AK63+AR63+AY63+BF63+BM63+BT63+CA63+CH63+CO63+CV63+DC63+DJ63+DQ63+DX63 -> 9000000 | NF63: =T63+AA63+AH63+AO63+AV63+BC63+BJ63+BQ63+BX63+CE63+CL63+CS63+CZ63+DG63+DN63+DU63+EB63 -> 9460705.7 | NH63: =U63+AB63+AI63+AP63+AW63+BD63+BK63+BR63+BY63+CF63+CM63+CT63+DA63+DH63+DO63+DV63+EC63 -> 40120303 | NI63: =R63+Y63+AF63+AM63+AT63+BA63+BH63+BO63+BV63+CC63+CJ63+CQ63+CX63+DE63+DL63+DS63+DZ63 -> 39342194
A64: ='CCRC F'!A64 -> 102 | B64: ='CCRC F'!B64 -> 0.3449 | D64: =D63-E63 -> 126.393 | E64: =D64*B64 -> 43.592945 | F64: =F65+D64 -> 333.73422 | G64: =F64/D64 -> 2.6404487 | I64: =D64*($C$20^A64) -> 6.1990636 | J64: =J65+I64 -> 15.7043 | K64: =J64/I64 -> 2.5333342 | M64: 18 | N64: =$B$18*$D$64/$D$47 -> 8.1136314 | O64: =$B$18*$B$21*$K$64 -> 22800008 | P64: =$B$18*$B$21*$D$64/$D$47 -> 243408.94 | Q64: =R63/$G$64 -> 213519.14 | R64: =R63-$Q$64 -> 350267.19 | S64: =$B$20*$R$64 -> 10508.016 | T64: =Q64+S64 -> 224027.15 | U64: =P64*(K64-1) -> 373227.26 | V64: =V$63*$D$61/$D$47 -> 1.1724292e-05 | W64: =V64*$B$21 -> 0.35172876 | X64: =Y63/$G63 -> 24371.44 | Y64: =Y63-X64 -> 43411.547 | Z64: =$B$20*Y64 -> 1302.3464 | AA64: =X64+Z64 -> 25673.787 | AB64: =W64*(VLOOKUP(101,$A$24:$K$72,11,FALSE)-1) -> 0.58359221 | AC64: =AC$63*$D$60/$D$47 -> 0.0001368177 | AD64: =AC64*$B$21 -> 4.1045311 | AE64: =AF63/$G62 -> 33420.667 | AF64: =AF63-AE64 -> 64415.127 | AG64: =$B$20*AF64 -> 1932.4538 | AH64: =AE64+AG64 -> 35353.121 | AI64: =AD64*(VLOOKUP(100,$A$24:$K$72,11,FALSE)-1) -> 7.3436564 | AJ64: =AJ$63*$D$59/$D$47 -> 0.001194946 | AK64: =AJ64*$B$21 -> 35.84838 | AL64: =AM63/$G61 -> 46037.818 | AM64: =AM63-AL64 -> 95741.525 | AN64: =$B$20*AM64 -> 2872.2457 | AO64: =AL64+AN64 -> 48910.064 | AP64: =AK64*(VLOOKUP(99,$A$24:$K$72,11,FALSE)-1) -> 68.961777 | AQ64: =AQ$63*$D$58/$D$47 -> 0.0088789816 | AR64: =AQ64*$B$21 -> 266.36945 | AS64: =AT63/$G60 -> 70796.745 | AT64: =AT63-AS64 -> 158462.48 | AU64: =$B$20*AT64 -> 4753.8743 | AV64: =AS64+AU64 -> 75550.619 | AW64: =AR64*(VLOOKUP(98,$A$24:$K$72,11,FALSE)-1) -> 549.53574 | AX64: =AX$63*$D$57/$D$47 -> 0.053093879 | AY64: =AX64*$B$21 -> 1592.8164 | AZ64: =BA63/$G59 -> 111878.08 | BA64: =BA63-AZ64 -> 269871.18 | BB64: =$B$20*BA64 -> 8096.1355 | BC64: =AZ64+BB64 -> 119974.22 | BD64: =AY64*(VLOOKUP(97,$A$24:$K$72,11,FALSE)-1) -> 3528.4319 | BE64: =BE$63*$D$56/$D$47 -> 0.23706523 | BF64: =BE64*$B$21 -> 7111.957 | BG64: =BH63/$G58 -> 164153.66 | BH64: =BH63-BG64 -> 427990.34 | BI64: =$B$20*BH64 -> 12839.71 | BJ64: =BG64+BI64 -> 176993.37 | BK64: =BF64*(VLOOKUP(96,$A$24:$K$72,11,FALSE)-1) -> 16963.373 | BL64: =BL$63*$D$55/$D$47 -> 0.82860132 | BM64: =BL64*$B$21 -> 24858.04 | BN64: =BO63/$G57 -> 228525.44 | BO64: =BO63-BN64 -> 646289.9 | BP64: =$B$20*BO64 -> 19388.697 | BQ64: =BN64+BP64 -> 247914.13 | BR64: =BM64*(VLOOKUP(95,$A$24:$K$72,11,FALSE)-1) -> 64051.433 | BS64: =BS$63*$D$54/$D$47 -> 2.3586174 | BT64: =BS64*$B$21 -> 70758.521 | BU64: =BV63/$G56 -> 306534.04 | BV64: =BV63-BU64 -> 943562.39 | BW64: =$B$20*BV64 -> 28306.872 | BX64: =BU64+BW64 -> 334840.92 | BY64: =BT64*(VLOOKUP(94,$A$24:$K$72,11,FALSE)-1) -> 197575.34 | BZ64: =BZ$63*$D$53/$D$47 -> 5.6179069 | CA64: =BZ64*$B$21 -> 168537.21 | CB64: =CC63/$G55 -> 398368.71 | CC64: =CC63-CB64 -> 1338843.9 | CD64: =$B$20*CC64 -> 40165.316 | CE64: =CB64+CD64 -> 438534.03 | CF64: =CA64*(VLOOKUP(93,$A$24:$K$72,11,FALSE)-1) -> 511369.97 | CG64: =CG$63*$D$52/$D$47 -> 11.180697 | CH64: =CG64*$B$21 -> 335420.91 | CI64: =CJ63/$G54 -> 494314.84 | CJ64: =CJ63-CI64 -> 1816537.6 | CK64: =$B$20*CJ64 -> 54496.127 | CL64: =CI64+CK64 -> 548810.97 | CM64: =CH64*(VLOOKUP(92,$A$24:$K$72,11,FALSE)-1) -> 1107081.8 | CN64: =CN$63*$D$51/$D$47 -> 18.975101 | CO64: =CN64*$B$21 -> 569253.04 | CP64: =CQ63/$G53 -> 593846.69 | CQ64: =CQ63-CP64 -> 2375829 | CR64: =$B$20*CQ64 -> 71274.87 | CS64: =CP64+CR64 -> 665121.56 | CT64: =CO64*(VLOOKUP(91,$A$24:$K$72,11,FALSE)-1) -> 2034074.9 | CU64: =CU$63*$D$50/$D$47 -> 28.10896 | CV64: =CU64*$B$21 -> 843268.81 | CW64: =CX63/$G52 -> 697853.16 | CX64: =CX63-CW64 -> 3026691 | CY64: =$B$20*CX64 -> 90800.73 | CZ64: =CW64+CY64 -> 788653.89 | DA64: =CV64*(VLOOKUP(90,$A$24:$K$72,11,FALSE)-1) -> 3247294.5 | DB64: =DB$63*$D$49/$D$47 -> 37.160824 | DC64: =DB64*$B$21 -> 1114824.7 | DD64: =DE63/$G51 -> 803676.34 | DE64: =DE63-DD64 -> 3776762 | DF64: =$B$20*DE64 -> 113302.86 | DG64: =DD64+DF64 -> 916979.2 | DH64: =DC64*(VLOOKUP(89,$A$24:$K$72,11,FALSE)-1) -> 4622913.9 | DI64: =DI$63*$D$48/$D$47 -> 44.476311 | DJ64: =DI64*$B$21 -> 1334289.3 | DK64: =DL63/$G50 -> 905143.79 | DL64: =DL63-DK64 -> 4627387.6 | DM64: =$B$20*DL64 -> 138821.63 | DN64: =DK64+DM64 -> 1043965.4 | DO64: =DJ64*(VLOOKUP(88,$A$24:$K$72,11,FALSE)-1) -> 5980526.3 | DP64: =DP$63*$D$47/$D$47 -> 48.521927 | DQ64: =DP64*$B$21 -> 1455657.8 | DR64: =DS63/$G49 -> 1003016.4 | DS64: =DS63-DR64 -> 5571022 | DT64: =$B$20*DS64 -> 167130.66 | DU64: =DR64+DT64 -> 1170147.1 | DV64: =DQ64*(VLOOKUP(87,$A$24:$K$72,11,FALSE)-1) -> 7040377.9 | DW64: =DW$63*$D$46/$D$47 -> 48.792797 | DX64: =DW64*$B$21 -> 1463783.9 | DY64: =DZ63/$G48 -> 1102914.9 | DZ64: =DZ63-DY64 -> 6610737.5 | EA64: =$B$20*DZ64 -> 198322.12 | EB64: =DY64+EA64 -> 1301237 | EC64: =DX64*(VLOOKUP(86,$A$24:$K$72,11,FALSE)-1) -> 7585435 | ED64: =($N63-$N64)+(DW63-DW64)+(DP63-DP64)+(DI63-DI64)+(DB63-DB64)+(CU63-CU64)+(CN63-CN64)+(CG63-CG64)+(BZ63-BZ64)+(BS63-BS64)+(BL63-BL64)+(BE63-BE64)+(AX63-AX64)+(AQ63-AQ64)+(AJ63-AJ64)+(AC63-AC64)+(V63-V64) -> 45.564244 | EE64: =ED64*$B$21 -> 1366927.3 | EF64: =EE$46/$G47 -> 1199073.2 | EG64: =EE$46-EF64 -> 7740436.7 | EH64: =$B$20*EG64 -> 232213.1 | EI64: =EF64+EH64 -> 1431286.3 | EJ64: =EE64*(VLOOKUP(85,$A$24:$K$72,11,FALSE)-1) -> 7572582.6 | NC64: 18 | ND64: =N64+V64+AC64+AJ64+AQ64+AX64+BE64+BL64+BS64+BZ64+CG64+CN64+CU64+DB64+DI64+DP64+DW64+ED64 -> 300 | NE64: =P64+W64+AD64+AK64+AR64+AY64+BF64+BM64+BT64+CA64+CH64+CO64+CV64+DC64+DJ64+DQ64+DX64+EE64 -> 9000000 | NF64: =T64+AA64+AH64+AO64+AV64+BC64+BJ64+BQ64+BX64+CE64+CL64+CS64+CZ64+DG64+DN64+DU64+EB64+EI64 -> 9593972.8 | NH64: =U64+AB64+AI64+AP64+AW64+BD64+BK64+BR64+BY64+CF64+CM64+CT64+DA64+DH64+DO64+DV64+EC64+EJ64 -> 40357629 | NI64: =R64+Y64+AF64+AM64+AT64+BA64+BH64+BO64+BV64+CC64+CJ64+CQ64+CX64+DE64+DL64+DS64+DZ64+EG64 -> 39884259
A65: ='CCRC F'!A65 -> 103 | B65: ='CCRC F'!B65 -> 0.3656 | D65: =D64-E64 -> 82.800052 | E65: =D65*B65 -> 30.271699 | F65: =F66+D65 -> 207.34123 | G65: =F65/D65 -> 2.5041195 | I65: =D65*($C$20^A65) -> 3.9427248 | J65: =J66+I65 -> 9.5052363 | K65: =J65/I65 -> 2.4108293 | M65: 19 | N65: =$B$18*$D$65/$D$47 -> 5.3152399 | O65: =$B$18*$B$21*$K$65 -> 21697463 | P65: =$B$18*$B$21*$D$65/$D$47 -> 159457.2 | Q65: =R64/$G$65 -> 139876.39 | R65: =R64-$Q$65 -> 210390.81 | S65: =$B$20*$R$65 -> 6311.7242 | T65: =Q65+S65 -> 146188.11 | U65: =P65*(K65-1) -> 224966.88 | V65: =V$64*$D$62/$D$47 -> 6.7826761e-07 | W65: =V65*$B$21 -> 0.020348028 | X65: =Y64/$G64 -> 16440.974 | Y65: =Y64-X65 -> 26970.574 | Z65: =$B$20*Y65 -> 809.11722 | AA65: =X65+Z65 -> 17250.091 | AB65: =W65*(VLOOKUP(102,$A$24:$K$72,11,FALSE)-1) -> 0.031200328 | AC65: =AC$64*$D$61/$D$47 -> 1.114176e-05 | AD65: =AC65*$B$21 -> 0.33425279 | AE65: =AF64/$G63 -> 23160.523 | AF65: =AF64-AE65 -> 41254.604 | AG65: =$B$20*AF65 -> 1237.6381 | AH65: =AE65+AG65 -> 24398.161 | AI65: =AD65*(VLOOKUP(101,$A$24:$K$72,11,FALSE)-1) -> 0.55459589 | AJ65: =AJ$64*$D$60/$D$47 -> 0.00013388899 | AK65: =AJ65*$B$21 -> 4.0166696 | AL65: =AM64/$G62 -> 32705.266 | AM65: =AM64-AL65 -> 63036.259 | AN65: =$B$20*AM65 -> 1891.0878 | AO65: =AL65+AN65 -> 34596.354 | AP65: =AK65*(VLOOKUP(100,$A$24:$K$72,11,FALSE)-1) -> 7.1864583 | AQ65: =AQ$64*$D$59/$D$47 -> 0.0013355549 | AR65: =AQ65*$B$21 -> 40.066648 | AS65: =AT64/$G61 -> 51455.074 | AT65: =AT64-AS65 -> 107007.4 | AU65: =$B$20*AT65 -> 3210.222 | AV65: =AS65+AU65 -> 54665.296 | AW65: =AR65*(VLOOKUP(99,$A$24:$K$72,11,FALSE)-1) -> 77.076489 | AX65: =AX$64*$D$58/$D$47 -> 0.010451842 | AY65: =AX65*$B$21 -> 313.55527 | AZ65: =BA64/$G60 -> 83337.984 | BA65: =BA64-AZ65 -> 186533.2 | BB65: =$B$20*BA65 -> 5595.996 | BC65: =AZ65+BB65 -> 88933.98 | BD65: =AY65*(VLOOKUP(98,$A$24:$K$72,11,FALSE)-1) -> 646.88286 | BE65: =BE$64*$D$57/$D$47 -> 0.05952511 | BF65: =BE65*$B$21 -> 1785.7533 | BG65: =BH64/$G59 -> 125429.81 | BH65: =BH64-BG65 -> 302560.53 | BI65: =$B$20*BH65 -> 9076.8158 | BJ65: =BG65+BI65 -> 134506.63 | BK65: =BF65*(VLOOKUP(97,$A$24:$K$72,11,FALSE)-1) -> 3955.8289 | BL65: =BL$64*$D$56/$D$47 -> 0.25874258 | BM65: =BL65*$B$21 -> 7762.2773 | BN65: =BO64/$G58 -> 179163.94 | BO65: =BO64-BN65 -> 467125.96 | BP65: =$B$20*BO65 -> 14013.779 | BQ65: =BN65+BP65 -> 193177.72 | BR65: =BM65*(VLOOKUP(96,$A$24:$K$72,11,FALSE)-1) -> 18514.511 | BS65: =BS$64*$D$55/$D$47 -> 0.89371666 | BT65: =BS65*$B$21 -> 26811.5 | BU65: =BV64/$G57 -> 246484.03 | BV65: =BV64-BU65 -> 697078.36 | BW65: =$B$20*BV65 -> 20912.351 | BX65: =BU65+BW65 -> 267396.38 | BY65: =BT65*(VLOOKUP(95,$A$24:$K$72,11,FALSE)-1) -> 69084.892 | BZ65: =BZ$64*$D$54/$D$47 -> 2.5260614 | CA65: =BZ65*$B$21 -> 75781.843 | CB65: =CC64/$G56 -> 328295.65 | CC65: =CC64-CB65 -> 1010548.2 | CD65: =$B$20*CC65 -> 30316.446 | CE65: =CB65+CD65 -> 358612.1 | CF65: =CA65*(VLOOKUP(94,$A$24:$K$72,11,FALSE)-1) -> 211601.7 | CG65: =CG$64*$D$53/$D$47 -> 5.8744331 | CH65: =CG65*$B$21 -> 176232.99 | CI65: =CJ64/$G55 -> 416559.11 | CJ65: =CJ64-CI65 -> 1399978.5 | CK65: =$B$20*CJ65 -> 41999.354 | CL65: =CI65+CK65 -> 458558.47 | CM65: =CH65*(VLOOKUP(93,$A$24:$K$72,11,FALSE)-1) -> 534720.26 | CN65: =CN$64*$D$52/$D$47 -> 11.495076 | CO65: =CN65*$B$21 -> 344852.28 | CP65: =CQ64/$G54 -> 508213.99 | CQ65: =CQ64-CP65 -> 1867615 | CR65: =$B$20*CQ65 -> 56028.451 | CS65: =CP65+CR65 -> 564242.44 | CT65: =CO65*(VLOOKUP(92,$A$24:$K$72,11,FALSE)-1) -> 1138210.8 | CU65: =CU$64*$D$51/$D$47 -> 19.339407 | CV65: =CU65*$B$21 -> 580182.22 | CW65: =CX64/$G53 -> 605248.05 | CX65: =CX64-CW65 -> 2421443 | CY65: =$B$20*CX65 -> 72643.289 | CZ65: =CW65+CY65 -> 677891.34 | DA65: =CV65*(VLOOKUP(91,$A$24:$K$72,11,FALSE)-1) -> 2073127.4 | DB65: =DB$64*$D$50/$D$47 -> 28.503046 | DC65: =DB65*$B$21 -> 855091.37 | DD65: =DE64/$G52 -> 707637.01 | DE65: =DE64-DD65 -> 3069125 | DF65: =$B$20*DE65 -> 92073.75 | DG65: =DD65+DF65 -> 799710.76 | DH65: =DC65*(VLOOKUP(90,$A$24:$K$72,11,FALSE)-1) -> 3292821.3 | DI65: =DI$64*$D$49/$D$47 -> 37.54172 | DJ65: =DI65*$B$21 -> 1126251.6 | DK65: =DL64/$G51 -> 811913.98 | DL65: =DL64-DK65 -> 3815473.6 | DM65: =$B$20*DL65 -> 114464.21 | DN65: =DK65+DM65 -> 926378.19 | DO65: =DJ65*(VLOOKUP(89,$A$24:$K$72,11,FALSE)-1) -> 4670298.5 | DP65: =DP$64*$D$48/$D$47 -> 44.785739 | DQ65: =DP65*$B$21 -> 1343572.2 | DR65: =DS64/$G50 -> 911441 | DS65: =DS64-DR65 -> 4659581 | DT65: =$B$20*DS65 -> 139787.43 | DU65: =DR65+DT65 -> 1051228.4 | DV65: =DQ65*(VLOOKUP(88,$A$24:$K$72,11,FALSE)-1) -> 6022133.7 | DW65: =DW$64*$D$47/$D$47 -> 48.792797 | DX65: =DW65*$B$21 -> 1463783.9 | DY65: =DZ64/$G49 -> 1008615.7 | DZ65: =DZ64-DY65 -> 5602121.8 | EA65: =$B$20*DZ65 -> 168063.65 | EB65: =DY65+EA65 -> 1176679.3 | EC65: =DX65*(VLOOKUP(87,$A$24:$K$72,11,FALSE)-1) -> 7079680.3 | ED65: =ED$64*$D$46/$D$47 -> 48.962222 | EE65: =ED65*$B$21 -> 1468866.7 | EF65: =EG64/$G48 -> 1106744.6 | EG65: =EG64-EF65 -> 6633692.1 | EH65: =$B$20*EG65 -> 199010.76 | EI65: =EF65+EH65 -> 1305755.3 | EJ65: =EE65*(VLOOKUP(86,$A$24:$K$72,11,FALSE)-1) -> 7611774.1 | EK65: =($N64-$N65)+(ED64-ED65)+(DW64-DW65)+(DP64-DP65)+(DI64-DI65)+(DB64-DB65)+(CU64-CU65)+(CN64-CN65)+(CG64-CG65)+(BZ64-BZ65)+(BS64-BS65)+(BL64-BL65)+(BE64-BE65)+(AX64-AX65)+(AQ64-AQ65)+(AJ64-AJ65)+(AC64-AC65)+(V64-V65) -> 45.64034 | EL65: =EK65*$B$21 -> 1369210.2 | EM65: =EL$46/$G47 -> 1201075.8 | EN65: =EL$46-EM65 -> 7753364 | EO65: =$B$20*EN65 -> 232600.92 | EP65: =EM65+EO65 -> 1433676.7 | EQ65: =EL65*(VLOOKUP(85,$A$24:$K$72,11,FALSE)-1) -> 7585229.5 | NC65: 19 | ND65: =N65+V65+AC65+AJ65+AQ65+AX65+BE65+BL65+BS65+BZ65+CG65+CN65+CU65+DB65+DI65+DP65+DW65+ED65+EK65 -> 300 | NE65: =P65+W65+AD65+AK65+AR65+AY65+BF65+BM65+BT65+CA65+CH65+CO65+CV65+DC65+DJ65+DQ65+DX65+EE65+EL65 -> 9000000 | NF65: =T65+AA65+AH65+AO65+AV65+BC65+BJ65+BQ65+BX65+CE65+CL65+CS65+CZ65+DG65+DN65+DU65+EB65+EI65+EP65 -> 9713845.8 | NH65: =U65+AB65+AI65+AP65+AW65+BD65+BK65+BR65+BY65+CF65+CM65+CT65+DA65+DH65+DO65+DV65+EC65+EJ65+EQ65 -> 40536851 | NI65: =R65+Y65+AF65+AM65+AT65+BA65+BH65+BO65+BV65+CC65+CJ65+CQ65+CX65+DE65+DL65+DS65+DZ65+EG65+EN65 -> 40334900
A66: ='CCRC F'!A66 -> 104 | B66: ='CCRC F'!B66 -> 0.3875 | D66: =D65-E65 -> 52.528353 | E66: =D66*B66 -> 20.354737 | F66: =F67+D66 -> 124.54118 | G66: =F66/D66 -> 2.3709324 | I66: =D66*($C$20^A66) -> 2.4284123 | J66: =J67+I66 -> 5.5625115 | K66: =J66/I66 -> 2.290596 | M66: 20 | N66: =$B$18*$D$66/$D$47 -> 3.3719882 | O66: =$B$18*$B$21*$K$66 -> 20615364 | P66: =$B$18*$B$21*$D$66/$D$47 -> 101159.65 | Q66: =R65/$G$66 -> 88737.58 | R66: =R65-$Q$66 -> 121653.23 | S66: =$B$20*$R$66 -> 3649.5968 | T66: =Q66+S66 -> 92387.177 | U66: =P66*(K66-1) -> 130556.24 | V66: =V$65*$D$63/$D$47 -> 2.7192477e-08 | W66: =V66*$B$21 -> 0.0008157743 | X66: =Y65/$G65 -> 10770.482 | Y66: =Y65-X66 -> 16200.092 | Z66: =$B$20*Y66 -> 486.00276 | AA66: =X66+Z66 -> 11256.485 | AB66: =W66*(VLOOKUP(103,$A$24:$K$72,11,FALSE)-1) -> 0.0011509182 | AC66: =AC$65*$D$62/$D$47 -> 6.4456725e-07 | AD66: =AC66*$B$21 -> 0.019337018 | AE66: =AF65/$G64 -> 15624.089 | AF66: =AF65-AE66 -> 25630.516 | AG66: =$B$20*AF66 -> 768.91547 | AH66: =AE66+AG66 -> 16393.004 | AI66: =AD66*(VLOOKUP(102,$A$24:$K$72,11,FALSE)-1) -> 0.029650111 | AJ66: =AJ$65*$D$61/$D$47 -> 1.090326e-05 | AK66: =AJ66*$B$21 -> 0.32709779 | AL66: =AM65/$G63 -> 22664.749 | AM66: =AM65-AL66 -> 40371.51 | AN66: =$B$20*AM66 -> 1211.1453 | AO66: =AL66+AN66 -> 23875.894 | AP66: =AK66*(VLOOKUP(101,$A$24:$K$72,11,FALSE)-1) -> 0.54272423 | AQ66: =AQ$65*$D$60/$D$47 -> 0.00014964367 | AR66: =AQ66*$B$21 -> 4.48931 | AS66: =AT65/$G62 -> 36553.685 | AT66: =AT65-AS66 -> 70453.717 | AU66: =$B$20*AT66 -> 2113.6115 | AV66: =AS66+AU66 -> 38667.296 | AW66: =AR66*(VLOOKUP(100,$A$24:$K$72,11,FALSE)-1) -> 8.0320867 | AX66: =AX$65*$D$59/$D$47 -> 0.0015721409 | AY66: =AX66*$B$21 -> 47.164226 | AZ66: =BA65/$G61 -> 60570.047 | BA66: =BA65-AZ66 -> 125963.15 | BB66: =$B$20*BA66 -> 3778.8946 | BC66: =AZ66+BB66 -> 64348.941 | BD66: =AY66*(VLOOKUP(99,$A$24:$K$72,11,FALSE)-1) -> 90.730149 | BE66: =BE$65*$D$58/$D$47 -> 0.011717868 | BF66: =BE66*$B$21 -> 351.53605 | BG66: =BH65/$G60 -> 93432.668 | BH66: =BH65-BG66 -> 209127.86 | BI66: =$B$20*BH66 -> 6273.8358 | BJ66: =BG66+BI66 -> 99706.503 | BK66: =BF66*(VLOOKUP(98,$A$24:$K$72,11,FALSE)-1) -> 725.23942 | BL66: =BL$65*$D$57/$D$47 -> 0.064968111 | BM66: =BL66*$B$21 -> 1949.0433 | BN66: =BO65/$G59 -> 136899.17 | BO66: =BO65-BN66 -> 330226.79 | BP66: =$B$20*BO66 -> 9906.8037 | BQ66: =BN66+BP66 -> 146805.97 | BR66: =BM66*(VLOOKUP(97,$A$24:$K$72,11,FALSE)-1) -> 4317.5515 | BS66: =BS$65*$D$56/$D$47 -> 0.27907577 | BT66: =BS66*$B$21 -> 8372.2732 | BU66: =BV65/$G58 -> 193243.48 | BV66: =BV65-BU66 -> 503834.88 | BW66: =$B$20*BV66 -> 15115.047 | BX66: =BU66+BW66 -> 208358.52 | BY66: =BT66*(VLOOKUP(96,$A$24:$K$72,11,FALSE)-1) -> 19969.468 | BZ66: =BZ$65*$D$55/$D$47 -> 0.95716382 | CA66: =BZ66*$B$21 -> 28714.915 | CB66: =CC65/$G57 -> 263982.54 | CC66: =CC65-CB66 -> 746565.68 | CD66: =$B$20*CC66 -> 22396.97 | CE66: =CB66+CD66 -> 286379.51 | CF66: =CA66*(VLOOKUP(95,$A$24:$K$72,11,FALSE)-1) -> 73989.399 | CG66: =CG$65*$D$54/$D$47 -> 2.641407 | CH66: =CG66*$B$21 -> 79242.211 | CI66: =CJ65/$G56 -> 343286.37 | CJ66: =CJ65-CI66 -> 1056692.1 | CK66: =$B$20*CJ66 -> 31700.763 | CL66: =CI66+CK66 -> 374987.13 | CM66: =CH66*(VLOOKUP(94,$A$24:$K$72,11,FALSE)-1) -> 221263.91 | CN66: =CN$65*$D$53/$D$47 -> 6.0396105 | CO66: =CN66*$B$21 -> 181188.32 | CP66: =CQ65/$G55 -> 428271.93 | CQ66: =CQ65-CP66 -> 1439343.1 | CR66: =$B$20*CQ66 -> 43180.293 | CS66: =CP66+CR66 -> 471452.23 | CT66: =CO66*(VLOOKUP(93,$A$24:$K$72,11,FALSE)-1) -> 549755.53 | CU66: =CU$65*$D$52/$D$47 -> 11.715772 | CV66: =CU66*$B$21 -> 351473.15 | CW66: =CX65/$G54 -> 517971.28 | CX66: =CX65-CW66 -> 1903471.7 | CY66: =$B$20*CX66 -> 57104.15 | CZ66: =CW66+CY66 -> 575075.43 | DA66: =CV66*(VLOOKUP(92,$A$24:$K$72,11,FALSE)-1) -> 1160063.5 | DB66: =DB$65*$D$51/$D$47 -> 19.610544 | DC66: =DB66*$B$21 -> 588316.33 | DD66: =DE65/$G53 -> 613733.58 | DE66: =DE65-DD66 -> 2455391.4 | DF66: =$B$20*DE66 -> 73661.742 | DG66: =DD66+DF66 -> 687395.32 | DH66: =DC66*(VLOOKUP(91,$A$24:$K$72,11,FALSE)-1) -> 2102192.5 | DI66: =DI$65*$D$50/$D$47 -> 28.795201 | DJ66: =DI66*$B$21 -> 863856.02 | DK66: =DL65/$G52 -> 714890.26 | DL66: =DL65-DK66 -> 3100583.4 | DM66: =$B$20*DL66 -> 93017.501 | DN66: =DK66+DM66 -> 807907.76 | DO66: =DJ66*(VLOOKUP(90,$A$24:$K$72,11,FALSE)-1) -> 3326572.6 | DP66: =DP$65*$D$49/$D$47 -> 37.802903 | DQ66: =DP66*$B$21 -> 1134087.1 | DR66: =DS65/$G51 -> 817562.58 | DS66: =DS65-DR66 -> 3842018.4 | DT66: =$B$20*DS66 -> 115260.55 | DU66: =DR66+DT66 -> 932823.13 | DV66: =DQ66*(VLOOKUP(89,$A$24:$K$72,11,FALSE)-1) -> 4702790.4 | DW66: =DW$65*$D$48/$D$47 -> 45.035752 | DX66: =DW66*$B$21 -> 1351072.6 | DY66: =DZ65/$G50 -> 916529.05 | DZ66: =DZ65-DY66 -> 4685592.8 | EA66: =$B$20*DZ66 -> 140567.78 | EB66: =DY66+EA66 -> 1057096.8 | EC66: =DX66*(VLOOKUP(88,$A$24:$K$72,11,FALSE)-1) -> 6055751.8 | ED66: =ED$65*$D$47/$D$47 -> 48.962222 | EE66: =ED66*$B$21 -> 1468866.7 | EF66: =EG65/$G49 -> 1012117.9 | EG66: =EG65-EF66 -> 5621574.2 | EH66: =$B$20*EG66 -> 168647.23 | EI66: =EF66+EH66 -> 1180765.1 | EJ66: =EE66*(VLOOKUP(87,$A$24:$K$72,11,FALSE)-1) -> 7104263.2 | EK66: =EK$65*$D$46/$D$47 -> 49.043994 | EL66: =EK66*$B$21 -> 1471319.8 | EM66: =EN65/$G48 -> 1108592.9 | EN66: =EN65-EM66 -> 6644771 | EO66: =$B$20*EN66 -> 199343.13 | EP66: =EM66+EO66 -> 1307936.1 | EQ66: =EL66*(VLOOKUP(86,$A$24:$K$72,11,FALSE)-1) -> 7624486.5 | ER66: =($N65-$N66)+(EK65-EK66)+(ED65-ED66)+(DW65-DW66)+(DP65-DP66)+(DI65-DI66)+(DB65-DB66)+(CU65-CU66)+(CN65-CN66)+(CG65-CG66)+(BZ65-BZ66)+(BS65-BS66)+(BL65-BL66)+(BE65-BE66)+(AX65-AX66)+(AQ65-AQ66)+(AJ65-AJ66)+(AC65-AC66)+(V65-V66) -> 45.665948 | ES66: =ER66*$B$21 -> 1369978.4 | ET66: =ES$46/$G47 -> 1201749.7 | EU66: =ES$46-ET66 -> 7757714.1 | EV66: =$B$20*EU66 -> 232731.42 | EW66: =ET66+EV66 -> 1434481.1 | EX66: =ES66*(VLOOKUP(85,$A$24:$K$72,11,FALSE)-1) -> 7589485.3 | NC66: 20 | ND66: =N66+V66+AC66+AJ66+AQ66+AX66+BE66+BL66+BS66+BZ66+CG66+CN66+CU66+DB66+DI66+DP66+DW66+ED66+EK66+ER66 -> 300 | NE66: =P66+W66+AD66+AK66+AR66+AY66+BF66+BM66+BT66+CA66+CH66+CO66+CV66+DC66+DJ66+DQ66+DX66+EE66+EL66+ES66 -> 9000000 | NF66: =T66+AA66+AH66+AO66+AV66+BC66+BJ66+BQ66+BX66+CE66+CL66+CS66+CZ66+DG66+DN66+DU66+EB66+EI66+EP66+EW66 -> 9818099.4 | NH66: =U66+AB66+AI66+AP66+AW66+BD66+BK66+BR66+BY66+CF66+CM66+CT66+DA66+DH66+DO66+DV66+EC66+EJ66+EQ66+EX66 -> 40666282 | NI66: =R66+Y66+AF66+AM66+AT66+BA66+BH66+BO66+BV66+CC66+CJ66+CQ66+CX66+DE66+DL66+DS66+DZ66+EG66+EN66+EU66 -> 40697180
A67: ='CCRC F'!A67 -> 105 | B67: ='CCRC F'!B67 -> 0.4108 | D67: =D66-E66 -> 32.173616 | E67: =D67*B67 -> 13.216922 | F67: =F68+D67 -> 72.012822 | G67: =F67/D67 -> 2.238257 | I67: =D67*($C$20^A67) -> 1.4440801 | J67: =J68+I67 -> 3.1340993 | K67: =J67/I67 -> 2.1703085 | M67: 21 | N67: =$B$18*$D$67/$D$47 -> 2.0653428 | O67: =$B$18*$B$21*$K$67 -> 19532776 | P67: =$B$18*$B$21*$D$67/$D$47 -> 61960.284 | Q67: =R66/$G$67 -> 54351.768 | R67: =R66-$Q$67 -> 67301.458 | S67: =$B$20*$R$67 -> 2019.0437 | T67: =Q67+S67 -> 56370.811 | U67: =P67*(K67-1) -> 72512.644 | V67: =V$66*$D$64/$D$47 -> 7.3543244e-10 | W67: =V67*$B$21 -> 2.2062973e-05 | X67: =Y66/$G66 -> 6832.7937 | Y67: =Y66-X67 -> 9367.2984 | Z67: =$B$20*Y67 -> 281.01895 | AA67: =X67+Z67 -> 7113.8126 | AB67: =W67*(VLOOKUP(104,$A$24:$K$72,11,FALSE)-1) -> 2.8474386e-05 | AC67: =AC$66*$D$63/$D$47 -> 2.5841393e-08 | AD67: =AC67*$B$21 -> 0.00077524179 | AE67: =AF66/$G65 -> 10235.34 | AF67: =AF66-AE67 -> 15395.175 | AG67: =$B$20*AF67 -> 461.85526 | AH67: =AE67+AG67 -> 10697.196 | AI67: =AD67*(VLOOKUP(103,$A$24:$K$72,11,FALSE)-1) -> 0.0010937338 | AJ67: =AJ$66*$D$62/$D$47 -> 6.3076967e-07 | AK67: =AJ67*$B$21 -> 0.01892309 | AL67: =AM66/$G64 -> 15289.64 | AM67: =AM66-AL67 -> 25081.87 | AN67: =$B$20*AM67 -> 752.45609 | AO67: =AL67+AN67 -> 16042.096 | AP67: =AK67*(VLOOKUP(102,$A$24:$K$72,11,FALSE)-1) -> 0.029015422 | AQ67: =AQ$66*$D$61/$D$47 -> 1.2186243e-05 | AR67: =AQ67*$B$21 -> 0.36558729 | AS67: =AT66/$G63 -> 25331.704 | AT67: =AT66-AS67 -> 45122.013 | AU67: =$B$20*AT67 -> 1353.6604 | AV67: =AS67+AU67 -> 26685.364 | AW67: =AR67*(VLOOKUP(101,$A$24:$K$72,11,FALSE)-1) -> 0.60658643 | AX67: =AX$66*$D$60/$D$47 -> 0.00017615219 | AY67: =AX67*$B$21 -> 5.2845656 | AZ67: =BA66/$G62 -> 43028.961 | BA67: =BA66-AZ67 -> 82934.19 | BB67: =$B$20*BA67 -> 2488.0257 | BC67: =AZ67+BB67 -> 45516.987 | BD67: =AY67*(VLOOKUP(100,$A$24:$K$72,11,FALSE)-1) -> 9.454925 | BE67: =BE$66*$D$59/$D$47 -> 0.0017625734 | BF67: =BE67*$B$21 -> 52.877203 | BG67: =BH66/$G61 -> 67906.863 | BH67: =BH66-BG67 -> 141221 | BI67: =$B$20*BH67 -> 4236.6299 | BJ67: =BG67+BI67 -> 72143.493 | BK67: =BF67*(VLOOKUP(99,$A$24:$K$72,11,FALSE)-1) -> 101.72024 | BL67: =BL$66*$D$58/$D$47 -> 0.012789355 | BM67: =BL67*$B$21 -> 383.68065 | BN67: =BO66/$G60 -> 101976.19 | BO67: =BO66-BN67 -> 228250.6 | BP67: =$B$20*BO67 -> 6847.518 | BQ67: =BN67+BP67 -> 108823.71 | BR67: =BM67*(VLOOKUP(98,$A$24:$K$72,11,FALSE)-1) -> 791.55561 | BS67: =BS$66*$D$57/$D$47 -> 0.070073607 | BT67: =BS67*$B$21 -> 2102.2082 | BU67: =BV66/$G59 -> 147657.34 | BV67: =BV66-BU67 -> 356177.54 | BW67: =$B$20*BV67 -> 10685.326 | BX67: =BU67+BW67 -> 158342.67 | BY67: =BT67*(VLOOKUP(97,$A$24:$K$72,11,FALSE)-1) -> 4656.8448 | BZ67: =BZ$66*$D$56/$D$47 -> 0.29888805 | CA67: =BZ67*$B$21 -> 8966.6415 | CB67: =CC66/$G58 -> 206962.31 | CC67: =CC66-CB67 -> 539603.37 | CD67: =$B$20*CC67 -> 16188.101 | CE67: =CB67+CD67 -> 223150.41 | CF67: =CA67*(VLOOKUP(96,$A$24:$K$72,11,FALSE)-1) -> 21387.15 | CG67: =CG$66*$D$55/$D$47 -> 1.0008701 | CH67: =CG67*$B$21 -> 30026.102 | CI67: =CJ66/$G57 -> 276036.57 | CJ67: =CJ66-CI67 -> 780655.53 | CK67: =$B$20*CJ67 -> 23419.666 | CL67: =CI67+CK67 -> 299456.23 | CM67: =CH67*(VLOOKUP(95,$A$24:$K$72,11,FALSE)-1) -> 77367.92 | CN67: =CN$66*$D$54/$D$47 -> 2.7156782 | CO67: =CN67*$B$21 -> 81470.345 | CP67: =CQ66/$G56 -> 352938.9 | CQ67: =CQ66-CP67 -> 1086404.2 | CR67: =$B$20*CQ67 -> 32592.126 | CS67: =CP67+CR67 -> 385531.03 | CT67: =CO67*(VLOOKUP(94,$A$24:$K$72,11,FALSE)-1) -> 227485.41 | CU67: =CU$66*$D$53/$D$47 -> 6.155566 | CV67: =CU67*$B$21 -> 184666.98 | CW67: =CX66/$G55 -> 436494.4 | CX67: =CX66-CW67 -> 1466977.3 | CY67: =$B$20*CX67 -> 44009.318 | CZ67: =CW67+CY67 -> 480503.72 | DA67: =CV67*(VLOOKUP(93,$A$24:$K$72,11,FALSE)-1) -> 560310.38 | DB67: =DB$66*$D$52/$D$47 -> 11.880026 | DC67: =DB67*$B$21 -> 356400.78 | DD67: =DE66/$G54 -> 525233.2 | DE67: =DE66-DD67 -> 1930158.2 | DF67: =$B$20*DE67 -> 57904.746 | DG67: =DD67+DF67 -> 583137.95 | DH67: =DC67*(VLOOKUP(92,$A$24:$K$72,11,FALSE)-1) -> 1176327.5 | DI67: =DI$66*$D$51/$D$47 -> 19.811552 | DJ67: =DI67*$B$21 -> 594346.55 | DK67: =DL66/$G53 -> 620024.32 | DL67: =DL66-DK67 -> 2480559.1 | DM67: =$B$20*DL67 -> 74416.772 | DN67: =DK67+DM67 -> 694441.09 | DO67: =DJ67*(VLOOKUP(91,$A$24:$K$72,11,FALSE)-1) -> 2123739.9 | DP67: =DP$66*$D$50/$D$47 -> 28.995533 | DQ67: =DP67*$B$21 -> 869865.99 | DR67: =DS66/$G52 -> 719863.85 | DS67: =DS66-DR67 -> 3122154.6 | DT67: =$B$20*DS67 -> 93664.637 | DU67: =DR67+DT67 -> 813528.49 | DV67: =DQ67*(VLOOKUP(90,$A$24:$K$72,11,FALSE)-1) -> 3349716 | DW67: =DW$66*$D$49/$D$47 -> 38.013935 | DX67: =DW67*$B$21 -> 1140418.1 | DY67: =DZ66/$G51 -> 822126.56 | DZ67: =DZ66-DY67 -> 3863466.2 | EA67: =$B$20*DZ67 -> 115903.99 | EB67: =DY67+EA67 -> 938030.55 | EC67: =DX67*(VLOOKUP(89,$A$24:$K$72,11,FALSE)-1) -> 4729043.4 | ED67: =ED$66*$D$48/$D$47 -> 45.192131 | EE67: =ED67*$B$21 -> 1355763.9 | EF67: =EG66/$G50 -> 919711.54 | EG67: =EG66-EF67 -> 4701862.7 | EH67: =$B$20*EG67 -> 141055.88 | EI67: =EF67+EH67 -> 1060767.4 | EJ67: =EE67*(VLOOKUP(88,$A$24:$K$72,11,FALSE)-1) -> 6076779.3 | EK67: =EK$66*$D$47/$D$47 -> 49.043994 | EL67: =EK67*$B$21 -> 1471319.8 | EM67: =EN66/$G49 -> 1013808.2 | EN67: =EN66-EM67 -> 5630962.8 | EO67: =$B$20*EN67 -> 168928.88 | EP67: =EM67+EO67 -> 1182737.1 | EQ67: =EL67*(VLOOKUP(87,$A$24:$K$72,11,FALSE)-1) -> 7116128.1 | ER67: =ER$66*$D$46/$D$47 -> 49.07151 | ES67: =ER67*$B$21 -> 1472145.3 | ET67: =EU66/$G48 -> 1109214.9 | EU67: =EU66-ET67 -> 6648499.2 | EV67: =$B$20*EU67 -> 199454.98 | EW67: =ET67+EV67 -> 1308669.9 | EX67: =ES67*(VLOOKUP(86,$A$24:$K$72,11,FALSE)-1) -> 7628764.3 | EY67: =($N66-$N67)+(ER66-ER67)+(EK66-EK67)+(ED66-ED67)+(DW66-DW67)+(DP66-DP67)+(DI66-DI67)+(DB66-DB67)+(CU66-CU67)+(CN66-CN67)+(CG66-CG67)+(BZ66-BZ67)+(BS66-BS67)+(BL66-BL67)+(BE66-BE67)+(AX66-AX67)+(AQ66-AQ67)+(AJ66-AJ67)+(AC66-AC67)+(V66-V67) -> 45.67016 | EZ67: =EY67*$B$21 -> 1370104.8 | FA67: =EZ$46/$G47 -> 1201860.5 | FB67: =EZ$46-FA67 -> 7758429.7 | FC67: =$B$20*FB67 -> 232752.89 | FD67: =FA67+FC67 -> 1434613.4 | FE67: =EZ67*(VLOOKUP(85,$A$24:$K$72,11,FALSE)-1) -> 7590185.4 | NC67: 21 | ND67: =N67+V67+AC67+AJ67+AQ67+AX67+BE67+BL67+BS67+BZ67+CG67+CN67+CU67+DB67+DI67+DP67+DW67+ED67+EK67+ER67+EY67 -> 300 | NE67: =P67+W67+AD67+AK67+AR67+AY67+BF67+BM67+BT67+CA67+CH67+CO67+CV67+DC67+DJ67+DQ67+DX67+EE67+EL67+ES67+EZ67 -> 9000000 | NF67: =T67+AA67+AH67+AO67+AV67+BC67+BJ67+BQ67+BX67+CE67+CL67+CS67+CZ67+DG67+DN67+DU67+EB67+EI67+EP67+EW67+FD67 -> 9906303.4 | NH67: =U67+AB67+AI67+AP67+AW67+BD67+BK67+BR67+BY67+CF67+CM67+CT67+DA67+DH67+DO67+DV67+EC67+EJ67+EQ67+EX67+FE67 -> 40755308 | NI67: =R67+Y67+AF67+AM67+AT67+BA67+BH67+BO67+BV67+CC67+CJ67+CQ67+CX67+DE67+DL67+DS67+DZ67+EG67+EN67+EU67+FB67 -> 40980584
A68: ='CCRC F'!A68 -> 106 | B68: ='CCRC F'!B68 -> 0.4354 | D68: =D67-E67 -> 18.956695 | E68: =D68*B68 -> 8.2537449 | F68: =F69+D68 -> 39.839206 | G68: =F68/D68 -> 2.1015903 | I68: =D68*($C$20^A68) -> 0.8260699 | J68: =J69+I68 -> 1.6900192 | K68: =J68/I68 -> 2.0458549 | M68: 22 | N68: =$B$18*$D$68/$D$47 -> 1.2169 | O68: =$B$18*$B$21*$K$68 -> 18412694 | P68: =$B$18*$B$21*$D$68/$D$47 -> 36506.999 | Q68: =R67/$G$68 -> 32024.062 | R68: =R67-$Q$68 -> 35277.396 | S68: =$B$20*$R$68 -> 1058.3219 | T68: =Q68+S68 -> 33082.383 | U68: =P68*(K68-1) -> 38181.024 | V68: =V$67*$D$65/$D$47 -> 1.303e-11 | W68: =V68*$B$21 -> 3.9089999e-07 | X68: =Y67/$G67 -> 4185.0861 | Y68: =Y67-X68 -> 5182.2123 | Z68: =$B$20*Y68 -> 155.46637 | AA68: =X68+Z68 -> 4340.5525 | AB68: =W68*(VLOOKUP(105,$A$24:$K$72,11,FALSE)-1) -> 4.5747356e-07 | AC68: =AC$67*$D$64/$D$47 -> 6.988918e-10 | AD68: =AC68*$B$21 -> 2.0966754e-05 | AE68: =AF67/$G66 -> 6493.2999 | AF68: =AF67-AE68 -> 8901.8754 | AG68: =$B$20*AF68 -> 267.05626 | AH68: =AE68+AG68 -> 6760.3562 | AI68: =AD68*(VLOOKUP(104,$A$24:$K$72,11,FALSE)-1) -> 2.705961e-05 | AJ68: =AJ$67*$D$63/$D$47 -> 2.5288233e-08 | AK68: =AJ68*$B$21 -> 0.00075864699 | AL68: =AM67/$G65 -> 10016.243 | AM68: =AM67-AL68 -> 15065.627 | AN68: =$B$20*AM68 -> 451.9688 | AO68: =AL68+AN68 -> 10468.212 | AP68: =AK68*(VLOOKUP(103,$A$24:$K$72,11,FALSE)-1) -> 0.0010703214 | AQ68: =AQ$67*$D$62/$D$47 -> 7.0499215e-07 | AR68: =AQ68*$B$21 -> 0.021149765 | AS68: =AT67/$G64 -> 17088.767 | AT68: =AT67-AS68 -> 28033.246 | AU68: =$B$20*AT68 -> 840.99738 | AV68: =AS68+AU68 -> 17929.765 | AW68: =AR68*(VLOOKUP(102,$A$24:$K$72,11,FALSE)-1) -> 0.032429658 | AX68: =AX$67*$D$61/$D$47 -> 1.4344966e-05 | AY68: =AX68*$B$21 -> 0.43034899 | AZ68: =BA67/$G63 -> 29819.07 | BA68: =BA67-AZ68 -> 53115.12 | BB68: =$B$20*BA68 -> 1593.4536 | BC68: =AZ68+BB68 -> 31412.524 | BD68: =AY68*(VLOOKUP(101,$A$24:$K$72,11,FALSE)-1) -> 0.71403975 | BE68: =BE$67*$D$60/$D$47 -> 0.0001974894 | BF68: =BE68*$B$21 -> 5.9246821 | BG68: =BH67/$G62 -> 48241.035 | BH68: =BH67-BG68 -> 92979.963 | BI68: =$B$20*BH68 -> 2789.3989 | BJ68: =BG68+BI68 -> 51030.434 | BK68: =BF68*(VLOOKUP(100,$A$24:$K$72,11,FALSE)-1) -> 10.600195 | BL68: =BL$67*$D$59/$D$47 -> 0.0019237439 | BM68: =BL68*$B$21 -> 57.712316 | BN68: =BO67/$G61 -> 74116.295 | BO68: =BO67-BN68 -> 154134.3 | BP68: =$B$20*BO68 -> 4624.0291 | BQ68: =BN68+BP68 -> 78740.324 | BR68: =BM68*(VLOOKUP(99,$A$24:$K$72,11,FALSE)-1) -> 111.02158 | BS68: =BS$67*$D$58/$D$47 -> 0.013794402 | BT68: =BS68*$B$21 -> 413.83206 | BU68: =BV67/$G60 -> 109989.95 | BV68: =BV67-BU68 -> 246187.59 | BW68: =$B$20*BV68 -> 7385.6278 | BX68: =BU68+BW68 -> 117375.58 | BY68: =BT68*(VLOOKUP(98,$A$24:$K$72,11,FALSE)-1) -> 853.75973 | BZ68: =BZ$67*$D$57/$D$47 -> 0.075048306 | CA68: =BZ68*$B$21 -> 2251.4492 | CB68: =CC67/$G59 -> 158139.9 | CC68: =CC67-CB68 -> 381463.47 | CD68: =$B$20*CC68 -> 11443.904 | CE68: =CB68+CD68 -> 169583.8 | CF68: =CA68*(VLOOKUP(97,$A$24:$K$72,11,FALSE)-1) -> 4987.4457 | CG68: =CG$67*$D$56/$D$47 -> 0.31253595 | CH68: =CG68*$B$21 -> 9376.0784 | CI68: =CJ67/$G58 -> 216412.67 | CJ68: =CJ67-CI68 -> 564242.86 | CK68: =$B$20*CJ68 -> 16927.286 | CL68: =CI68+CK68 -> 233339.95 | CM68: =CH68*(VLOOKUP(96,$A$24:$K$72,11,FALSE)-1) -> 22363.734 | CN68: =CN$67*$D$55/$D$47 -> 1.0290125 | CO68: =CN68*$B$21 -> 30870.376 | CP68: =CQ67/$G57 -> 283798.17 | CQ68: =CQ67-CP68 -> 802606.02 | CR68: =$B$20*CQ68 -> 24078.181 | CS68: =CP68+CR68 -> 307876.35 | CT68: =CO68*(VLOOKUP(95,$A$24:$K$72,11,FALSE)-1) -> 79543.353 | CU68: =CU$67*$D$54/$D$47 -> 2.7678169 | CV68: =CU68*$B$21 -> 83034.508 | CW68: =CX67/$G56 -> 359715.03 | CX68: =CX67-CW68 -> 1107262.2 | CY68: =$B$20*CX68 -> 33217.867 | CZ68: =CW68+CY68 -> 392932.9 | DA68: =CV68*(VLOOKUP(94,$A$24:$K$72,11,FALSE)-1) -> 231852.94 | DB68: =DB$67*$D$53/$D$47 -> 6.2418666 | DC68: =DB68*$B$21 -> 187256 | DD68: =DE67/$G55 -> 442614.02 | DE68: =DE67-DD68 -> 1487544.2 | DF68: =$B$20*DE68 -> 44626.326 | DG68: =DD68+DF68 -> 487240.34 | DH68: =DC68*(VLOOKUP(93,$A$24:$K$72,11,FALSE)-1) -> 568165.89 | DI68: =DI$67*$D$52/$D$47 -> 12.001796 | DJ68: =DI68*$B$21 -> 360053.87 | DK68: =DL67/$G54 -> 530616.81 | DL68: =DL67-DK68 -> 1949942.2 | DM68: =$B$20*DL68 -> 58498.267 | DN68: =DK68+DM68 -> 589115.08 | DO68: =DJ68*(VLOOKUP(92,$A$24:$K$72,11,FALSE)-1) -> 1188384.8 | DP68: =DP$67*$D$51/$D$47 -> 19.949383 | DQ68: =DP68*$B$21 -> 598481.5 | DR68: =DS67/$G53 -> 624337.92 | DS68: =DS67-DR68 -> 2497816.7 | DT68: =$B$20*DS68 -> 74934.5 | DU68: =DR68+DT68 -> 699272.42 | DV68: =DQ68*(VLOOKUP(91,$A$24:$K$72,11,FALSE)-1) -> 2138515 | DW68: =DW$67*$D$50/$D$47 -> 29.157398 | DX68: =DW68*$B$21 -> 874721.95 | DY68: =DZ67/$G52 -> 723882.44 | DZ68: =DZ67-DY68 -> 3139583.8 | EA68: =$B$20*DZ68 -> 94187.513 | EB68: =DY68+EA68 -> 818069.95 | EC68: =DX68*(VLOOKUP(90,$A$24:$K$72,11,FALSE)-1) -> 3368415.5 | ED68: =ED$67*$D$49/$D$47 -> 38.145932 | EE68: =ED68*$B$21 -> 1144378 | EF68: =EG67/$G51 -> 824981.25 | EG68: =EG67-EF68 -> 3876881.4 | EH68: =$B$20*EG68 -> 116306.44 | EI68: =EF68+EH68 -> 941287.69 | EJ68: =EE68*(VLOOKUP(89,$A$24:$K$72,11,FALSE)-1) -> 4745464.2 | EK68: =EK$67*$D$48/$D$47 -> 45.267606 | EL68: =EK68*$B$21 -> 1358028.2 | EM68: =EN67/$G50 -> 921247.55 | EN68: =EN67-EM68 -> 4709715.2 | EO68: =$B$20*EN68 -> 141291.46 | EP68: =EM68+EO68 -> 1062539 | EQ68: =EL68*(VLOOKUP(88,$A$24:$K$72,11,FALSE)-1) -> 6086928.1 | ER68: =ER$67*$D$47/$D$47 -> 49.07151 | ES68: =ER68*$B$21 -> 1472145.3 | ET68: =EU67/$G49 -> 1014377.1 | EU68: =EU67-ET68 -> 5634122.1 | EV68: =$B$20*EU68 -> 169023.66 | EW68: =ET68+EV68 -> 1183400.7 | EX68: =ES68*(VLOOKUP(87,$A$24:$K$72,11,FALSE)-1) -> 7120120.7 | EY68: =EY$67*$D$46/$D$47 -> 49.076037 | EZ68: =EY68*$B$21 -> 1472281.1 | FA68: =FB67/$G48 -> 1109317.2 | FB68: =FB67-FA68 -> 6649112.4 | FC68: =$B$20*FB68 -> 199473.37 | FD68: =FA68+FC68 -> 1308790.6 | FE68: =EZ68*(VLOOKUP(86,$A$24:$K$72,11,FALSE)-1) -> 7629468 | FF68: =($N67-$N68)+(EY67-EY68)+(ER67-ER68)+(EK67-EK68)+(ED67-ED68)+(DW67-DW68)+(DP67-DP68)+(DI67-DI68)+(DB67-DB68)+(CU67-CU68)+(CN67-CN68)+(CG67-CG68)+(BZ67-BZ68)+(BS67-BS68)+(BL67-BL68)+(BE67-BE68)+(AX67-AX68)+(AQ67-AQ68)+(AJ67-AJ68)+(AC67-AC68)+(V67-V68) -> 45.671226 | FG68: =FF68*$B$21 -> 1370136.8 | FH68: =FG$46/$G47 -> 1201888.6 | FI68: =FG$46-FH68 -> 7758610.9 | FJ68: =$B$20*FI68 -> 232758.33 | FK68: =FH68+FJ68 -> 1434646.9 | FL68: =FG68*(VLOOKUP(85,$A$24:$K$72,11,FALSE)-1) -> 7590362.6 | NC68: 22 | ND68: =N68+V68+AC68+AJ68+AQ68+AX68+BE68+BL68+BS68+BZ68+CG68+CN68+CU68+DB68+DI68+DP68+DW68+ED68+EK68+ER68+EY68+FF68 -> 300 | NE68: =P68+W68+AD68+AK68+AR68+AY68+BF68+BM68+BT68+CA68+CH68+CO68+CV68+DC68+DJ68+DQ68+DX68+EE68+EL68+ES68+EZ68+FG68 -> 9000000 | NF68: =T68+AA68+AH68+AO68+AV68+BC68+BJ68+BQ68+BX68+CE68+CL68+CS68+CZ68+DG68+DN68+DU68+EB68+EI68+EP68+EW68+FD68+FK68 -> 9979235.9 | NH68: =U68+AB68+AI68+AP68+AW68+BD68+BK68+BR68+BY68+CF68+CM68+CT68+DA68+DH68+DO68+DV68+EC68+EJ68+EQ68+EX68+FE68+FL68 -> 40813729 | NI68: =R68+Y68+AF68+AM68+AT68+BA68+BH68+BO68+BV68+CC68+CJ68+CQ68+CX68+DE68+DL68+DS68+DZ68+EG68+EN68+EU68+FB68+FI68 -> 41197781
A69: ='CCRC F'!A69 -> 107 | B69: ='CCRC F'!B69 -> 0.4615 | D69: =D68-E68 -> 10.70295 | E69: =D69*B69 -> 4.9394113 | F69: =F70+D69 -> 20.882511 | G69: =F69/D69 -> 1.9510987 | I69: =D69*($C$20^A69) -> 0.45281463 | J69: =J70+I69 -> 0.86394926 | K69: =J69/I69 -> 1.9079535 | M69: 23 | N69: =$B$18*$D$69/$D$47 -> 0.68706172 | O69: =$B$18*$B$21*$K$69 -> 17171582 | P69: =$B$18*$B$21*$D$69/$D$47 -> 20611.852 | Q69: =R68/$G$69 -> 18080.785 | R69: =R68-$Q$69 -> 17196.611 | S69: =$B$20*$R$69 -> 515.89834 | T69: =Q69+S69 -> 18596.683 | U69: =P69*(K69-1) -> 18714.603 | V69: =V$68*$D$66/$D$47 -> 1.4645668e-13 | W69: =V69*$B$21 -> 4.3937005e-09 | X69: =Y68/$G68 -> 2465.8527 | Y69: =Y68-X69 -> 2716.3595 | Z69: =$B$20*Y69 -> 81.490786 | AA69: =X69+Z69 -> 2547.3435 | AB69: =W69*(VLOOKUP(106,$A$24:$K$72,11,FALSE)-1) -> 4.5951733e-09 | AC69: =AC$68*$D$65/$D$47 -> 1.2382592e-11 | AD69: =AC69*$B$21 -> 3.7147776e-07 | AE69: =AF68/$G67 -> 3977.1462 | AF69: =AF68-AE69 -> 4924.7292 | AG69: =$B$20*AF69 -> 147.74188 | AH69: =AE69+AG69 -> 4124.8881 | AI69: =AD69*(VLOOKUP(105,$A$24:$K$72,11,FALSE)-1) -> 4.3474356e-07 | AJ69: =AJ$68*$D$64/$D$47 -> 6.8393134e-10 | AK69: =AJ69*$B$21 -> 2.051794e-05 | AL69: =AM68/$G66 -> 6354.3046 | AM69: =AM68-AL69 -> 8711.3222 | AN69: =$B$20*AM69 -> 261.33967 | AO69: =AL69+AN69 -> 6615.6442 | AP69: =AK69*(VLOOKUP(104,$A$24:$K$72,11,FALSE)-1) -> 2.6480373e-05 | AQ69: =AQ$68*$D$63/$D$47 -> 2.8263892e-08 | AR69: =AQ69*$B$21 -> 0.00084791676 | AS69: =AT68/$G65 -> 11194.851 | AT69: =AT68-AS69 -> 16838.395 | AU69: =$B$20*AT69 -> 505.15184 | AV69: =AS69+AU69 -> 11700.003 | AW69: =AR69*(VLOOKUP(103,$A$24:$K$72,11,FALSE)-1) -> 0.0011962658 | AX69: =AX$68*$D$62/$D$47 -> 8.2987749e-07 | AY69: =AX69*$B$21 -> 0.024896325 | AZ69: =BA68/$G64 -> 20115.945 | BA69: =BA68-AZ69 -> 32999.176 | BB69: =$B$20*BA69 -> 989.97527 | BC69: =AZ69+BB69 -> 21105.92 | BD69: =AY69*(VLOOKUP(102,$A$24:$K$72,11,FALSE)-1) -> 0.038174386 | BE69: =BE$68*$D$61/$D$47 -> 1.6082564e-05 | BF69: =BE69*$B$21 -> 0.48247692 | BG69: =BH68/$G63 -> 33431.037 | BH69: =BH68-BG69 -> 59548.925 | BI69: =$B$20*BH69 -> 1786.4678 | BJ69: =BG69+BI69 -> 35217.505 | BK69: =BF69*(VLOOKUP(101,$A$24:$K$72,11,FALSE)-1) -> 0.80053099 | BL69: =BL$68*$D$60/$D$47 -> 0.00021554792 | BM69: =BL69*$B$21 -> 6.4664375 | BN69: =BO68/$G62 -> 52652.216 | BO69: =BO68-BN69 -> 101482.09 | BP69: =$B$20*BO69 -> 3044.4627 | BQ69: =BN69+BP69 -> 55696.678 | BR69: =BM69*(VLOOKUP(100,$A$24:$K$72,11,FALSE)-1) -> 11.569481 | BS69: =BS$68*$D$59/$D$47 -> 0.0020749206 | BT69: =BS69*$B$21 -> 62.247618 | BU69: =BV68/$G61 -> 79940.697 | BV69: =BV68-BU69 -> 166246.89 | BW69: =$B$20*BV69 -> 4987.4068 | BX69: =BU69+BW69 -> 84928.104 | BY69: =BT69*(VLOOKUP(99,$A$24:$K$72,11,FALSE)-1) -> 119.74617 | BZ69: =BZ$68*$D$58/$D$47 -> 0.014773701 | CA69: =BZ69*$B$21 -> 443.21102 | CB69: =CC68/$G60 -> 117798.41 | CC69: =CC68-CB69 -> 263665.06 | CD69: =$B$20*CC69 -> 7909.9518 | CE69: =CB69+CD69 -> 125708.36 | CF69: =CA69*(VLOOKUP(98,$A$24:$K$72,11,FALSE)-1) -> 914.37025 | CG69: =CG$68*$D$57/$D$47 -> 0.078475179 | CH69: =CG69*$B$21 -> 2354.2554 | CI69: =CJ68/$G59 -> 165360.92 | CJ69: =CJ68-CI69 -> 398881.94 | CK69: =$B$20*CJ69 -> 11966.458 | CL69: =CI69+CK69 -> 177327.38 | CM69: =CH69*(VLOOKUP(97,$A$24:$K$72,11,FALSE)-1) -> 5215.1836 | CN69: =CN$68*$D$56/$D$47 -> 0.32132384 | CO69: =CN69*$B$21 -> 9639.7152 | CP69: =CQ68/$G58 -> 222497.76 | CQ69: =CQ68-CP69 -> 580108.26 | CR69: =$B$20*CQ69 -> 17403.248 | CS69: =CP69+CR69 -> 239901.01 | CT69: =CO69*(VLOOKUP(96,$A$24:$K$72,11,FALSE)-1) -> 22992.558 | CU69: =CU$68*$D$55/$D$47 -> 1.0487687 | CV69: =CU69*$B$21 -> 31463.062 | CW69: =CX68/$G57 -> 289246.86 | CX69: =CX68-CW69 -> 818015.39 | CY69: =$B$20*CX69 -> 24540.462 | CZ69: =CW69+CY69 -> 313787.32 | DA69: =CV69*(VLOOKUP(95,$A$24:$K$72,11,FALSE)-1) -> 81070.519 | DB69: =DB$68*$D$54/$D$47 -> 2.8066215 | DC69: =DB69*$B$21 -> 84198.646 | DD69: =DE68/$G56 -> 364758.21 | DE69: =DE68-DD69 -> 1122786 | DF69: =$B$20*DE69 -> 33683.579 | DG69: =DD69+DF69 -> 398441.79 | DH69: =DC69*(VLOOKUP(94,$A$24:$K$72,11,FALSE)-1) -> 235103.5 | DI69: =DI$68*$D$53/$D$47 -> 6.3058454 | DJ69: =DI69*$B$21 -> 189175.36 | DK69: =DL68/$G55 -> 447150.79 | DL69: =DL68-DK69 -> 1502791.5 | DM69: =$B$20*DL69 -> 45083.744 | DN69: =DK69+DM69 -> 492234.53 | DO69: =DJ69*(VLOOKUP(93,$A$24:$K$72,11,FALSE)-1) -> 573989.57 | DP69: =DP$68*$D$52/$D$47 -> 12.085294 | DQ69: =DP69*$B$21 -> 362558.82 | DR69: =DS68/$G54 -> 534308.39 | DS69: =DS68-DR69 -> 1963508.3 | DT69: =$B$20*DS69 -> 58905.248 | DU69: =DR69+DT69 -> 593213.64 | DV69: =DQ69*(VLOOKUP(92,$A$24:$K$72,11,FALSE)-1) -> 1196652.6 | DW69: =DW$68*$D$51/$D$47 -> 20.060749 | DX69: =DW69*$B$21 -> 601822.48 | DY69: =DZ68/$G53 -> 627823.24 | DZ69: =DZ68-DY69 -> 2511760.5 | EA69: =$B$20*DZ69 -> 75352.816 | EB69: =DY69+EA69 -> 703176.05 | EC69: =DX69*(VLOOKUP(91,$A$24:$K$72,11,FALSE)-1) -> 2150453.1 | ED69: =ED$68*$D$50/$D$47 -> 29.258642 | EE69: =ED69*$B$21 -> 877759.26 | EF69: =EG68/$G52 -> 726395.99 | EG69: =EG68-EF69 -> 3150485.4 | EH69: =$B$20*EG69 -> 94514.562 | EI69: =EF69+EH69 -> 820910.55 | EJ69: =EE69*(VLOOKUP(90,$A$24:$K$72,11,FALSE)-1) -> 3380111.8 | EK69: =EK$68*$D$49/$D$47 -> 38.209639 | EL69: =EK69*$B$21 -> 1146289.2 | EM69: =EN68/$G51 -> 826359.05 | EN69: =EN68-EM69 -> 3883356.2 | EO69: =$B$20*EN69 -> 116500.69 | EP69: =EM69+EO69 -> 942859.74 | EQ69: =EL69*(VLOOKUP(89,$A$24:$K$72,11,FALSE)-1) -> 4753389.6 | ER69: =ER$68*$D$48/$D$47 -> 45.293004 | ES69: =ER69*$B$21 -> 1358790.1 | ET69: =EU68/$G50 -> 921764.43 | EU69: =EU68-ET69 -> 4712357.7 | EV69: =$B$20*EU69 -> 141370.73 | EW69: =ET69+EV69 -> 1063135.2 | EX69: =ES69*(VLOOKUP(88,$A$24:$K$72,11,FALSE)-1) -> 6090343.3 | EY69: =EY$68*$D$47/$D$47 -> 49.076037 | EZ69: =EY69*$B$21 -> 1472281.1 | FA69: =FB68/$G49 -> 1014470.6 | FB69: =FB68-FA69 -> 5634641.8 | FC69: =$B$20*FB69 -> 169039.25 | FD69: =FA69+FC69 -> 1183509.9 | FE69: =EZ69*(VLOOKUP(87,$A$24:$K$72,11,FALSE)-1) -> 7120777.4 | FF69: =FF$68*$D$46/$D$47 -> 49.077183 | FG69: =FF69*$B$21 -> 1472315.5 | FH69: =FI68/$G48 -> 1109343.2 | FI69: =FI68-FH69 -> 6649267.7 | FJ69: =$B$20*FI69 -> 199478.03 | FK69: =FH69+FJ69 -> 1308821.2 | FL69: =FG69*(VLOOKUP(86,$A$24:$K$72,11,FALSE)-1) -> 7629646.2 | FM69: =($N68-$N69)+(FF68-FF69)+(EY68-EY69)+(ER68-ER69)+(EK68-EK69)+(ED68-ED69)+(DW68-DW69)+(DP68-DP69)+(DI68-DI69)+(DB68-DB69)+(CU68-CU69)+(CN68-CN69)+(CG68-CG69)+(BZ68-BZ69)+(BS68-BS69)+(BL68-BL69)+(BE68-BE69)+(AX68-AX69)+(AQ68-AQ69)+(AJ68-AJ69)+(AC68-AC69)+(V68-V69) -> 45.674274 | FN69: =FM69*$B$21 -> 1370228.2 | FO69: =FN$46/$G47 -> 1201968.8 | FP69: =FN$46-FO69 -> 7759128.6 | FQ69: =$B$20*FP69 -> 232773.86 | FR69: =FO69+FQ69 -> 1434742.6 | FS69: =FN69*(VLOOKUP(85,$A$24:$K$72,11,FALSE)-1) -> 7590869.1 | NC69: 23 | ND69: =N69+V69+AC69+AJ69+AQ69+AX69+BE69+BL69+BS69+BZ69+CG69+CN69+CU69+DB69+DI69+DP69+DW69+ED69+EK69+ER69+EY69+FF69+FM69 -> 300 | NE69: =P69+W69+AD69+AK69+AR69+AY69+BF69+BM69+BT69+CA69+CH69+CO69+CV69+DC69+DJ69+DQ69+DX69+EE69+EL69+ES69+EZ69+FG69+FN69 -> 9000000 | NF69: =T69+AA69+AH69+AO69+AV69+BC69+BJ69+BQ69+BX69+CE69+CL69+CS69+CZ69+DG69+DN69+DU69+EB69+EI69+EP69+EW69+FD69+FK69+FR69 -> 10038302 | NH69: =U69+AB69+AI69+AP69+AW69+BD69+BK69+BR69+BY69+CF69+CM69+CT69+DA69+DH69+DO69+DV69+EC69+EJ69+EQ69+EX69+FE69+FL69+FS69 -> 40850375 | NI69: =R69+Y69+AF69+AM69+AT69+BA69+BH69+BO69+BV69+CC69+CJ69+CQ69+CX69+DE69+DL69+DS69+DZ69+EG69+EN69+EU69+FB69+FI69+FP69 -> 41361419
A70: ='CCRC F'!A70 -> 108 | B70: ='CCRC F'!B70 -> 0.4892 | D70: =D69-E69 -> 5.7635385 | E70: =D70*B70 -> 2.819523 | F70: =F71+D70 -> 10.179562 | G70: =F70/D70 -> 1.7662 | I70: =D70*($C$20^A70) -> 0.23673852 | J70: =J71+I70 -> 0.41113463 | K70: =J70/I70 -> 1.7366613 | M70: 24 | N70: =$B$18*$D$70/$D$47 -> 0.36998274 | O70: =$B$18*$B$21*$K$70 -> 15629952 | P70: =$B$18*$B$21*$D$70/$D$47 -> 11099.482 | Q70: =R69/$G$70 -> 9736.5028 | R70: =R69-$Q$70 -> 7460.1084 | S70: =$B$20*$R$70 -> 223.80325 | T70: =Q70+S70 -> 9960.3061 | U70: =P70*(K70-1) -> 8176.5592 | V70: =V$69*$D$67/$D$47 -> 1.0082775e-15 | W70: =V70*$B$21 -> 3.0248326e-11 | X70: =Y69/$G69 -> 1392.2205 | Y70: =Y69-X70 -> 1324.1391 | Z70: =$B$20*Y70 -> 39.724172 | AA70: =X70+Z70 -> 1431.9446 | AB70: =W70*(VLOOKUP(107,$A$24:$K$72,11,FALSE)-1) -> 2.7464074e-11 | AC70: =AC$69*$D$66/$D$47 -> 1.3917985e-13 | AD70: =AC70*$B$21 -> 4.1753954e-09 | AE70: =AF69/$G68 -> 2343.3345 | AF70: =AF69-AE70 -> 2581.3947 | AG70: =$B$20*AF70 -> 77.44184 | AH70: =AE70+AG70 -> 2420.7764 | AI70: =AD70*(VLOOKUP(106,$A$24:$K$72,11,FALSE)-1) -> 4.3668578e-09 | AJ70: =AJ$69*$D$65/$D$47 -> 1.2117531e-11 | AK70: =AJ70*$B$21 -> 3.6352592e-07 | AL70: =AM69/$G67 -> 3892.0116 | AM70: =AM69-AL70 -> 4819.3106 | AN70: =$B$20*AM70 -> 144.57932 | AO70: =AL70+AN70 -> 4036.5909 | AP70: =AK70*(VLOOKUP(105,$A$24:$K$72,11,FALSE)-1) -> 4.2543746e-07 | AQ70: =AQ$69*$D$64/$D$47 -> 7.6440934e-10 | AR70: =AQ70*$B$21 -> 2.293228e-05 | AS70: =AT69/$G66 -> 7102.0137 | AT70: =AT69-AS70 -> 9736.3809 | AU70: =$B$20*AT70 -> 292.09143 | AV70: =AS70+AU70 -> 7394.1052 | AW70: =AR70*(VLOOKUP(104,$A$24:$K$72,11,FALSE)-1) -> 2.959631e-05 | AX70: =AX$69*$D$63/$D$47 -> 3.3270679e-08 | AY70: =AX70*$B$21 -> 0.00099812037 | AZ70: =BA69/$G65 -> 13177.955 | BA70: =BA69-AZ70 -> 19821.22 | BB70: =$B$20*BA70 -> 594.6366 | BC70: =AZ70+BB70 -> 13772.592 | BD70: =AY70*(VLOOKUP(103,$A$24:$K$72,11,FALSE)-1) -> 0.0014081774 | BE70: =BE$69*$D$62/$D$47 -> 9.3040008e-07 | BF70: =BE70*$B$21 -> 0.027912002 | BG70: =BH69/$G64 -> 22552.578 | BH70: =BH69-BG70 -> 36996.347 | BI70: =$B$20*BH70 -> 1109.8904 | BJ70: =BG70+BI70 -> 23662.468 | BK70: =BF70*(VLOOKUP(102,$A$24:$K$72,11,FALSE)-1) -> 0.042798428 | BL70: =BL$69*$D$61/$D$47 -> 1.755316e-05 | BM70: =BL70*$B$21 -> 0.52659481 | BN70: =BO69/$G63 -> 36487.986 | BO70: =BO69-BN70 -> 64994.104 | BP70: =$B$20*BO70 -> 1949.8231 | BQ70: =BN70+BP70 -> 38437.809 | BR70: =BM70*(VLOOKUP(101,$A$24:$K$72,11,FALSE)-1) -> 0.87373187 | BS70: =BS$69*$D$60/$D$47 -> 0.00023248667 | BT70: =BS70*$B$21 -> 6.9746002 | BU70: =BV69/$G62 -> 56789.871 | BV70: =BV69-BU70 -> 109457.02 | BW70: =$B$20*BV70 -> 3283.7107 | BX70: =BU70+BW70 -> 60073.582 | BY70: =BT70*(VLOOKUP(100,$A$24:$K$72,11,FALSE)-1) -> 12.478665 | BZ70: =BZ$69*$D$59/$D$47 -> 0.0022222243 | CA70: =BZ70*$B$21 -> 66.66673 | CB70: =CC69/$G61 -> 85615.885 | CC70: =CC69-CB70 -> 178049.17 | CD70: =$B$20*CC70 -> 5341.4752 | CE70: =CB70+CD70 -> 90957.361 | CF70: =CA70*(VLOOKUP(99,$A$24:$K$72,11,FALSE)-1) -> 128.24725 | CG70: =CG$69*$D$58/$D$47 -> 0.015448301 | CH70: =CG70*$B$21 -> 463.44903 | CI70: =CJ69/$G60 -> 123177.35 | CJ70: =CJ69-CI70 -> 275704.59 | CK70: =$B$20*CJ70 -> 8271.1378 | CL70: =CI70+CK70 -> 131448.49 | CM70: =CH70*(VLOOKUP(98,$A$24:$K$72,11,FALSE)-1) -> 956.12243 | CN70: =CN$69*$D$57/$D$47 -> 0.080681746 | CO70: =CN70*$B$21 -> 2420.4524 | CP70: =CQ69/$G59 -> 170010.54 | CQ70: =CQ69-CP70 -> 410097.71 | CR70: =$B$20*CQ70 -> 12302.931 | CS70: =CP70+CR70 -> 182313.47 | CT70: =CO70*(VLOOKUP(97,$A$24:$K$72,11,FALSE)-1) -> 5361.8243 | CU70: =CU$69*$D$56/$D$47 -> 0.32749299 | CV70: =CU70*$B$21 -> 9824.7897 | CW70: =CX69/$G58 -> 226769.54 | CX70: =CX69-CW70 -> 591245.85 | CY70: =$B$20*CX70 -> 17737.376 | CZ70: =CW70+CY70 -> 244506.91 | DA70: =CV70*(VLOOKUP(96,$A$24:$K$72,11,FALSE)-1) -> 23433.996 | DB70: =DB$69*$D$55/$D$47 -> 1.0634724 | DC70: =DB70*$B$21 -> 31904.172 | DD70: =DE69/$G57 -> 293302.08 | DE70: =DE69-DD70 -> 829483.9 | DF70: =$B$20*DE70 -> 24884.517 | DG70: =DD70+DF70 -> 318186.59 | DH70: =DC70*(VLOOKUP(95,$A$24:$K$72,11,FALSE)-1) -> 82207.122 | DI70: =DI$69*$D$54/$D$47 -> 2.8353893 | DJ70: =DI70*$B$21 -> 85061.678 | DK70: =DL69/$G56 -> 368496.97 | DL70: =DL69-DK70 -> 1134294.5 | DM70: =$B$20*DL70 -> 34028.835 | DN70: =DK70+DM70 -> 402525.8 | DO70: =DJ70*(VLOOKUP(94,$A$24:$K$72,11,FALSE)-1) -> 237513.3 | DP70: =DP$69*$D$53/$D$47 -> 6.3497161 | DQ70: =DP70*$B$21 -> 190491.48 | DR70: =DS69/$G55 -> 450261.68 | DS70: =DS69-DR70 -> 1513246.6 | DT70: =$B$20*DS70 -> 45397.398 | DU70: =DR70+DT70 -> 495659.08 | DV70: =DQ70*(VLOOKUP(93,$A$24:$K$72,11,FALSE)-1) -> 577982.9 | DW70: =DW$69*$D$52/$D$47 -> 12.152759 | DX70: =DW70*$B$21 -> 364582.78 | DY70: =DZ69/$G54 -> 537291.13 | DZ70: =DZ69-DY70 -> 1974469.4 | EA70: =$B$20*DZ70 -> 59234.082 | EB70: =DY70+EA70 -> 596525.21 | EC70: =DX70*(VLOOKUP(92,$A$24:$K$72,11,FALSE)-1) -> 1203332.8 | ED70: =ED$69*$D$51/$D$47 -> 20.130407 | EE70: =ED70*$B$21 -> 603912.2 | EF70: =EG69/$G53 -> 630003.24 | EG70: =EG69-EF70 -> 2520482.2 | EH70: =$B$20*EG70 -> 75614.465 | EI70: =EF70+EH70 -> 705617.71 | EJ70: =EE70*(VLOOKUP(91,$A$24:$K$72,11,FALSE)-1) -> 2157920.2 | EK70: =EK$69*$D$50/$D$47 -> 29.307507 | EL70: =EK70*$B$21 -> 879225.21 | EM70: =EN69/$G52 -> 727609.15 | EN70: =EN69-EM70 -> 3155747 | EO70: =$B$20*EN70 -> 94672.411 | EP70: =EM70+EO70 -> 822281.56 | EQ70: =EL70*(VLOOKUP(90,$A$24:$K$72,11,FALSE)-1) -> 3385756.9 | ER70: =ER$69*$D$49/$D$47 -> 38.231077 | ES70: =ER70*$B$21 -> 1146932.3 | ET70: =EU69/$G51 -> 826822.69 | EU70: =EU69-ET70 -> 3885535 | EV70: =$B$20*EU70 -> 116566.05 | EW70: =ET70+EV70 -> 943388.74 | EX70: =ES70*(VLOOKUP(89,$A$24:$K$72,11,FALSE)-1) -> 4756056.5 | EY70: =EY$69*$D$48/$D$47 -> 45.297182 | EZ70: =EY70*$B$21 -> 1358915.5 | FA70: =FB69/$G50 -> 921849.45 | FB70: =FB69-FA70 -> 4712792.4 | FC70: =$B$20*FB70 -> 141383.77 | FD70: =FA70+FC70 -> 1063233.2 | FE70: =EZ70*(VLOOKUP(88,$A$24:$K$72,11,FALSE)-1) -> 6090905 | FF70: =FF$69*$D$47/$D$47 -> 49.077183 | FG70: =FF70*$B$21 -> 1472315.5 | FH70: =FI69/$G49 -> 1014494.3 | FI70: =FI69-FH70 -> 5634773.4 | FJ70: =$B$20*FI70 -> 169043.2 | FK70: =FH70+FJ70 -> 1183537.5 | FL70: =FG70*(VLOOKUP(87,$A$24:$K$72,11,FALSE)-1) -> 7120943.7 | FM70: =FM$69*$D$46/$D$47 -> 49.080458 | FN70: =FM70*$B$21 -> 1472413.7 | FO70: =FP69/$G48 -> 1109417.2 | FP70: =FP69-FO70 -> 6649711.4 | FQ70: =$B$20*FP70 -> 199491.34 | FR70: =FO70+FQ70 -> 1308908.5 | FS70: =FN70*(VLOOKUP(86,$A$24:$K$72,11,FALSE)-1) -> 7630155.3 | FT70: =($N69-$N70)+(FM69-FM70)+(FF69-FF70)+(EY69-EY70)+(ER69-ER70)+(EK69-EK70)+(ED69-ED70)+(DW69-DW70)+(DP69-DP70)+(DI69-DI70)+(DB69-DB70)+(CU69-CU70)+(CN69-CN70)+(CG69-CG70)+(BZ69-BZ70)+(BS69-BS70)+(BL69-BL70)+(BE69-BE70)+(AX69-AX70)+(AQ69-AQ70)+(AJ69-AJ70)+(AC69-AC70)+(V69-V70) -> 45.67877 | FU70: =FT70*$B$21 -> 1370363.1 | FV70: =FU$46/$G47 -> 1202087.1 | FW70: =FU$46-FV70 -> 7759892.4 | FX70: =$B$20*FW70 -> 232796.77 | FY70: =FV70+FX70 -> 1434883.9 | FZ70: =FU70*(VLOOKUP(85,$A$24:$K$72,11,FALSE)-1) -> 7591616.4 | NC70: 24 | ND70: =N70+V70+AC70+AJ70+AQ70+AX70+BE70+BL70+BS70+BZ70+CG70+CN70+CU70+DB70+DI70+DP70+DW70+ED70+EK70+ER70+EY70+FF70+FM70+FT70 -> 300 | NE70: =P70+W70+AD70+AK70+AR70+AY70+BF70+BM70+BT70+CA70+CH70+CO70+CV70+DC70+DJ70+DQ70+DX70+EE70+EL70+ES70+EZ70+FG70+FN70+FU70 -> 9000000 | NF70: =T70+AA70+AH70+AO70+AV70+BC70+BJ70+BQ70+BX70+CE70+CL70+CS70+CZ70+DG70+DN70+DU70+EB70+EI70+EP70+EW70+FD70+FK70+FR70+FY70 -> 10085164 | NH70: =U70+AB70+AI70+AP70+AW70+BD70+BK70+BR70+BY70+CF70+CM70+CT70+DA70+DH70+DO70+DV70+EC70+EJ70+EQ70+EX70+FE70+FL70+FS70+FZ70 -> 40872460 | NI70: =R70+Y70+AF70+AM70+AT70+BA70+BH70+BO70+BV70+CC70+CJ70+CQ70+CX70+DE70+DL70+DS70+DZ70+EG70+EN70+EU70+FB70+FI70+FP70+FW70 -> 41482716
A71: ='CCRC F'!A71 -> 109 | B71: ='CCRC F'!B71 -> 0.5 | D71: =D70-E70 -> 2.9440155 | E71: =D71*B71 -> 1.4720077 | F71: =F72+D71 -> 4.4160232 | G71: =F71/D71 -> 1.5 | I71: =D71*($C$20^A71) -> 0.11740392 | J71: =J72+I71 -> 0.17439611 | K71: =J71/I71 -> 1.4854369 | M71: 25 | N71: =$B$18*$D$71/$D$47 -> 0.18898718 | O71: =$B$18*$B$21*$K$71 -> 13368932 | P71: =$B$18*$B$21*$D$71/$D$47 -> 5669.6155 | Q71: =R70/$G$71 -> 4973.4056 | R71: =R70-$Q$71 -> 2486.7028 | S71: =$B$20*$R$71 -> 74.601084 | T71: =Q71+S71 -> 5048.0067 | U71: =P71*(K71-1) -> 2752.2405 | V71: =V$70*$D$68/$D$47 -> 4.0899096e-18 | W71: =V71*$B$21 -> 1.2269729e-13 | X71: =Y70/$G70 -> 749.71072 | Y71: =Y70-X71 -> 574.42835 | Z71: =$B$20*Y71 -> 17.232851 | AA71: =X71+Z71 -> 766.94357 | AB71: =W71*(VLOOKUP(108,$A$24:$K$72,11,FALSE)-1) -> 9.0386347e-14 | AC71: =AC$70*$D$67/$D$47 -> 9.5818031e-16 | AD71: =AC71*$B$21 -> 2.8745409e-11 | AE71: =AF70/$G69 -> 1323.0467 | AF71: =AF70-AE71 -> 1258.348 | AG71: =$B$20*AF71 -> 37.750439 | AH71: =AE71+AG71 -> 1360.7971 | AI71: =AD71*(VLOOKUP(107,$A$24:$K$72,11,FALSE)-1) -> 2.6099496e-11 | AJ71: =AJ$70*$D$66/$D$47 -> 1.3620057e-13 | AK71: =AJ71*$B$21 -> 4.0860171e-09 | AL71: =AM70/$G68 -> 2293.1732 | AM71: =AM70-AL71 -> 2526.1374 | AN71: =$B$20*AM71 -> 75.784123 | AO71: =AL71+AN71 -> 2368.9573 | AP71: =AK71*(VLOOKUP(106,$A$24:$K$72,11,FALSE)-1) -> 4.273381e-09 | AQ71: =AQ$70*$D$65/$D$47 -> 1.3543397e-11 | AR71: =AQ71*$B$21 -> 4.0630191e-07 | AS71: =AT70/$G67 -> 4349.9834 | AT71: =AT70-AS71 -> 5386.3975 | AU71: =$B$20*AT71 -> 161.59192 | AV71: =AS71+AU71 -> 4511.5753 | AW71: =AR71*(VLOOKUP(105,$A$24:$K$72,11,FALSE)-1) -> 4.7549856e-07 | AX71: =AX$70*$D$64/$D$47 -> 8.9982009e-10 | AY71: =AX71*$B$21 -> 2.6994603e-05 | AZ71: =BA70/$G66 -> 8360.0949 | BA71: =BA70-AZ71 -> 11461.125 | BB71: =$B$20*BA71 -> 343.83376 | BC71: =AZ71+BB71 -> 8703.9287 | BD71: =AY71*(VLOOKUP(104,$A$24:$K$72,11,FALSE)-1) -> 3.4839128e-05 | BE71: =BE$70*$D$63/$D$47 -> 3.7300738e-08 | BF71: =BE71*$B$21 -> 0.0011190221 | BG71: =BH70/$G65 -> 14774.194 | BH71: =BH70-BG71 -> 22222.153 | BI71: =$B$20*BH71 -> 666.6646 | BJ71: =BG71+BI71 -> 15440.858 | BK71: =BF71*(VLOOKUP(103,$A$24:$K$72,11,FALSE)-1) -> 0.0015787492 | BL71: =BL$70*$D$62/$D$47 -> 1.0154763e-06 | BM71: =BL71*$B$21 -> 0.030464288 | BN71: =BO70/$G64 -> 24614.795 | BO71: =BO70-BN71 -> 40379.309 | BP71: =$B$20*BO71 -> 1211.3793 | BQ71: =BN71+BP71 -> 25826.174 | BR71: =BM71*(VLOOKUP(102,$A$24:$K$72,11,FALSE)-1) -> 0.046711935 | BS71: =BS$70*$D$61/$D$47 -> 1.8932569e-05 | BT71: =BS71*$B$21 -> 0.56797708 | BU71: =BV70/$G63 -> 39355.381 | BV71: =BV70-BU71 -> 70101.642 | BW71: =$B$20*BV71 -> 2103.0493 | BX71: =BU71+BW71 -> 41458.43 | BY71: =BT71*(VLOOKUP(101,$A$24:$K$72,11,FALSE)-1) -> 0.94239378 | BZ71: =BZ$70*$D$60/$D$47 -> 0.00024899148 | CA71: =BZ71*$B$21 -> 7.4697443 | CB71: =CC70/$G62 -> 60821.525 | CC71: =CC70-CB71 -> 117227.65 | CD71: =$B$20*CC71 -> 3516.8294 | CE71: =CB71+CD71 -> 64338.354 | CF71: =CA71*(VLOOKUP(100,$A$24:$K$72,11,FALSE)-1) -> 13.364556 | CG71: =CG$70*$D$59/$D$47 -> 0.0023236961 | CH71: =CG71*$B$21 -> 69.710882 | CI71: =CJ70/$G61 -> 89525.298 | CJ71: =CJ70-CI71 -> 186179.3 | CK71: =$B$20*CJ71 -> 5585.3789 | CL71: =CI71+CK71 -> 95110.676 | CM71: =CH71*(VLOOKUP(99,$A$24:$K$72,11,FALSE)-1) -> 134.10331 | CN71: =CN$70*$D$58/$D$47 -> 0.015882677 | CO71: =CN71*$B$21 -> 476.4803 | CP71: =CQ70/$G60 -> 126640.85 | CQ71: =CQ70-CP71 -> 283456.86 | CR71: =$B$20*CQ71 -> 8503.7058 | CS71: =CP71+CR71 -> 135144.56 | CT71: =CO71*(VLOOKUP(98,$A$24:$K$72,11,FALSE)-1) -> 983.0067 | CU71: =CU$70*$D$57/$D$47 -> 0.082230768 | CV71: =CU71*$B$21 -> 2466.9231 | CW71: =CX70/$G59 -> 173274.6 | CX71: =CX70-CW71 -> 417971.25 | CY71: =$B$20*CX71 -> 12539.137 | CZ71: =CW71+CY71 -> 185813.74 | DA71: =CV71*(VLOOKUP(97,$A$24:$K$72,11,FALSE)-1) -> 5464.7668 | DB71: =DB$70*$D$56/$D$47 -> 0.33208442 | DC71: =DB71*$B$21 -> 9962.5325 | DD71: =DE70/$G58 -> 229948.83 | DE71: =DE70-DD71 -> 599535.07 | DF71: =$B$20*DE71 -> 17986.052 | DG71: =DD71+DF71 -> 247934.88 | DH71: =DC71*(VLOOKUP(96,$A$24:$K$72,11,FALSE)-1) -> 23762.539 | DI71: =DI$70*$D$55/$D$47 -> 1.0743729 | DJ71: =DI71*$B$21 -> 32231.188 | DK71: =DL70/$G57 -> 296308.41 | DL71: =DL70-DK71 -> 837986.07 | DM71: =$B$20*DL71 -> 25139.582 | DN71: =DK71+DM71 -> 321447.99 | DO71: =DJ71*(VLOOKUP(95,$A$24:$K$72,11,FALSE)-1) -> 83049.741 | DP71: =DP$70*$D$54/$D$47 -> 2.8551155 | DQ71: =DP71*$B$21 -> 85653.464 | DR71: =DS70/$G56 -> 371060.65 | DS71: =DS70-DR71 -> 1142185.9 | DT71: =$B$20*DS71 -> 34265.578 | DU71: =DR71+DT71 -> 405326.23 | DV71: =DQ71*(VLOOKUP(94,$A$24:$K$72,11,FALSE)-1) -> 239165.72 | DW71: =DW$70*$D$53/$D$47 -> 6.3851629 | DX71: =DW71*$B$21 -> 191554.89 | DY71: =DZ70/$G55 -> 452775.23 | DZ71: =DZ70-DY71 -> 1521694.2 | EA71: =$B$20*DZ71 -> 45650.825 | EB71: =DY71+EA71 -> 498426.06 | EC71: =DX71*(VLOOKUP(93,$A$24:$K$72,11,FALSE)-1) -> 581209.44 | ED71: =ED$70*$D$52/$D$47 -> 12.194958 | EE71: =ED71*$B$21 -> 365848.73 | EF71: =EG70/$G54 -> 539156.78 | EG71: =EG70-EF71 -> 1981325.4 | EH71: =$B$20*EG71 -> 59439.762 | EI71: =EF71+EH71 -> 598596.54 | EJ71: =EE71*(VLOOKUP(92,$A$24:$K$72,11,FALSE)-1) -> 1207511.1 | EK71: =EK$70*$D$51/$D$47 -> 20.164027 | EL71: =EK71*$B$21 -> 604920.8 | EM71: =EN70/$G53 -> 631055.41 | EN71: =EN70-EM71 -> 2524691.6 | EO71: =$B$20*EN71 -> 75740.749 | EP71: =EM71+EO71 -> 706796.16 | EQ71: =EL71*(VLOOKUP(91,$A$24:$K$72,11,FALSE)-1) -> 2161524.2 | ER71: =ER$70*$D$50/$D$47 -> 29.32395 | ES71: =ER71*$B$21 -> 879718.51 | ET71: =EU70/$G52 -> 728017.38 | EU71: =EU70-ET71 -> 3157517.6 | EV71: =$B$20*EU71 -> 94725.529 | EW71: =ET71+EV71 -> 822742.91 | EX71: =ES71*(VLOOKUP(90,$A$24:$K$72,11,FALSE)-1) -> 3387656.5 | EY71: =EY$70*$D$49/$D$47 -> 38.234604 | EZ71: =EY71*$B$21 -> 1147038.1 | FA71: =FB70/$G51 -> 826898.96 | FB71: =FB70-FA71 -> 3885893.4 | FC71: =$B$20*FB71 -> 116576.8 | FD71: =FA71+FC71 -> 943475.76 | FE71: =EZ71*(VLOOKUP(89,$A$24:$K$72,11,FALSE)-1) -> 4756495.2 | FF71: =FF$70*$D$48/$D$47 -> 45.29824 | FG71: =FF71*$B$21 -> 1358947.2 | FH71: =FI70/$G50 -> 921870.98 | FI71: =FI70-FH71 -> 4712902.4 | FJ71: =$B$20*FI71 -> 141387.07 | FK71: =FH71+FJ71 -> 1063258.1 | FL71: =FG71*(VLOOKUP(88,$A$24:$K$72,11,FALSE)-1) -> 6091047.3 | FM71: =FM$70*$D$47/$D$47 -> 49.080458 | FN71: =FM71*$B$21 -> 1472413.7 | FO71: =FP70/$G49 -> 1014562 | FP71: =FP70-FO71 -> 5635149.4 | FQ71: =$B$20*FP71 -> 169054.48 | FR71: =FO71+FQ71 -> 1183616.5 | FS71: =FN71*(VLOOKUP(87,$A$24:$K$72,11,FALSE)-1) -> 7121418.9 | FT71: =FT$70*$D$46/$D$47 -> 49.08529 | FU71: =FT71*$B$21 -> 1472558.7 | FV71: =FW70/$G48 -> 1109526.4 | FW71: =FW70-FV71 -> 6650366.1 | FX71: =$B$20*FW71 -> 199510.98 | FY71: =FV71+FX71 -> 1309037.4 | FZ71: =FU71*(VLOOKUP(86,$A$24:$K$72,11,FALSE)-1) -> 7630906.4 | GA71: =($N70-$N71)+(FT70-FT71)+(FM70-FM71)+(FF70-FF71)+(EY70-EY71)+(ER70-ER71)+(EK70-EK71)+(ED70-ED71)+(DW70-DW71)+(DP70-DP71)+(DI70-DI71)+(DB70-DB71)+(CU70-CU71)+(CN70-CN71)+(CG70-CG71)+(BZ70-BZ71)+(BS70-BS71)+(BL70-BL71)+(BE70-BE71)+(AX70-AX71)+(AQ70-AQ71)+(AJ70-AJ71)+(AC70-AC71)+(V70-V71) -> 45.682046 | GB71: =GA71*$B$21 -> 1370461.4 | GC71: =GB$46/$G47 -> 1202173.3 | GD71: =GB$46-GC71 -> 7760448.9 | GE71: =$B$20*GD71 -> 232813.47 | GF71: =GC71+GE71 -> 1434986.8 | GG71: =GB71*(VLOOKUP(85,$A$24:$K$72,11,FALSE)-1) -> 7592160.8 | NC71: 25 | ND71: =N71+V71+AC71+AJ71+AQ71+AX71+BE71+BL71+BS71+BZ71+CG71+CN71+CU71+DB71+DI71+DP71+DW71+ED71+EK71+ER71+EY71+FF71+FM71+FT71+GA71 -> 300 | NE71: =P71+W71+AD71+AK71+AR71+AY71+BF71+BM71+BT71+CA71+CH71+CO71+CV71+DC71+DJ71+DQ71+DX71+EE71+EL71+ES71+EZ71+FG71+FN71+FU71+GB71 -> 9000000 | NF71: =T71+AA71+AH71+AO71+AV71+BC71+BJ71+BQ71+BX71+CE71+CL71+CS71+CZ71+DG71+DN71+DU71+EB71+EI71+EP71+EW71+FD71+FK71+FR71+FY71+GF71 -> 10121538 | NH71: =U71+AB71+AI71+AP71+AW71+BD71+BK71+BR71+BY71+CF71+CM71+CT71+DA71+DH71+DO71+DV71+EC71+EJ71+EQ71+EX71+FE71+FL71+FS71+FZ71+GG71 -> 40885256 | NI71: =R71+Y71+AF71+AM71+AT71+BA71+BH71+BO71+BV71+CC71+CJ71+CQ71+CX71+DE71+DL71+DS71+DZ71+EG71+EN71+EU71+FB71+FI71+FP71+FW71+GD71 -> 41570927
A72: ='CCRC F'!A72 -> 110 | B72: ='CCRC F'!B72 -> 0.5 | D72: =D71-E71 -> 1.4720077 | E72: =D72*B72 -> 0.73600386 | F72: =D72 -> 1.4720077 | G72: =F72/D72 -> 1 | I72: =D72*($C$20^A72) -> 0.056992194 | J72: =I72 -> 0.056992194 | K72: =J72/I72 -> 1 | M72: 26 | N72: =$B$18*$D$72/$D$47 -> 0.094493591 | O72: =$B$18*$B$21*$K$72 -> 9000000 | P72: =$B$18*$B$21*$D$72/$D$47 -> 2834.8077 | Q72: =R71/$G$72 -> 2486.7028 | R72: =R71-$Q$72 -> 0 | S72: =$B$20*$R$72 -> 0 | T72: =Q72+S72 -> 2486.7028 | U72: =P72*(K72-1) -> 0 | V72: =V$71*$D$69/$D$47 -> 9.3667345e-21 | W72: =V72*$B$21 -> 2.8100204e-16 | X72: =Y71/$G71 -> 382.95223 | Y72: =Y71-X72 -> 191.47612 | Z72: =$B$20*Y72 -> 5.7442835 | AA72: =X72+Z72 -> 388.69652 | AB72: =W72*(VLOOKUP(109,$A$24:$K$72,11,FALSE)-1) -> 1.3640875e-16 | AC72: =AC$71*$D$68/$D$47 -> 3.8866986e-18 | AD72: =AC72*$B$21 -> 1.1660096e-13 | AE72: =AF71/$G70 -> 712.46064 | AF72: =AF71-AE72 -> 545.88734 | AG72: =$B$20*AF72 -> 16.37662 | AH72: =AE72+AG72 -> 728.83726 | AI72: =AD72*(VLOOKUP(108,$A$24:$K$72,11,FALSE)-1) -> 8.5895417e-14 | AJ72: =AJ$71*$D$67/$D$47 -> 9.3766954e-16 | AK72: =AJ72*$B$21 -> 2.8130086e-11 | AL72: =AM71/$G69 -> 1294.7256 | AM72: =AM71-AL72 -> 1231.4118 | AN72: =$B$20*AM72 -> 36.942355 | AO72: =AL72+AN72 -> 1331.6679 | AP72: =AK72*(VLOOKUP(107,$A$24:$K$72,11,FALSE)-1) -> 2.5540811e-11 | AQ72: =AQ$71*$D$66/$D$47 -> 1.5222725e-13 | AR72: =AQ72*$B$21 -> 4.5668175e-09 | AS72: =AT71/$G68 -> 2563.0102 | AT72: =AT71-AS72 -> 2823.3873 | AU72: =$B$20*AT72 -> 84.701618 | AV72: =AS72+AU72 -> 2647.7118 | AW72: =AR72*(VLOOKUP(106,$A$24:$K$72,11,FALSE)-1) -> 4.7762285e-09 | AX72: =AX$71*$D$65/$D$47 -> 1.5942532e-11 | AY72: =AX72*$B$21 -> 4.7827597e-07 | AZ72: =BA71/$G67 -> 5120.5581 | BA72: =BA71-AZ72 -> 6340.5671 | BB72: =$B$20*BA72 -> 190.21701 | BC72: =AZ72+BB72 -> 5310.7751 | BD72: =AY72*(VLOOKUP(105,$A$24:$K$72,11,FALSE)-1) -> 5.5973041e-07 | BE72: =BE$71*$D$64/$D$47 -> 1.0088148e-09 | BF72: =BE72*$B$21 -> 3.0264444e-05 | BG72: =BH71/$G66 -> 9372.7485 | BH72: =BH71-BG72 -> 12849.405 | BI72: =$B$20*BH72 -> 385.48215 | BJ72: =BG72+BI72 -> 9758.2307 | BK72: =BF72*(VLOOKUP(104,$A$24:$K$72,11,FALSE)-1) -> 3.9059172e-05 | BL72: =BL$71*$D$63/$D$47 -> 4.0711533e-08 | BM72: =BL72*$B$21 -> 0.001221346 | BN72: =BO71/$G65 -> 16125.152 | BO72: =BO71-BN72 -> 24254.156 | BP72: =$B$20*BO72 -> 727.62469 | BQ72: =BN72+BP72 -> 16852.777 | BR72: =BM72*(VLOOKUP(103,$A$24:$K$72,11,FALSE)-1) -> 0.0017231107 | BS72: =BS$71*$D$62/$D$47 -> 1.0952771e-06 | BT72: =BS72*$B$21 -> 0.032858313 | BU72: =BV71/$G64 -> 26549.14 | BV72: =BV71-BU72 -> 43552.502 | BW72: =$B$20*BV72 -> 1306.5751 | BX72: =BU72+BW72 -> 27855.715 | BY72: =BT72*(VLOOKUP(102,$A$24:$K$72,11,FALSE)-1) -> 0.050382775 | BZ72: =BZ$71*$D$61/$D$47 -> 2.0276639e-05 | CA72: =BZ72*$B$21 -> 0.60829918 | CB72: =CC71/$G63 -> 42149.317 | CC72: =CC71-CB72 -> 75078.331 | CD72: =$B$20*CC72 -> 2252.3499 | CE72: =CB72+CD72 -> 44401.667 | CF72: =CA72*(VLOOKUP(101,$A$24:$K$72,11,FALSE)-1) -> 1.0092966 | CG72: =CG$71*$D$60/$D$47 -> 0.00026036098 | CH72: =CG72*$B$21 -> 7.8108295 | CI72: =CJ71/$G62 -> 63598.771 | CJ72: =CJ71-CI72 -> 122580.52 | CK72: =$B$20*CJ72 -> 3677.4157 | CL72: =CI72+CK72 -> 67276.187 | CM72: =CH72*(VLOOKUP(100,$A$24:$K$72,11,FALSE)-1) -> 13.974811 | CN72: =CN$71*$D$59/$D$47 -> 0.0023890338 | CO72: =CN72*$B$21 -> 71.671014 | CP72: =CQ71/$G61 -> 92042.572 | CQ72: =CQ71-CP72 -> 191414.29 | CR72: =$B$20*CQ72 -> 5742.4287 | CS72: =CP72+CR72 -> 97785 | CT72: =CO72*(VLOOKUP(99,$A$24:$K$72,11,FALSE)-1) -> 137.87403 | CU72: =CU$71*$D$58/$D$47 -> 0.016187611 | CV72: =CU72*$B$21 -> 485.62832 | CW72: =CX71/$G60 -> 129072.25 | CX72: =CX71-CW72 -> 288899 | CY72: =$B$20*CX72 -> 8666.9699 | CZ72: =CW72+CY72 -> 137739.22 | DA72: =CV72*(VLOOKUP(98,$A$24:$K$72,11,FALSE)-1) -> 1001.8796 | DB72: =DB$71*$D$57/$D$47 -> 0.083383638 | DC72: =DB72*$B$21 -> 2501.5091 | DD72: =DE71/$G59 -> 175703.9 | DE72: =DE71-DD72 -> 423831.17 | DF72: =$B$20*DE72 -> 12714.935 | DG72: =DD72+DF72 -> 188418.84 | DH72: =DC72*(VLOOKUP(97,$A$24:$K$72,11,FALSE)-1) -> 5541.3825 | DI72: =DI$71*$D$56/$D$47 -> 0.33548827 | DJ72: =DI72*$B$21 -> 10064.648 | DK72: =DL71/$G58 -> 232305.79 | DL72: =DL71-DK72 -> 605680.28 | DM72: =$B$20*DL72 -> 18170.408 | DN72: =DK72+DM72 -> 250476.2 | DO72: =DJ72*(VLOOKUP(96,$A$24:$K$72,11,FALSE)-1) -> 24006.104 | DP72: =DP$71*$D$55/$D$47 -> 1.0818475 | DQ72: =DP72*$B$21 -> 32455.425 | DR72: =DS71/$G57 -> 298369.87 | DS72: =DS71-DR72 -> 843816.06 | DT72: =$B$20*DS72 -> 25314.482 | DU72: =DR72+DT72 -> 323684.35 | DV72: =DQ72*(VLOOKUP(95,$A$24:$K$72,11,FALSE)-1) -> 83627.53 | DW72: =DW$71*$D$54/$D$47 -> 2.8710539 | DX72: =DW72*$B$21 -> 86131.618 | DY72: =DZ71/$G56 -> 373132.07 | DZ72: =DZ71-DY72 -> 1148562.1 | EA72: =$B$20*DZ72 -> 34456.863 | EB72: =DY72+EA72 -> 407588.93 | EC72: =DX72*(VLOOKUP(94,$A$24:$K$72,11,FALSE)-1) -> 240500.84 | ED72: =ED$71*$D$53/$D$47 -> 6.4073342 | EE72: =ED72*$B$21 -> 192220.03 | EF72: =EG71/$G55 -> 454347.41 | EG72: =EG71-EF72 -> 1526978 | EH72: =$B$20*EG72 -> 45809.339 | EI72: =EF72+EH72 -> 500156.75 | EJ72: =EE72*(VLOOKUP(93,$A$24:$K$72,11,FALSE)-1) -> 583227.59 | EK72: =EK$71*$D$52/$D$47 -> 12.215324 | EL72: =EK72*$B$21 -> 366459.73 | EM72: =EN71/$G54 -> 540057.22 | EN72: =EN71-EM72 -> 1984634.4 | EO72: =$B$20*EN72 -> 59539.032 | EP72: =EM72+EO72 -> 599596.25 | EQ72: =EL72*(VLOOKUP(92,$A$24:$K$72,11,FALSE)-1) -> 1209527.8 | ER72: =ER$71*$D$51/$D$47 -> 20.17534 | ES72: =ER72*$B$21 -> 605260.19 | ET72: =EU71/$G53 -> 631409.47 | EU72: =EU71-ET72 -> 2526108.1 | EV72: =$B$20*EU72 -> 75783.244 | EW72: =ET72+EV72 -> 707192.72 | EX72: =ES72*(VLOOKUP(91,$A$24:$K$72,11,FALSE)-1) -> 2162736.9 | EY72: =EY$71*$D$50/$D$47 -> 29.326655 | EZ72: =EY72*$B$21 -> 879799.66 | FA72: =FB71/$G52 -> 728084.53 | FB72: =FB71-FA72 -> 3157808.9 | FC72: =$B$20*FB72 -> 94734.266 | FD72: =FA72+FC72 -> 822818.8 | FE72: =EZ72*(VLOOKUP(90,$A$24:$K$72,11,FALSE)-1) -> 3387969 | FF72: =FF$71*$D$49/$D$47 -> 38.235497 | FG72: =FF72*$B$21 -> 1147064.9 | FH72: =FI71/$G51 -> 826918.27 | FI72: =FI71-FH72 -> 3885984.1 | FJ72: =$B$20*FI72 -> 116579.52 | FK72: =FH72+FJ72 -> 943497.79 | FL72: =FG72*(VLOOKUP(89,$A$24:$K$72,11,FALSE)-1) -> 4756606.3 | FM72: =FM$71*$D$48/$D$47 -> 45.301262 | FN72: =FM72*$B$21 -> 1359037.9 | FO72: =FP71/$G50 -> 921932.49 | FP72: =FP71-FO72 -> 4713216.9 | FQ72: =$B$20*FP72 -> 141396.51 | FR72: =FO72+FQ72 -> 1063329 | FS72: =FN72*(VLOOKUP(88,$A$24:$K$72,11,FALSE)-1) -> 6091453.7 | FT72: =FT$71*$D$47/$D$47 -> 49.08529 | FU72: =FT72*$B$21 -> 1472558.7 | FV72: =FW71/$G49 -> 1014661.9 | FW72: =FW71-FV72 -> 5635704.2 | FX72: =$B$20*FW72 -> 169071.12 | FY72: =FV72+FX72 -> 1183733 | FZ72: =FU72*(VLOOKUP(87,$A$24:$K$72,11,FALSE)-1) -> 7122120 | GA72: =GA$71*$D$46/$D$47 -> 49.088809 | GB72: =GA72*$B$21 -> 1472664.3 | GC72: =GD71/$G48 -> 1109606 | GD72: =GD71-GC72 -> 6650842.9 | GE72: =$B$20*GD72 -> 199525.29 | GF72: =GC72+GE72 -> 1309131.2 | GG72: =GB72*(VLOOKUP(86,$A$24:$K$72,11,FALSE)-1) -> 7631453.6 | GH72: =($N71-$N72)+(GA71-GA72)+(FT71-FT72)+(FM71-FM72)+(FF71-FF72)+(EY71-EY72)+(ER71-ER72)+(EK71-EK72)+(ED71-ED72)+(DW71-DW72)+(DP71-DP72)+(DI71-DI72)+(DB71-DB72)+(CU71-CU72)+(CN71-CN72)+(CG71-CG72)+(BZ71-BZ72)+(BS71-BS72)+(BL71-BL72)+(BE71-BE72)+(AX71-AX72)+(AQ71-AQ72)+(AJ71-AJ72)+(AC71-AC72)+(V71-V72) -> 45.679363 | GI72: =GH72*$B$21 -> 1370380.9 | GJ72: =GI$46/$G47 -> 1202102.7 | GK72: =GI$46-GJ72 -> 7759993.2 | GL72: =$B$20*GK72 -> 232799.79 | GM72: =GJ72+GL72 -> 1434902.5 | GN72: =GI72*(VLOOKUP(85,$A$24:$K$72,11,FALSE)-1) -> 7591715 | NC72: 26 | ND72: =N72+V72+AC72+AJ72+AQ72+AX72+BE72+BL72+BS72+BZ72+CG72+CN72+CU72+DB72+DI72+DP72+DW72+ED72+EK72+ER72+EY72+FF72+FM72+FT72+GA72+GH72 -> 300 | NE72: =P72+W72+AD72+AK72+AR72+AY72+BF72+BM72+BT72+CA72+CH72+CO72+CV72+DC72+DJ72+DQ72+DX72+EE72+EL72+ES72+EZ72+FG72+FN72+FU72+GB72+GI72 -> 9000000 | NF72: =T72+AA72+AH72+AO72+AV72+BC72+BJ72+BQ72+BX72+CE72+CL72+CS72+CZ72+DG72+DN72+DU72+EB72+EI72+EP72+EW72+FD72+FK72+FR72+FY72+GF72+GM72 -> 10149090 | NH72: =U72+AB72+AI72+AP72+AW72+BD72+BK72+BR72+BY72+CF72+CM72+CT72+DA72+DH72+DO72+DV72+EC72+EJ72+EQ72+EX72+FE72+FL72+FS72+FZ72+GG72+GN72 -> 40891640 | NI72: =R72+Y72+AF72+AM72+AT72+BA72+BH72+BO72+BV72+CC72+CJ72+CQ72+CX72+DE72+DL72+DS72+DZ72+EG72+EN72+EU72+FB72+FI72+FP72+FW72+GD72+GK72 -> 41632921
V73: =V$72*$D$70/$D$47 -> 1.1551767e-23 | AC73: =AC$72*$D$69/$D$47 -> 8.9013396e-21 | AD73: =AC73*$B$21 -> 2.6704019e-16 | AE73: =AF72/$G71 -> 363.92489 | AF73: =AF72-AE73 -> 181.96245 | AG73: =$B$20*AF73 -> 5.4588734 | AH73: =AE73+AG73 -> 369.38377 | AI73: =AD73*(VLOOKUP(109,$A$24:$K$72,11,FALSE)-1) -> 1.2963116e-16 | AJ73: =AJ$72*$D$68/$D$47 -> 3.8035001e-18 | AK73: =AJ73*$B$21 -> 1.14105e-13 | AL73: =AM72/$G70 -> 697.20973 | AM73: =AM72-AL73 -> 534.2021 | AN73: =$B$20*AM73 -> 16.026063 | AO73: =AL73+AN73 -> 713.23579 | AP73: =AK73*(VLOOKUP(108,$A$24:$K$72,11,FALSE)-1) -> 8.4056743e-14 | AQ73: =AQ$72*$D$67/$D$47 -> 1.0480048e-15 | AR73: =AQ73*$B$21 -> 3.1440145e-11 | AS73: =AT72/$G69 -> 1447.0756 | AT73: =AT72-AS73 -> 1376.3117 | AU73: =$B$20*AT73 -> 41.289351 | AV73: =AS73+AU73 -> 1488.3649 | AW73: =AR73*(VLOOKUP(107,$A$24:$K$72,11,FALSE)-1) -> 2.854619e-11 | AX73: =AX$72*$D$66/$D$47 -> 1.7919344e-13 | AY73: =AX73*$B$21 -> 5.3758031e-09 | AZ73: =BA72/$G68 -> 3017.0329 | BA73: =BA72-AZ73 -> 3323.5342 | BB73: =$B$20*BA73 -> 99.706026 | BC73: =AZ73+BB73 -> 3116.7389 | BD73: =AY73*(VLOOKUP(106,$A$24:$K$72,11,FALSE)-1) -> 5.6223101e-09 | BE73: =BE$72*$D$65/$D$47 -> 1.7873642e-11 | BF73: =BE73*$B$21 -> 5.3620927e-07 | BG73: =BH72/$G67 -> 5740.8085 | BH73: =BH72-BG73 -> 7108.5964 | BI73: =$B$20*BH73 -> 213.25789 | BJ73: =BG73+BI73 -> 5954.0664 | BK73: =BF73*(VLOOKUP(105,$A$24:$K$72,11,FALSE)-1) -> 6.2753024e-07 | BL73: =BL$72*$D$64/$D$47 -> 1.1010612e-09 | BM73: =BL73*$B$21 -> 3.3031837e-05 | BN73: =BO72/$G66 -> 10229.797 | BO73: =BO72-BN73 -> 14024.36 | BP73: =$B$20*BO73 -> 420.73079 | BQ73: =BN73+BP73 -> 10650.527 | BR73: =BM73*(VLOOKUP(104,$A$24:$K$72,11,FALSE)-1) -> 4.2630759e-05 | BS73: =BS$72*$D$63/$D$47 -> 4.3910834e-08 | BT73: =BS73*$B$21 -> 0.001317325 | BU73: =BV72/$G65 -> 17392.342 | BV73: =BV72-BU73 -> 26160.161 | BW73: =$B$20*BV73 -> 784.80482 | BX73: =BU73+BW73 -> 18177.146 | BY73: =BT73*(VLOOKUP(103,$A$24:$K$72,11,FALSE)-1) -> 0.0018585207 | BZ73: =BZ$72*$D$62/$D$47 -> 1.1730335e-06 | CA73: =BZ73*$B$21 -> 0.035191006 | CB73: =CC72/$G64 -> 28433.929 | CC73: =CC72-CB73 -> 46644.402 | CD73: =$B$20*CC73 -> 1399.3321 | CE73: =CB73+CD73 -> 29833.261 | CF73: =CA73*(VLOOKUP(102,$A$24:$K$72,11,FALSE)-1) -> 0.053959573 | CG73: =CG$72*$D$61/$D$47 -> 2.1202516e-05 | CH73: =CG73*$B$21 -> 0.63607548 | CI73: =CJ72/$G63 -> 44073.949 | CJ73: =CJ72-CI73 -> 78506.575 | CK73: =$B$20*CJ73 -> 2355.1973 | CL73: =CI73+CK73 -> 46429.146 | CM73: =CH73*(VLOOKUP(101,$A$24:$K$72,11,FALSE)-1) -> 1.0553834 | CN73: =CN$72*$D$60/$D$47 -> 0.00026768182 | CO73: =CN73*$B$21 -> 8.0304545 | CP73: =CQ72/$G62 -> 65387.043 | CQ73: =CQ72-CP73 -> 126027.25 | CR73: =$B$20*CQ73 -> 3780.8174 | CS73: =CP73+CR73 -> 69167.86 | CT73: =CO73*(VLOOKUP(100,$A$24:$K$72,11,FALSE)-1) -> 14.367755 | CU73: =CU$72*$D$59/$D$47 -> 0.0024349013 | CV73: =CU73*$B$21 -> 73.047038 | CW73: =CX72/$G61 -> 93809.713 | CX73: =CX72-CW73 -> 195089.28 | CY73: =$B$20*CX73 -> 5852.6785 | CZ73: =CW73+CY73 -> 99662.391 | DA73: =CV73*(VLOOKUP(99,$A$24:$K$72,11,FALSE)-1) -> 140.52109 | DB73: =DB$72*$D$58/$D$47 -> 0.01641456 | DC73: =DB73*$B$21 -> 492.43679 | DD73: =DE72/$G60 -> 130881.84 | DE73: =DE72-DD73 -> 292949.34 | DF73: =$B$20*DE73 -> 8788.4802 | DG73: =DD73+DF73 -> 139670.32 | DH73: =DC73*(VLOOKUP(98,$A$24:$K$72,11,FALSE)-1) -> 1015.9259 | DI73: =DI$72*$D$57/$D$47 -> 0.084238316 | DJ73: =DI73*$B$21 -> 2527.1495 | DK73: =DL72/$G59 -> 177504.86 | DL73: =DL72-DK73 -> 428175.42 | DM73: =$B$20*DL73 -> 12845.263 | DN73: =DK73+DM73 -> 190350.12 | DO73: =DJ73*(VLOOKUP(97,$A$24:$K$72,11,FALSE)-1) -> 5598.1814 | DP73: =DP$72*$D$56/$D$47 -> 0.33782231 | DQ73: =DP73*$B$21 -> 10134.669 | DR73: =DS72/$G58 -> 233921.98 | DS73: =DS72-DR73 -> 609894.08 | DT73: =$B$20*DS73 -> 18296.823 | DU73: =DR73+DT73 -> 252218.8 | DV73: =DQ73*(VLOOKUP(96,$A$24:$K$72,11,FALSE)-1) -> 24173.118 | DW73: =DW$72*$D$55/$D$47 -> 1.0878868 | DX73: =DW73*$B$21 -> 32636.605 | DY73: =DZ72/$G57 -> 300035.5 | DZ73: =DZ72-DY73 -> 848526.6 | EA73: =$B$20*DZ73 -> 25455.798 | EB73: =DY73+EA73 -> 325491.3 | EC73: =DX73*(VLOOKUP(95,$A$24:$K$72,11,FALSE)-1) -> 84094.374 | ED73: =ED$72*$D$54/$D$47 -> 2.8810232 | EE73: =ED73*$B$21 -> 86430.695 | EF73: =EG72/$G56 -> 374427.7 | EG73: =EG72-EF73 -> 1152550.3 | EH73: =$B$20*EG73 -> 34576.508 | EI73: =EF73+EH73 -> 409004.21 | EJ73: =EE73*(VLOOKUP(94,$A$24:$K$72,11,FALSE)-1) -> 241335.94 | EK73: =EK$72*$D$53/$D$47 -> 6.4180351 | EL73: =EK73*$B$21 -> 192541.05 | EM73: =EN72/$G55 -> 455106.22 | EN73: =EN72-EM73 -> 1529528.2 | EO73: =$B$20*EN73 -> 45885.846 | EP73: =EM73+EO73 -> 500992.07 | EQ73: =EL73*(VLOOKUP(93,$A$24:$K$72,11,FALSE)-1) -> 584201.64 | ER73: =ER$72*$D$52/$D$47 -> 12.222178 | ES73: =ER73*$B$21 -> 366665.34 | ET73: =EU72/$G54 -> 540360.23 | EU73: =EU72-ET73 -> 1985747.9 | EV73: =$B$20*EU73 -> 59572.437 | EW73: =ET73+EV73 -> 599932.67 | EX73: =ES73*(VLOOKUP(92,$A$24:$K$72,11,FALSE)-1) -> 1210206.4 | EY73: =EY$72*$D$51/$D$47 -> 20.177201 | EZ73: =EY73*$B$21 -> 605316.02 | FA73: =FB72/$G53 -> 631467.72 | FB73: =FB72-FA73 -> 2526341.2 | FC73: =$B$20*FB73 -> 75790.235 | FD73: =FA73+FC73 -> 707257.95 | FE73: =EZ73*(VLOOKUP(91,$A$24:$K$72,11,FALSE)-1) -> 2162936.4 | FF73: =FF$72*$D$50/$D$47 -> 29.32734 | FG73: =FF73*$B$21 -> 879820.2 | FH73: =FI72/$G52 -> 728101.54 | FI73: =FI72-FH73 -> 3157882.6 | FJ73: =$B$20*FI73 -> 94736.478 | FK73: =FH73+FJ73 -> 822838.01 | FL73: =FG73*(VLOOKUP(90,$A$24:$K$72,11,FALSE)-1) -> 3388048.1 | FM73: =FM$72*$D$49/$D$47 -> 38.238048 | FN73: =FM73*$B$21 -> 1147141.4 | FO73: =FP72/$G51 -> 826973.45 | FP73: =FP72-FO73 -> 3886243.4 | FQ73: =$B$20*FP73 -> 116587.3 | FR73: =FO73+FQ73 -> 943560.75 | FS73: =FN73*(VLOOKUP(89,$A$24:$K$72,11,FALSE)-1) -> 4756923.7 | FT73: =FT$72*$D$48/$D$47 -> 45.305722 | FU73: =FT73*$B$21 -> 1359171.7 | FV73: =FW72/$G50 -> 922023.26 | FW73: =FW72-FV73 -> 4713680.9 | FX73: =$B$20*FW73 -> 141410.43 | FY73: =FV73+FX73 -> 1063433.7 | FZ73: =FU73*(VLOOKUP(88,$A$24:$K$72,11,FALSE)-1) -> 6092053.4 | GA73: =GA$72*$D$47/$D$47 -> 49.088809 | GB73: =GA73*$B$21 -> 1472664.3 | GC73: =GD72/$G49 -> 1014734.6 | GD73: =GD72-GC73 -> 5636108.3 | GE73: =$B$20*GD73 -> 169083.25 | GF73: =GC73+GE73 -> 1183817.9 | GG73: =GB73*(VLOOKUP(87,$A$24:$K$72,11,FALSE)-1) -> 7122630.6 | GH73: =GH$72*$D$46/$D$47 -> 49.085927 | GI73: =GH73*$B$21 -> 1472577.8 | GJ73: =GK72/$G48 -> 1109540.8 | GK73: =GK72-GJ73 -> 6650452.4 | GL73: =$B$20*GK73 -> 199513.57 | GM73: =GJ73+GL73 -> 1309054.4 | GN73: =GI73*(VLOOKUP(86,$A$24:$K$72,11,FALSE)-1) -> 7631005.5 | GO73: =($N72-$N73)+(GH72-GH73)+(GA72-GA73)+(FT72-FT73)+(FM72-FM73)+(FF72-FF73)+(EY72-EY73)+(ER72-ER73)+(EK72-EK73)+(ED72-ED73)+(DW72-DW73)+(DP72-DP73)+(DI72-DI73)+(DB72-DB73)+(CU72-CU73)+(CN72-CN73)+(CG72-CG73)+(BZ72-BZ73)+(BS72-BS73)+(BL72-BL73)+(BE72-BE73)+(AX72-AX73)+(AQ72-AQ73)+(AJ72-AJ73)+(AC72-AC73)+(V72-V73) -> 45.72663 | GP73: =GO73*$B$21 -> 1371798.9 | GQ73: =GP$46/$G47 -> 1203346.6 | GR73: =GP$46-GQ73 -> 7768022.8 | GS73: =$B$20*GR73 -> 233040.68 | GT73: =GQ73+GS73 -> 1436387.3 | GU73: =GP73*(VLOOKUP(85,$A$24:$K$72,11,FALSE)-1) -> 7599570.5 | NC73: 27 | ND73: =N73+V73+AC73+AJ73+AQ73+AX73+BE73+BL73+BS73+BZ73+CG73+CN73+CU73+DB73+DI73+DP73+DW73+ED73+EK73+ER73+EY73+FF73+FM73+FT73+GA73+GH73+GO73 -> 300 | NE73: =P73+W73+AD73+AK73+AR73+AY73+BF73+BM73+BT73+CA73+CH73+CO73+CV73+DC73+DJ73+DQ73+DX73+EE73+EL73+ES73+EZ73+FG73+FN73+FU73+GB73+GI73+GP73 -> 9000000 | NF73: =T73+AA73+AH73+AO73+AV73+BC73+BJ73+BQ73+BX73+CE73+CL73+CS73+CZ73+DG73+DN73+DU73+EB73+EI73+EP73+EW73+FD73+FK73+FR73+FY73+GF73+GM73+GT73 -> 10169572 | NH73: =U73+AB73+AI73+AP73+AW73+BD73+BK73+BR73+BY73+CF73+CM73+CT73+DA73+DH73+DO73+DV73+EC73+EJ73+EQ73+EX73+FE73+FL73+FS73+FZ73+GG73+GN73+GU73 -> 40903950 | NI73: =R73+Y73+AF73+AM73+AT73+BA73+BH73+BO73+BV73+CC73+CJ73+CQ73+CX73+DE73+DL73+DS73+DZ73+EG73+EN73+EU73+FB73+FI73+FP73+FW73+GD73+GK73+GR73 -> 41685080
AJ74: =AJ$73*$D$69/$D$47 -> 8.7107978e-21 | AK74: =AJ74*$B$21 -> 2.6132393e-16 | AL74: =AM73/$G71 -> 356.13473 | AM74: =AM73-AL74 -> 178.06737 | AN74: =$B$20*AM74 -> 5.342021 | AO74: =AL74+AN74 -> 361.47675 | AP74: =AK74*(VLOOKUP(109,$A$24:$K$72,11,FALSE)-1) -> 1.2685628e-16 | AQ74: =AQ$73*$D$68/$D$47 -> 4.2510568e-18 | AR74: =AQ74*$B$21 -> 1.2753171e-13 | AS74: =AT73/$G70 -> 779.2502 | AT74: =AT73-AS74 -> 597.0615 | AU74: =$B$20*AT74 -> 17.911845 | AV74: =AS74+AU74 -> 797.16204 | AW74: =AR74*(VLOOKUP(108,$A$24:$K$72,11,FALSE)-1) -> 9.3947675e-14 | AX74: =AX$73*$D$67/$D$47 -> 1.2336529e-15 | AY74: =AX74*$B$21 -> 3.7009587e-11 | AZ74: =BA73/$G69 -> 1703.4167 | BA74: =BA73-AZ74 -> 1620.1175 | BB74: =$B$20*BA74 -> 48.603524 | BC74: =AZ74+BB74 -> 1752.0203 | BD74: =AY74*(VLOOKUP(107,$A$24:$K$72,11,FALSE)-1) -> 3.3602985e-11 | BE74: =BE$73*$D$66/$D$47 -> 2.0089904e-13 | BF74: =BE74*$B$21 -> 6.0269711e-09 | BG74: =BH73/$G68 -> 3382.4844 | BH74: =BH73-BG74 -> 3726.112 | BI74: =$B$20*BH74 -> 111.78336 | BJ74: =BG74+BI74 -> 3494.2677 | BK74: =BF74*(VLOOKUP(106,$A$24:$K$72,11,FALSE)-1) -> 6.3033374e-09 | BL74: =BL$73*$D$65/$D$47 -> 1.9508016e-11 | BM74: =BL74*$B$21 -> 5.8524047e-07 | BN74: =BO73/$G67 -> 6265.7504 | BO74: =BO73-BN74 -> 7758.6094 | BP74: =$B$20*BO74 -> 232.75828 | BQ74: =BN74+BP74 -> 6498.5087 | BR74: =BM74*(VLOOKUP(105,$A$24:$K$72,11,FALSE)-1) -> 6.8491187e-07 | BS74: =BS$73*$D$64/$D$47 -> 1.1875878e-09 | BT74: =BS74*$B$21 -> 3.5627633e-05 | BU74: =BV73/$G66 -> 11033.702 | BV74: =BV73-BU74 -> 15126.459 | BW74: =$B$20*BV74 -> 453.79378 | BX74: =BU74+BW74 -> 11487.495 | BY74: =BT74*(VLOOKUP(104,$A$24:$K$72,11,FALSE)-1) -> 4.5980882e-05 | BZ74: =BZ$73*$D$63/$D$47 -> 4.7028173e-08 | CA74: =BZ74*$B$21 -> 0.0014108452 | CB74: =CC73/$G65 -> 18627.067 | CC74: =CC73-CB74 -> 28017.335 | CD74: =$B$20*CC74 -> 840.52006 | CE74: =CB74+CD74 -> 19467.587 | CF74: =CA74*(VLOOKUP(103,$A$24:$K$72,11,FALSE)-1) -> 0.0019904617 | CG74: =CG$73*$D$62/$D$47 -> 1.2265969e-06 | CH74: =CG74*$B$21 -> 0.036797906 | CI74: =CJ73/$G64 -> 29732.286 | CJ74: =CJ73-CI74 -> 48774.29 | CK74: =$B$20*CJ74 -> 1463.2287 | CL74: =CI74+CK74 -> 31195.514 | CM74: =CH74*(VLOOKUP(102,$A$24:$K$72,11,FALSE)-1) -> 0.056423488 | CN74: =CN$73*$D$61/$D$47 -> 2.1798689e-05 | CO74: =CN74*$B$21 -> 0.65396066 | CP74: =CQ73/$G63 -> 45313.221 | CQ74: =CQ73-CP74 -> 80714.025 | CR74: =$B$20*CQ74 -> 2421.4207 | CS74: =CP74+CR74 -> 47734.642 | CT74: =CO74*(VLOOKUP(101,$A$24:$K$72,11,FALSE)-1) -> 1.0850587 | CU74: =CU$73*$D$60/$D$47 -> 0.00027282109 | CV74: =CU74*$B$21 -> 8.1846326 | CW74: =CX73/$G62 -> 66642.42 | CX74: =CX73-CW74 -> 128446.86 | CY74: =$B$20*CX74 -> 3853.4059 | CZ74: =CW74+CY74 -> 70495.826 | DA74: =CV74*(VLOOKUP(100,$A$24:$K$72,11,FALSE)-1) -> 14.643604 | DB74: =DB$73*$D$59/$D$47 -> 0.0024690384 | DC74: =DB74*$B$21 -> 74.071152 | DD74: =DE73/$G61 -> 95124.918 | DE74: =DE73-DD74 -> 197824.42 | DF74: =$B$20*DE74 -> 5934.7326 | DG74: =DD74+DF74 -> 101059.65 | DH74: =DC74*(VLOOKUP(99,$A$24:$K$72,11,FALSE)-1) -> 142.49119 | DI74: =DI$73*$D$58/$D$47 -> 0.016582808 | DJ74: =DI74*$B$21 -> 497.48425 | DK74: =DL73/$G60 -> 132223.37 | DL74: =DL73-DK74 -> 295952.06 | DM74: =$B$20*DL74 -> 8878.5617 | DN74: =DK74+DM74 -> 141101.93 | DO74: =DJ74*(VLOOKUP(98,$A$24:$K$72,11,FALSE)-1) -> 1026.3391 | DP74: =DP$73*$D$57/$D$47 -> 0.084824374 | DQ74: =DP74*$B$21 -> 2544.7312 | DR74: =DS73/$G59 -> 178739.78 | DS74: =DS73-DR74 -> 431154.3 | DT74: =$B$20*DS74 -> 12934.629 | DU74: =DR74+DT74 -> 191674.41 | DV74: =DQ74*(VLOOKUP(97,$A$24:$K$72,11,FALSE)-1) -> 5637.1287 | DW74: =DW$73*$D$56/$D$47 -> 0.33970817 | DX74: =DW74*$B$21 -> 10191.245 | DY74: =DZ73/$G58 -> 235227.83 | DZ74: =DZ73-DY74 -> 613298.77 | EA74: =$B$20*DZ74 -> 18398.963 | EB74: =DY74+EA74 -> 253626.79 | EC74: =DX74*(VLOOKUP(96,$A$24:$K$72,11,FALSE)-1) -> 24308.063 | ED74: =ED$73*$D$55/$D$47 -> 1.0916643 | EE74: =ED74*$B$21 -> 32749.93 | EF74: =EG73/$G57 -> 301077.32 | EG74: =EG73-EF74 -> 851472.96 | EH74: =$B$20*EG74 -> 25544.189 | EI74: =EF74+EH74 -> 326621.51 | EJ74: =EE74*(VLOOKUP(95,$A$24:$K$72,11,FALSE)-1) -> 84386.377 | EK74: =EK$73*$D$54/$D$47 -> 2.8858348 | EL74: =EK74*$B$21 -> 86575.043 | EM74: =EN73/$G56 -> 375053.04 | EN74: =EN73-EM74 -> 1154475.2 | EO74: =$B$20*EN74 -> 34634.255 | EP74: =EM74+EO74 -> 409687.29 | EQ74: =EL74*(VLOOKUP(94,$A$24:$K$72,11,FALSE)-1) -> 241738.99 | ER74: =ER$73*$D$53/$D$47 -> 6.4216361 | ES74: =ER74*$B$21 -> 192649.08 | ET74: =EU73/$G55 -> 455361.56 | EU74: =EU73-ET74 -> 1530386.4 | EV74: =$B$20*EU74 -> 45911.591 | EW74: =ET74+EV74 -> 501273.15 | EX74: =ES74*(VLOOKUP(93,$A$24:$K$72,11,FALSE)-1) -> 584529.41 | EY74: =EY$73*$D$52/$D$47 -> 12.223305 | EZ74: =EY74*$B$21 -> 366699.16 | FA74: =FB73/$G54 -> 540410.07 | FB74: =FB73-FA74 -> 1985931.1 | FC74: =$B$20*FB74 -> 59577.932 | FD74: =FA74+FC74 -> 599988 | FE74: =EZ74*(VLOOKUP(92,$A$24:$K$72,11,FALSE)-1) -> 1210318.1 | FF74: =FF$73*$D$51/$D$47 -> 20.177672 | FG74: =FF74*$B$21 -> 605330.16 | FH74: =FI73/$G53 -> 631482.46 | FI74: =FI73-FH74 -> 2526400.2 | FJ74: =$B$20*FI74 -> 75792.005 | FK74: =FH74+FJ74 -> 707274.47 | FL74: =FG74*(VLOOKUP(91,$A$24:$K$72,11,FALSE)-1) -> 2162986.9 | FM74: =FM$73*$D$50/$D$47 -> 29.329297 | FN74: =FM74*$B$21 -> 879878.91 | FO74: =FP73/$G52 -> 728150.12 | FP74: =FP73-FO74 -> 3158093.3 | FQ74: =$B$20*FP74 -> 94742.8 | FR74: =FO74+FQ74 -> 822892.92 | FS74: =FN74*(VLOOKUP(90,$A$24:$K$72,11,FALSE)-1) -> 3388274.2 | FT74: =FT$73*$D$49/$D$47 -> 38.241813 | FU74: =FT74*$B$21 -> 1147254.4 | FV74: =FW73/$G51 -> 827054.86 | FW74: =FW73-FV74 -> 3886626 | FX74: =$B$20*FW74 -> 116598.78 | FY74: =FV74+FX74 -> 943653.64 | FZ74: =FU74*(VLOOKUP(89,$A$24:$K$72,11,FALSE)-1) -> 4757392 | GA74: =GA$73*$D$48/$D$47 -> 45.308971 | GB74: =GA74*$B$21 -> 1359269.1 | GC74: =GD73/$G50 -> 922089.37 | GD74: =GD73-GC74 -> 4714018.9 | GE74: =$B$20*GD74 -> 141420.57 | GF74: =GC74+GE74 -> 1063509.9 | GG74: =GB74*(VLOOKUP(88,$A$24:$K$72,11,FALSE)-1) -> 6092490.2 | GH74: =GH$73*$D$47/$D$47 -> 49.085927 | GI74: =GH74*$B$21 -> 1472577.8 | GJ74: =GK73/$G49 -> 1014675.1 | GK74: =GK73-GJ74 -> 5635777.3 | GL74: =$B$20*GK74 -> 169073.32 | GM74: =GJ74+GL74 -> 1183748.4 | GN74: =GI74*(VLOOKUP(87,$A$24:$K$72,11,FALSE)-1) -> 7122212.4 | GO74: =GO$73*$D$46/$D$47 -> 49.136718 | GP74: =GO74*$B$21 -> 1474101.5 | GQ74: =GR73/$G48 -> 1110688.9 | GR74: =GR73-GQ74 -> 6657333.9 | GS74: =$B$20*GR74 -> 199720.02 | GT74: =GQ74+GS74 -> 1310408.9 | GU74: =GP74*(VLOOKUP(86,$A$24:$K$72,11,FALSE)-1) -> 7638901.6 | GV74: =($N73-$N74)+(GO73-GO74)+(GH73-GH74)+(GA73-GA74)+(FT73-FT74)+(FM73-FM74)+(FF73-FF74)+(EY73-EY74)+(ER73-ER74)+(EK73-EK74)+(ED73-ED74)+(DW73-DW74)+(DP73-DP74)+(DI73-DI74)+(DB73-DB74)+(CU73-CU74)+(CN73-CN74)+(CG73-CG74)+(BZ73-BZ74)+(BS73-BS74)+(BL73-BL74)+(BE73-BE74)+(AX73-AX74)+(AQ73-AQ74)+(AJ73-AJ74)+(AC73-AC74)+(V73-V74) -> 45.653282 | GW74: =GV74*$B$21 -> 1369598.5 | GX74: =GW$46/$G47 -> 1201416.3 | GY74: =GW$46-GX74 -> 7755562.5 | GZ74: =$B$20*GY74 -> 232666.88 | HA74: =GX74+GZ74 -> 1434083.2 | HB74: =GW74*(VLOOKUP(85,$A$24:$K$72,11,FALSE)-1) -> 7587380.4 | NC74: 28 | ND74: =N74+V74+AC74+AJ74+AQ74+AX74+BE74+BL74+BS74+BZ74+CG74+CN74+CU74+DB74+DI74+DP74+DW74+ED74+EK74+ER74+EY74+FF74+FM74+FT74+GA74+GH74+GO74+GV74 -> 300 | NE74: =P74+W74+AD74+AK74+AR74+AY74+BF74+BM74+BT74+CA74+CH74+CO74+CV74+DC74+DJ74+DQ74+DX74+EE74+EL74+ES74+EZ74+FG74+FN74+FU74+GB74+GI74+GP74+GW74 -> 9000000 | NF74: =T74+AA74+AH74+AO74+AV74+BC74+BJ74+BQ74+BX74+CE74+CL74+CS74+CZ74+DG74+DN74+DU74+EB74+EI74+EP74+EW74+FD74+FK74+FR74+FY74+GF74+GM74+GT74+HA74 -> 10183889 | NH74: =U74+AB74+AI74+AP74+AW74+BD74+BK74+BR74+BY74+CF74+CM74+CT74+DA74+DH74+DO74+DV74+EC74+EJ74+EQ74+EX74+FE74+FL74+FS74+FZ74+GG74+GN74+GU74+HB74 -> 40901740 | NI74: =R74+Y74+AF74+AM74+AT74+BA74+BH74+BO74+BV74+CC74+CJ74+CQ74+CX74+DE74+DL74+DS74+DZ74+EG74+EN74+EU74+FB74+FI74+FP74+FW74+GD74+GK74+GR74+GY74 -> 41709266
O75: After 20 Years | V75: =V$74*$D$72/$D$47 -> 0 | AQ75: =AQ$74*$D$69/$D$47 -> 9.7357948e-21 | AR75: =AQ75*$B$21 -> 2.9207384e-16 | AS75: =AT74/$G71 -> 398.041 | AT75: =AT74-AS75 -> 199.0205 | AU75: =$B$20*AT75 -> 5.970615 | AV75: =AS75+AU75 -> 404.01161 | AW75: =AR75*(VLOOKUP(109,$A$24:$K$72,11,FALSE)-1) -> 1.4178342e-16 | AX75: =AX$74*$D$68/$D$47 -> 5.0041073e-18 | AY75: =AX75*$B$21 -> 1.5012322e-13 | AZ75: =BA74/$G70 -> 917.28992 | BA75: =BA74-AZ75 -> 702.82754 | BB75: =$B$20*BA75 -> 21.084826 | BC75: =AZ75+BB75 -> 938.37475 | BD75: =AY75*(VLOOKUP(108,$A$24:$K$72,11,FALSE)-1) -> 1.1058997e-13 | BE75: =BE$74*$D$67/$D$47 -> 1.3830846e-15 | BF75: =BE75*$B$21 -> 4.1492538e-11 | BG75: =BH74/$G69 -> 1909.7507 | BH75: =BH74-BG75 -> 1816.3614 | BI75: =$B$20*BH75 -> 54.490841 | BJ75: =BG75+BI75 -> 1964.2415 | BK75: =BF75*(VLOOKUP(107,$A$24:$K$72,11,FALSE)-1) -> 3.7673296e-11 | BL75: =BL$74*$D$66/$D$47 -> 2.1926933e-13 | BM75: =BL75*$B$21 -> 6.5780799e-09 | BN75: =BO74/$G68 -> 3691.7801 | BO75: =BO74-BN75 -> 4066.8293 | BP75: =$B$20*BO75 -> 122.00488 | BQ75: =BN75+BP75 -> 3813.785 | BR75: =BM75*(VLOOKUP(106,$A$24:$K$72,11,FALSE)-1) -> 6.8797172e-09 | BS75: =BS$74*$D$65/$D$47 -> 2.1041046e-11 | BT75: =BS75*$B$21 -> 6.3123139e-07 | BU75: =BV74/$G67 -> 6758.1422 | BV75: =BV74-BU75 -> 8368.317 | BW75: =$B$20*BV75 -> 251.04951 | BX75: =BU75+BW75 -> 7009.1917 | BY75: =BT75*(VLOOKUP(105,$A$24:$K$72,11,FALSE)-1) -> 7.3873543e-07 | BZ75: =BZ$74*$D$64/$D$47 -> 1.2718975e-09 | CA75: =BZ75*$B$21 -> 3.8156926e-05 | CB75: =CC74/$G66 -> 11817.011 | CC75: =CC74-CB75 -> 16200.324 | CD75: =$B$20*CC75 -> 486.00972 | CE75: =CB75+CD75 -> 12303.021 | CF75: =CA75*(VLOOKUP(104,$A$24:$K$72,11,FALSE)-1) -> 4.9245178e-05 | CG75: =CG$74*$D$63/$D$47 -> 4.9175584e-08 | CH75: =CG75*$B$21 -> 0.0014752675 | CI75: =CJ74/$G65 -> 19477.62 | CJ75: =CJ74-CI75 -> 29296.669 | CK75: =$B$20*CJ75 -> 878.90008 | CL75: =CI75+CK75 -> 20356.52 | CM75: =CH75*(VLOOKUP(103,$A$24:$K$72,11,FALSE)-1) -> 0.0020813506 | CN75: =CN$74*$D$62/$D$47 -> 1.2610863e-06 | CO75: =CN75*$B$21 -> 0.03783259 | CP75: =CQ74/$G64 -> 30568.299 | CQ75: =CQ74-CP75 -> 50145.726 | CR75: =$B$20*CQ75 -> 1504.3718 | CS75: =CP75+CR75 -> 32072.671 | CT75: =CO75*(VLOOKUP(102,$A$24:$K$72,11,FALSE)-1) -> 0.058010005 | CU75: =CU$74*$D$61/$D$47 -> 2.2217205e-05 | CV75: =CU75*$B$21 -> 0.66651616 | CW75: =CX74/$G63 -> 46183.197 | CX75: =CX74-CW75 -> 82263.667 | CY75: =$B$20*CX75 -> 2467.91 | CZ75: =CW75+CY75 -> 48651.107 | DA75: =CV75*(VLOOKUP(101,$A$24:$K$72,11,FALSE)-1) -> 1.1058909 | DB75: =DB$74*$D$60/$D$47 -> 0.00027664602 | DC75: =DB75*$B$21 -> 8.2993805 | DD75: =DE74/$G62 -> 67576.742 | DE75: =DE74-DD75 -> 130247.68 | DF75: =$B$20*DE75 -> 3907.4304 | DG75: =DD75+DF75 -> 71484.172 | DH75: =DC75*(VLOOKUP(100,$A$24:$K$72,11,FALSE)-1) -> 14.848907 | DI75: =DI$74*$D$59/$D$47 -> 0.0024943459 | DJ75: =DI75*$B$21 -> 74.830378 | DK75: =DL74/$G61 -> 96099.944 | DL75: =DL74-DK75 -> 199852.11 | DM75: =$B$20*DL75 -> 5995.5634 | DN75: =DK75+DM75 -> 102095.51 | DO75: =DJ75*(VLOOKUP(99,$A$24:$K$72,11,FALSE)-1) -> 143.95172 | DP75: =DP$74*$D$58/$D$47 -> 0.016698177 | DQ75: =DP75*$B$21 -> 500.94532 | DR75: =DS74/$G60 -> 133143.26 | DS75: =DS74-DR75 -> 298011.04 | DT75: =$B$20*DS75 -> 8940.3311 | DU75: =DR75+DT75 -> 142083.6 | DV75: =DQ75*(VLOOKUP(98,$A$24:$K$72,11,FALSE)-1) -> 1033.4795 | DW75: =DW$74*$D$57/$D$47 -> 0.0852979 | DX75: =DW75*$B$21 -> 2558.937 | DY75: =DZ74/$G59 -> 179737.58 | DZ75: =DZ74-DY75 -> 433561.19 | EA75: =$B$20*DZ75 -> 13006.836 | EB75: =DY75+EA75 -> 192744.42 | EC75: =DX75*(VLOOKUP(97,$A$24:$K$72,11,FALSE)-1) -> 5668.5976 | ED75: =ED$74*$D$56/$D$47 -> 0.34088775 | EE75: =ED75*$B$21 -> 10226.632 | EF75: =EG74/$G58 -> 236044.62 | EG75: =EG74-EF75 -> 615428.34 | EH75: =$B$20*EG75 -> 18462.85 | EI75: =EF75+EH75 -> 254507.47 | EJ75: =EE75*(VLOOKUP(96,$A$24:$K$72,11,FALSE)-1) -> 24392.468 | EK75: =EK$74*$D$55/$D$47 -> 1.0934875 | EL75: =EK75*$B$21 -> 32804.625 | EM75: =EN74/$G57 -> 301580.15 | EN75: =EN74-EM75 -> 852895.01 | EO75: =$B$20*EN75 -> 25586.85 | EP75: =EM75+EO75 -> 327167 | EQ75: =EL75*(VLOOKUP(95,$A$24:$K$72,11,FALSE)-1) -> 84527.311 | ER75: =ER$74*$D$54/$D$47 -> 2.8874539 | ES75: =ER75*$B$21 -> 86623.617 | ET75: =EU74/$G56 -> 375263.47 | EU75: =EU74-ET75 -> 1155122.9 | EV75: =$B$20*EU75 -> 34653.687 | EW75: =ET75+EV75 -> 409917.15 | EX75: =ES75*(VLOOKUP(94,$A$24:$K$72,11,FALSE)-1) -> 241874.62 | EY75: =EY$74*$D$53/$D$47 -> 6.4222284 | EZ75: =EY75*$B$21 -> 192666.85 | FA75: =FB74/$G55 -> 455403.57 | FB75: =FB74-FA75 -> 1530527.5 | FC75: =$B$20*FB75 -> 45915.825 | FD75: =FA75+FC75 -> 501319.39 | FE75: =EZ75*(VLOOKUP(93,$A$24:$K$72,11,FALSE)-1) -> 584583.33 | FF75: =FF$74*$D$52/$D$47 -> 12.223591 | FG75: =FF75*$B$21 -> 366707.72 | FH75: =FI74/$G54 -> 540422.69 | FI75: =FI74-FH75 -> 1985977.5 | FJ75: =$B$20*FI75 -> 59579.324 | FK75: =FH75+FJ75 -> 600002.02 | FL75: =FG75*(VLOOKUP(92,$A$24:$K$72,11,FALSE)-1) -> 1210346.3 | FM75: =FM$74*$D$51/$D$47 -> 20.179018 | FN75: =FM75*$B$21 -> 605370.55 | FO75: =FP74/$G53 -> 631524.6 | FP75: =FP74-FO75 -> 2526568.7 | FQ75: =$B$20*FP75 -> 75797.062 | FR75: =FO75+FQ75 -> 707321.66 | FS75: =FN75*(VLOOKUP(91,$A$24:$K$72,11,FALSE)-1) -> 2163131.2 | FT75: =FT$74*$D$50/$D$47 -> 29.332184 | FU75: =FT75*$B$21 -> 879965.53 | FV75: =FW74/$G52 -> 728221.81 | FW75: =FW74-FV75 -> 3158404.2 | FX75: =$B$20*FW75 -> 94752.127 | FY75: =FV75+FX75 -> 822973.93 | FZ75: =FU75*(VLOOKUP(90,$A$24:$K$72,11,FALSE)-1) -> 3388607.8 | GA75: =GA$74*$D$49/$D$47 -> 38.244555 | GB75: =GA75*$B$21 -> 1147336.6 | GC75: =GD74/$G51 -> 827114.16 | GD75: =GD74-GC75 -> 3886904.7 | GE75: =$B$20*GD75 -> 116607.14 | GF75: =GC75+GE75 -> 943721.31 | GG75: =GB75*(VLOOKUP(89,$A$24:$K$72,11,FALSE)-1) -> 4757733.1 | GH75: =GH$74*$D$48/$D$47 -> 45.30631 | GI75: =GH75*$B$21 -> 1359189.3 | GJ75: =GK74/$G50 -> 922035.22 | GK75: =GK74-GJ75 -> 4713742.1 | GL75: =$B$20*GK75 -> 141412.26 | GM75: =GJ75+GL75 -> 1063447.5 | GN75: =GI75*(VLOOKUP(88,$A$24:$K$72,11,FALSE)-1) -> 6092132.5 | GO75: =GO$74*$D$47/$D$47 -> 49.136718 | GP75: =GO75*$B$21 -> 1474101.5 | GQ75: =GR74/$G49 -> 1015725 | GR75: =GR74-GQ75 -> 5641608.9 | GS75: =$B$20*GR75 -> 169248.27 | GT75: =GQ75+GS75 -> 1184973.3 | GU75: =GP75*(VLOOKUP(87,$A$24:$K$72,11,FALSE)-1) -> 7129582.1 | GV75: =GV$74*$D$46/$D$47 -> 49.0579 | GW75: =GV75*$B$21 -> 1471737 | GX75: =GY74/$G48 -> 1108907.3 | GY75: =GY74-GX75 -> 6646655.2 | GZ75: =$B$20*GY75 -> 199399.66 | HA75: =GX75+GZ75 -> 1308306.9 | HB75: =GW75*(VLOOKUP(86,$A$24:$K$72,11,FALSE)-1) -> 7626648.5 | HC75: =($N74-$N75)+(GV74-GV75)+(GO74-GO75)+(GH74-GH75)+(GA74-GA75)+(FT74-FT75)+(FM74-FM75)+(FF74-FF75)+(EY74-EY75)+(ER74-ER75)+(EK74-EK75)+(ED74-ED75)+(DW74-DW75)+(DP74-DP75)+(DI74-DI75)+(DB74-DB75)+(CU74-CU75)+(CN74-CN75)+(CG74-CG75)+(BZ74-BZ75)+(BS74-BS75)+(BL74-BL75)+(BE74-BE75)+(AX74-AX75)+(AQ74-AQ75)+(AJ74-AJ75)+(AC74-AC75)+(V74-V75) -> 45.670875 | HD75: =HC75*$B$21 -> 1370126.2 | HE75: =HD$46/$G47 -> 1201879.3 | HF75: =HD$46-HE75 -> 7758551.1 | HG75: =$B$20*HF75 -> 232756.53 | HH75: =HE75+HG75 -> 1434635.9 | HI75: =HD75*(VLOOKUP(85,$A$24:$K$72,11,FALSE)-1) -> 7590304.2 | NC75: 29 | ND75: =N75+V75+AC75+AJ75+AQ75+AX75+BE75+BL75+BS75+BZ75+CG75+CN75+CU75+DB75+DI75+DP75+DW75+ED75+EK75+ER75+EY75+FF75+FM75+FT75+GA75+GH75+GO75+GV75+HC75 -> 300 | NE75: =P75+W75+AD75+AK75+AR75+AY75+BF75+BM75+BT75+CA75+CH75+CO75+CV75+DC75+DJ75+DQ75+DX75+EE75+EL75+ES75+EZ75+FG75+FN75+FU75+GB75+GI75+GP75+GW75+HD75 -> 9000000 | NF75: =T75+AA75+AH75+AO75+AV75+BC75+BJ75+BQ75+BX75+CE75+CL75+CS75+CZ75+DG75+DN75+DU75+EB75+EI75+EP75+EW75+FD75+FK75+FR75+FY75+GF75+GM75+GT75+HA75+HH75 -> 10194214 | NH75: =U75+AB75+AI75+AP75+AW75+BD75+BK75+BR75+BY75+CF75+CM75+CT75+DA75+DH75+DO75+DV75+EC75+EJ75+EQ75+EX75+FE75+FL75+FS75+FZ75+GG75+GN75+GU75+HB75+HI75 -> 40900725 | NI75: =R75+Y75+AF75+AM75+AT75+BA75+BH75+BO75+BV75+CC75+CJ75+CQ75+CX75+DE75+DL75+DS75+DZ75+EG75+EN75+EU75+FB75+FI75+FP75+FW75+GD75+GK75+GR75+GY75+HF75 -> 41727118
V76: =V$75*$D$73/$D$47 -> 0 | AX76: =AX$75*$D$69/$D$47 -> 1.1460435e-20 | AY76: =AX76*$B$21 -> 3.4381306e-16 | AZ76: =BA75/$G71 -> 468.55169 | BA76: =BA75-AZ76 -> 234.27585 | BB76: =$B$20*BA76 -> 7.0282754 | BC76: =AZ76+BB76 -> 475.57997 | BD76: =AY76*(VLOOKUP(109,$A$24:$K$72,11,FALSE)-1) -> 1.6689954e-16 | BE76: =BE$75*$D$68/$D$47 -> 5.610252e-18 | BF76: =BE76*$B$21 -> 1.6830756e-13 | BG76: =BH75/$G70 -> 1028.4007 | BH76: =BH75-BG76 -> 787.96064 | BI76: =$B$20*BH76 -> 23.638819 | BJ76: =BG76+BI76 -> 1052.0396 | BK76: =BF76*(VLOOKUP(108,$A$24:$K$72,11,FALSE)-1) -> 1.2398567e-13 | BL76: =BL$75*$D$67/$D$47 -> 1.5095544e-15 | BM76: =BL76*$B$21 -> 4.5286633e-11 | BN76: =BO75/$G69 -> 2084.3791 | BO76: =BO75-BN76 -> 1982.4502 | BP76: =$B$20*BO76 -> 59.473507 | BQ76: =BN76+BP76 -> 2143.8526 | BR76: =BM76*(VLOOKUP(107,$A$24:$K$72,11,FALSE)-1) -> 4.1118158e-11 | BS76: =BS$75*$D$66/$D$47 -> 2.3650053e-13 | BT76: =BS76*$B$21 -> 7.095016e-09 | BU76: =BV75/$G68 -> 3981.8974 | BV76: =BV75-BU76 -> 4386.4196 | BW76: =$B$20*BV76 -> 131.59259 | BX76: =BU76+BW76 -> 4113.49 | BY76: =BT76*(VLOOKUP(106,$A$24:$K$72,11,FALSE)-1) -> 7.4203573e-09 | BZ76: =BZ$75*$D$65/$D$47 -> 2.2534802e-11 | CA76: =BZ76*$B$21 -> 6.7604406e-07 | CB76: =CC75/$G67 -> 7237.9194 | CC76: =CC75-CB76 -> 8962.4045 | CD76: =$B$20*CC76 -> 268.87214 | CE76: =CB76+CD76 -> 7506.7915 | CF76: =CA76*(VLOOKUP(105,$A$24:$K$72,11,FALSE)-1) -> 7.9118009e-07 | CG76: =CG$75*$D$64/$D$47 -> 1.3299752e-09 | CH76: =CG76*$B$21 -> 3.9899257e-05 | CI76: =CJ75/$G66 -> 12356.602 | CJ76: =CJ75-CI76 -> 16940.067 | CK76: =$B$20*CJ76 -> 508.20201 | CL76: =CI76+CK76 -> 12864.804 | CM76: =CH76*(VLOOKUP(104,$A$24:$K$72,11,FALSE)-1) -> 5.1493823e-05 | CN76: =CN$75*$D$63/$D$47 -> 5.0558304e-08 | CO76: =CN76*$B$21 -> 0.0015167491 | CP76: =CQ75/$G65 -> 20025.293 | CQ76: =CQ75-CP76 -> 30120.434 | CR76: =$B$20*CQ76 -> 903.61301 | CS76: =CP76+CR76 -> 20928.906 | CT76: =CO76*(VLOOKUP(103,$A$24:$K$72,11,FALSE)-1) -> 0.0021398741 | CU76: =CU$75*$D$62/$D$47 -> 1.2852981e-06 | CV76: =CU76*$B$21 -> 0.038558944 | CW76: =CX75/$G64 -> 31155.185 | CX76: =CX75-CW76 -> 51108.482 | CY76: =$B$20*CX76 -> 1533.2545 | CZ76: =CW76+CY76 -> 32688.439 | DA76: =CV76*(VLOOKUP(102,$A$24:$K$72,11,FALSE)-1) -> 0.059123749 | DB76: =DB$75*$D$61/$D$47 -> 2.2528689e-05 | DC76: =DB76*$B$21 -> 0.67586067 | DD76: =DE75/$G63 -> 46830.682 | DE76: =DE75-DD76 -> 83416.998 | DF76: =$B$20*DE76 -> 2502.5099 | DG76: =DD76+DF76 -> 49333.192 | DH76: =DC76*(VLOOKUP(101,$A$24:$K$72,11,FALSE)-1) -> 1.1213954 | DI76: =DI$75*$D$60/$D$47 -> 0.00027948163 | DJ76: =DI76*$B$21 -> 8.3844488 | DK76: =DL75/$G62 -> 68269.4 | DL76: =DL75-DK76 -> 131582.71 | DM76: =$B$20*DL76 -> 3947.4814 | DN76: =DK76+DM76 -> 72216.881 | DO76: =DJ76*(VLOOKUP(100,$A$24:$K$72,11,FALSE)-1) -> 15.001107 | DP76: =DP$75*$D$59/$D$47 -> 0.0025116994 | DQ76: =DP76*$B$21 -> 75.350983 | DR76: =DS75/$G61 -> 96768.525 | DS76: =DS75-DR76 -> 201242.51 | DT76: =$B$20*DS76 -> 6037.2754 | DU76: =DR76+DT76 -> 102805.8 | DV76: =DQ76*(VLOOKUP(99,$A$24:$K$72,11,FALSE)-1) -> 144.95321 | DW76: =DW$75*$D$58/$D$47 -> 0.016791394 | DX76: =DW76*$B$21 -> 503.74181 | DY76: =DZ75/$G60 -> 133886.53 | DZ76: =DZ75-DY76 -> 299674.66 | EA76: =$B$20*DZ76 -> 8990.2398 | EB76: =DY76+EA76 -> 142876.77 | EC76: =DX76*(VLOOKUP(98,$A$24:$K$72,11,FALSE)-1) -> 1039.2488 | ED76: =ED$75*$D$57/$D$47 -> 0.085594081 | EE76: =ED76*$B$21 -> 2567.8224 | EF76: =EG75/$G59 -> 180361.69 | EG76: =EG75-EF76 -> 435066.65 | EH76: =$B$20*EG76 -> 13052 | EI76: =EF76+EH76 -> 193413.69 | EJ76: =EE76*(VLOOKUP(97,$A$24:$K$72,11,FALSE)-1) -> 5688.2808 | EK76: =EK$75*$D$56/$D$47 -> 0.34145707 | EL76: =EK76*$B$21 -> 10243.712 | EM76: =EN75/$G58 -> 236438.84 | EN76: =EN75-EM76 -> 616456.17 | EO76: =$B$20*EN76 -> 18493.685 | EP76: =EM76+EO76 -> 254932.52 | EQ76: =EL76*(VLOOKUP(96,$A$24:$K$72,11,FALSE)-1) -> 24433.206 | ER76: =ER$75*$D$55/$D$47 -> 1.094101 | ES76: =ER76*$B$21 -> 32823.031 | ET76: =EU75/$G57 -> 301749.35 | EU76: =EU75-ET76 -> 853373.53 | EV76: =$B$20*EU76 -> 25601.206 | EW76: =ET76+EV76 -> 327350.56 | EX76: =ES76*(VLOOKUP(95,$A$24:$K$72,11,FALSE)-1) -> 84574.736 | EY76: =EY$75*$D$54/$D$47 -> 2.8877202 | EZ76: =EY76*$B$21 -> 86631.607 | FA76: =FB75/$G56 -> 375298.08 | FB76: =FB75-FA76 -> 1155229.4 | FC76: =$B$20*FB76 -> 34656.883 | FD76: =FA76+FC76 -> 409954.96 | FE76: =EZ76*(VLOOKUP(94,$A$24:$K$72,11,FALSE)-1) -> 241896.93 | FF76: =FF$75*$D$53/$D$47 -> 6.4223784 | FG76: =FF76*$B$21 -> 192671.35 | FH76: =FI75/$G55 -> 455414.2 | FI76: =FI75-FH76 -> 1530563.3 | FJ76: =$B$20*FI76 -> 45916.898 | FK76: =FH76+FJ76 -> 501331.1 | FL76: =FG76*(VLOOKUP(93,$A$24:$K$72,11,FALSE)-1) -> 584596.98 | FM76: =FM$75*$D$52/$D$47 -> 12.224406 | FN76: =FM76*$B$21 -> 366732.19 | FO76: =FP75/$G54 -> 540458.75 | FP76: =FP75-FO76 -> 1986110 | FQ76: =$B$20*FP76 -> 59583.299 | FR76: =FO76+FQ76 -> 600042.05 | FS76: =FN76*(VLOOKUP(92,$A$24:$K$72,11,FALSE)-1) -> 1210427.1 | FT76: =FT$75*$D$51/$D$47 -> 20.181005 | FU76: =FT76*$B$21 -> 605430.15 | FV76: =FW75/$G53 -> 631586.77 | FW76: =FW75-FV76 -> 2526817.5 | FX76: =$B$20*FW76 -> 75804.524 | FY76: =FV76+FX76 -> 707391.3 | FZ76: =FU76*(VLOOKUP(91,$A$24:$K$72,11,FALSE)-1) -> 2163344.2 | GA76: =GA$75*$D$50/$D$47 -> 29.334288 | GB76: =GA76*$B$21 -> 880028.63 | GC76: =GD75/$G52 -> 728274.02 | GD76: =GD75-GC76 -> 3158630.7 | GE76: =$B$20*GD76 -> 94758.921 | GF76: =GC76+GE76 -> 823032.94 | GG76: =GB76*(VLOOKUP(90,$A$24:$K$72,11,FALSE)-1) -> 3388850.7 | GH76: =GH$75*$D$49/$D$47 -> 38.242309 | GI76: =GH76*$B$21 -> 1147269.3 | GJ76: =GK75/$G51 -> 827065.59 | GK76: =GK75-GJ76 -> 3886676.5 | GL76: =$B$20*GK76 -> 116600.29 | GM76: =GJ76+GL76 -> 943665.89 | GN76: =GI76*(VLOOKUP(89,$A$24:$K$72,11,FALSE)-1) -> 4757453.8 | GO76: =GO$75*$D$48/$D$47 -> 45.353191 | GP76: =GO76*$B$21 -> 1360595.7 | GQ76: =GR75/$G50 -> 922989.3 | GR76: =GR75-GQ76 -> 4718619.6 | GS76: =$B$20*GR76 -> 141558.59 | GT76: =GQ76+GS76 -> 1064547.9 | GU76: =GP76*(VLOOKUP(88,$A$24:$K$72,11,FALSE)-1) -> 6098436.3 | GV76: =GV$75*$D$47/$D$47 -> 49.0579 | GW76: =GV76*$B$21 -> 1471737 | GX76: =GY75/$G49 -> 1014095.7 | GY76: =GY75-GX76 -> 5632559.5 | GZ76: =$B$20*GY76 -> 168976.79 | HA76: =GX76+GZ76 -> 1183072.5 | HB76: =GW76*(VLOOKUP(87,$A$24:$K$72,11,FALSE)-1) -> 7118145.9 | HC76: =HC$75*$D$46/$D$47 -> 49.076805 | HD76: =HC76*$B$21 -> 1472304.2 | HE76: =HF75/$G48 -> 1109334.6 | HF76: =HF75-HE76 -> 6649216.5 | HG76: =$B$20*HF76 -> 199476.5 | HH76: =HE76+HG76 -> 1308811.1 | HI76: =HD76*(VLOOKUP(86,$A$24:$K$72,11,FALSE)-1) -> 7629587.4 | HJ76: =($N75-$N76)+(HC75-HC76)+(GV75-GV76)+(GO75-GO76)+(GH75-GH76)+(GA75-GA76)+(FT75-FT76)+(FM75-FM76)+(FF75-FF76)+(EY75-EY76)+(ER75-ER76)+(EK75-EK76)+(ED75-ED76)+(DW75-DW76)+(DP75-DP76)+(DI75-DI76)+(DB75-DB76)+(CU75-CU76)+(CN75-CN76)+(CG75-CG76)+(BZ75-BZ76)+(BS75-BS76)+(BL75-BL76)+(BE75-BE76)+(AX75-AX76)+(AQ75-AQ76)+(AJ75-AJ76)+(AC75-AC76)+(V75-V76) -> 45.679238 | HK76: =HJ76*$B$21 -> 1370377.2 | HL76: =HK$46/$G47 -> 1202099.4 | HM76: =HK$46-HL76 -> 7759972 | HN76: =$B$20*HM76 -> 232799.16 | HO76: =HL76+HN76 -> 1434898.6 | HP76: =HK76*(VLOOKUP(85,$A$24:$K$72,11,FALSE)-1) -> 7591694.2 | NC76: 30 | ND76: =N76+V76+AC76+AJ76+AQ76+AX76+BE76+BL76+BS76+BZ76+CG76+CN76+CU76+DB76+DI76+DP76+DW76+ED76+EK76+ER76+EY76+FF76+FM76+FT76+GA76+GH76+GO76+GV76+HC76+HJ76 -> 300 | NE76: =P76+W76+AD76+AK76+AR76+AY76+BF76+BM76+BT76+CA76+CH76+CO76+CV76+DC76+DJ76+DQ76+DX76+EE76+EL76+ES76+EZ76+FG76+FN76+FU76+GB76+GI76+GP76+GW76+HD76+HK76 -> 9000000 | NF76: =T76+AA76+AH76+AO76+AV76+BC76+BJ76+BQ76+BX76+CE76+CL76+CS76+CZ76+DG76+DN76+DU76+EB76+EI76+EP76+EW76+FD76+FK76+FR76+FY76+GF76+GM76+GT76+HA76+HH76+HO76 -> 10201452 | NH76: =U76+AB76+AI76+AP76+AW76+BD76+BK76+BR76+BY76+CF76+CM76+CT76+DA76+DH76+DO76+DV76+EC76+EJ76+EQ76+EX76+FE76+FL76+FS76+FZ76+GG76+GN76+GU76+HB76+HI76+HP76 -> 40900330 | NI76: =R76+Y76+AF76+AM76+AT76+BA76+BH76+BO76+BV76+CC76+CJ76+CQ76+CX76+DE76+DL76+DS76+DZ76+EG76+EN76+EU76+FB76+FI76+FP76+FW76+GD76+GK76+GR76+GY76+HF76+HM76 -> 41739731
BE77: =BE$76*$D$69/$D$47 -> 1.2848631e-20 | BF77: =BE77*$B$21 -> 3.8545894e-16 | BG77: =BH76/$G71 -> 525.30709 | BH77: =BH76-BG77 -> 262.65355 | BI77: =$B$20*BH77 -> 7.8796064 | BJ77: =BG77+BI77 -> 533.1867 | BK77: =BF77*(VLOOKUP(109,$A$24:$K$72,11,FALSE)-1) -> 1.8711599e-16 | BL77: =BL$76*$D$68/$D$47 -> 6.1232558e-18 | BM77: =BL77*$B$21 -> 1.8369767e-13 | BN77: =BO76/$G70 -> 1122.4381 | BO77: =BO76-BN77 -> 860.01209 | BP77: =$B$20*BO77 -> 25.800363 | BQ77: =BN77+BP77 -> 1148.2385 | BR77: =BM77*(VLOOKUP(108,$A$24:$K$72,11,FALSE)-1) -> 1.3532297e-13 | BS77: =BS$76*$D$67/$D$47 -> 1.6281822e-15 | BT77: =BS77*$B$21 -> 4.8845467e-11 | BU77: =BV76/$G69 -> 2248.1793 | BV77: =BV76-BU77 -> 2138.2404 | BW77: =$B$20*BV77 -> 64.147211 | BX77: =BU77+BW77 -> 2312.3265 | BY77: =BT77*(VLOOKUP(107,$A$24:$K$72,11,FALSE)-1) -> 4.4349414e-11 | BZ77: =BZ$76*$D$66/$D$47 -> 2.5329029e-13 | CA77: =BZ77*$B$21 -> 7.5987087e-09 | CB77: =CC76/$G68 -> 4264.5821 | CC77: =CC76-CB77 -> 4697.8224 | CD77: =$B$20*CC77 -> 140.93467 | CE77: =CB77+CD77 -> 4405.5168 | CF77: =CA77*(VLOOKUP(106,$A$24:$K$72,11,FALSE)-1) -> 7.9471468e-09 | CG77: =CG$76*$D$65/$D$47 -> 2.3563791e-11 | CH77: =CG77*$B$21 -> 7.0691374e-07 | CI77: =CJ76/$G67 -> 7568.4189 | CJ77: =CJ76-CI77 -> 9371.6479 | CK77: =$B$20*CJ77 -> 281.14944 | CL77: =CI77+CK77 -> 7849.5684 | CM77: =CH77*(VLOOKUP(105,$A$24:$K$72,11,FALSE)-1) -> 8.2730713e-07 | CN77: =CN$76*$D$64/$D$47 -> 1.3673715e-09 | CO77: =CN77*$B$21 -> 4.1021145e-05 | CP77: =CQ76/$G66 -> 12704.046 | CQ77: =CQ76-CP77 -> 17416.388 | CR77: =$B$20*CQ77 -> 522.49164 | CS77: =CP77+CR77 -> 13226.537 | CT77: =CO77*(VLOOKUP(104,$A$24:$K$72,11,FALSE)-1) -> 5.2941727e-05 | CU77: =CU$76*$D$63/$D$47 -> 5.1528982e-08 | CV77: =CU77*$B$21 -> 0.0015458695 | CW77: =CX76/$G65 -> 20409.761 | CX77: =CX76-CW77 -> 30698.721 | CY77: =$B$20*CX77 -> 920.96163 | CZ77: =CW77+CY77 -> 21330.723 | DA77: =CV77*(VLOOKUP(103,$A$24:$K$72,11,FALSE)-1) -> 0.0021809579 | DB77: =DB$76*$D$62/$D$47 -> 1.3033179e-06 | DC77: =DB77*$B$21 -> 0.039099538 | DD77: =DE76/$G64 -> 31591.978 | DE77: =DE76-DD77 -> 51825.019 | DF77: =$B$20*DE77 -> 1554.7506 | DG77: =DD77+DF77 -> 33146.729 | DH77: =DC77*(VLOOKUP(102,$A$24:$K$72,11,FALSE)-1) -> 0.059952659 | DI77: =DI$76*$D$61/$D$47 -> 2.2759607e-05 | DJ77: =DI77*$B$21 -> 0.68278821 | DK77: =DL76/$G63 -> 47310.694 | DL77: =DL76-DK77 -> 84272.018 | DM77: =$B$20*DL77 -> 2528.1605 | DN77: =DK77+DM77 -> 49838.855 | DO77: =DJ77*(VLOOKUP(101,$A$24:$K$72,11,FALSE)-1) -> 1.1328897 | DP77: =DP$76*$D$60/$D$47 -> 0.00028142602 | DQ77: =DP77*$B$21 -> 8.4427806 | DR77: =DS76/$G62 -> 68744.36 | DS77: =DS76-DR77 -> 132498.15 | DT77: =$B$20*DS77 -> 3974.9446 | DU77: =DR77+DT77 -> 72719.305 | DV77: =DQ77*(VLOOKUP(100,$A$24:$K$72,11,FALSE)-1) -> 15.105472 | DW77: =DW$76*$D$59/$D$47 -> 0.0025257208 | DX77: =DW77*$B$21 -> 75.771625 | DY77: =DZ76/$G61 -> 97308.728 | DZ77: =DZ76-DY77 -> 202365.93 | EA77: =$B$20*DZ77 -> 6070.978 | EB77: =DY77+EA77 -> 103379.71 | EC77: =DX77*(VLOOKUP(99,$A$24:$K$72,11,FALSE)-1) -> 145.7624 | ED77: =ED$76*$D$58/$D$47 -> 0.016849699 | EE77: =ED77*$B$21 -> 505.49096 | EF77: =EG76/$G60 -> 134351.42 | EG77: =EG76-EF77 -> 300715.23 | EH77: =$B$20*EG77 -> 9021.4568 | EI77: =EF77+EH77 -> 143372.88 | EJ77: =EE77*(VLOOKUP(98,$A$24:$K$72,11,FALSE)-1) -> 1042.8574 | EK77: =EK$76*$D$57/$D$47 -> 0.085737032 | EL77: =EK77*$B$21 -> 2572.111 | EM77: =EN76/$G59 -> 180662.91 | EN77: =EN76-EM77 -> 435793.26 | EO77: =$B$20*EN77 -> 13073.798 | EP77: =EM77+EO77 -> 193736.71 | EQ77: =EL77*(VLOOKUP(97,$A$24:$K$72,11,FALSE)-1) -> 5697.7808 | ER77: =ER$76*$D$56/$D$47 -> 0.34164865 | ES77: =ER77*$B$21 -> 10249.459 | ET77: =EU76/$G58 -> 236571.49 | EU77: =EU76-ET77 -> 616802.04 | EV77: =$B$20*EU77 -> 18504.061 | EW77: =ET77+EV77 -> 255075.55 | EX77: =ES77*(VLOOKUP(96,$A$24:$K$72,11,FALSE)-1) -> 24446.915 | EY77: =EY$76*$D$55/$D$47 -> 1.0942019 | EZ77: =EY77*$B$21 -> 32826.058 | FA77: =FB76/$G57 -> 301777.19 | FB77: =FB76-FA77 -> 853452.25 | FC77: =$B$20*FB77 -> 25603.567 | FD77: =FA77+FC77 -> 327380.75 | FE77: =EZ77*(VLOOKUP(95,$A$24:$K$72,11,FALSE)-1) -> 84582.537 | FF77: =FF$76*$D$54/$D$47 -> 2.8877877 | FG77: =FF77*$B$21 -> 86633.63 | FH77: =FI76/$G56 -> 375306.84 | FI77: =FI76-FH77 -> 1155256.4 | FJ77: =$B$20*FI77 -> 34657.692 | FK77: =FH77+FJ77 -> 409964.54 | FL77: =FG77*(VLOOKUP(94,$A$24:$K$72,11,FALSE)-1) -> 241902.58 | FM77: =FM$76*$D$53/$D$47 -> 6.4228069 | FN77: =FM77*$B$21 -> 192684.21 | FO77: =FP76/$G55 -> 455444.59 | FP77: =FP76-FO77 -> 1530665.4 | FQ77: =$B$20*FP77 -> 45919.962 | FR77: =FO77+FQ77 -> 501364.55 | FS77: =FN77*(VLOOKUP(93,$A$24:$K$72,11,FALSE)-1) -> 584635.99 | FT77: =FT$76*$D$52/$D$47 -> 12.22561 | FU77: =FT77*$B$21 -> 366768.3 | FV77: =FW76/$G54 -> 540511.96 | FW77: =FW76-FV77 -> 1986305.5 | FX77: =$B$20*FW77 -> 59589.165 | FY77: =FV77+FX77 -> 600101.12 | FZ77: =FU77*(VLOOKUP(92,$A$24:$K$72,11,FALSE)-1) -> 1210546.2 | GA77: =GA$76*$D$51/$D$47 -> 20.182452 | GB77: =GA77*$B$21 -> 605473.56 | GC77: =GD76/$G53 -> 631632.06 | GD77: =GD76-GC77 -> 2526998.6 | GE77: =$B$20*GD77 -> 75809.959 | GF77: =GC77+GE77 -> 707442.02 | GG77: =GB77*(VLOOKUP(91,$A$24:$K$72,11,FALSE)-1) -> 2163499.3 | GH77: =GH$76*$D$50/$D$47 -> 29.332565 | GI77: =GH77*$B$21 -> 879976.95 | GJ77: =GK76/$G52 -> 728231.26 | GK77: =GK76-GJ77 -> 3158445.2 | GL77: =$B$20*GK77 -> 94753.357 | GM77: =GJ77+GL77 -> 822984.61 | GN77: =GI77*(VLOOKUP(90,$A$24:$K$72,11,FALSE)-1) -> 3388651.7 | GO77: =GO$76*$D$49/$D$47 -> 38.28188 | GP77: =GO77*$B$21 -> 1148456.4 | GQ77: =GR76/$G51 -> 827921.4 | GR77: =GR76-GQ77 -> 3890698.2 | GS77: =$B$20*GR77 -> 116720.95 | GT77: =GQ77+GS77 -> 944642.35 | GU77: =GP77*(VLOOKUP(89,$A$24:$K$72,11,FALSE)-1) -> 4762376.5 | GV77: =GV$76*$D$48/$D$47 -> 45.280442 | GW77: =GV77*$B$21 -> 1358413.3 | GX77: =GY76/$G50 -> 921508.78 | GY77: =GY76-GX77 -> 4711050.7 | GZ77: =$B$20*GY77 -> 141331.52 | HA77: =GX77+GZ77 -> 1062840.3 | HB77: =GW77*(VLOOKUP(88,$A$24:$K$72,11,FALSE)-1) -> 6088654.1 | HC77: =HC$76*$D$47/$D$47 -> 49.076805 | HD77: =HC77*$B$21 -> 1472304.2 | HE77: =HF76/$G49 -> 1014486.5 | HF77: =HF76-HE77 -> 5634730 | HG77: =$B$20*HF77 -> 169041.9 | HH77: =HE77+HG77 -> 1183528.4 | HI77: =HD77*(VLOOKUP(87,$A$24:$K$72,11,FALSE)-1) -> 7120888.9 | HJ77: =HJ$76*$D$46/$D$47 -> 49.085792 | HK77: =HJ77*$B$21 -> 1472573.8 | HL77: =HM76/$G48 -> 1109537.8 | HM77: =HM76-HL77 -> 6650434.2 | HN77: =$B$20*HM77 -> 199513.03 | HO77: =HL77+HN77 -> 1309050.8 | HP77: =HK77*(VLOOKUP(86,$A$24:$K$72,11,FALSE)-1) -> 7630984.6 | HQ77: =($N76-$N77)+(HJ76-HJ77)+(HC76-HC77)+(GV76-GV77)+(GO76-GO77)+(GH76-GH77)+(GA76-GA77)+(FT76-FT77)+(FM76-FM77)+(FF76-FF77)+(EY76-EY77)+(ER76-ER77)+(EK76-EK77)+(ED76-ED77)+(DW76-DW77)+(DP76-DP77)+(DI76-DI77)+(DB76-DB77)+(CU76-CU77)+(CN76-CN77)+(CG76-CG77)+(BZ76-BZ77)+(BS76-BS77)+(BL76-BL77)+(BE76-BE77)+(AX76-AX77)+(AQ76-AQ77)+(AJ76-AJ77)+(AC76-AC77)+(V76-V77) -> 45.68259 | HR77: =HQ77*$B$21 -> 1370477.7 | HS77: =HR$46/$G47 -> 1202187.6 | HT77: =HR$46-HS77 -> 7760541.3 | HU77: =$B$20*HT77 -> 232816.24 | HV77: =HS77+HU77 -> 1435003.9 | HW77: =HR77*(VLOOKUP(85,$A$24:$K$72,11,FALSE)-1) -> 7592251.2 | NC77: 31 | ND77: =N77+V77+AC77+AJ77+AQ77+AX77+BE77+BL77+BS77+BZ77+CG77+CN77+CU77+DB77+DI77+DP77+DW77+ED77+EK77+ER77+EY77+FF77+FM77+FT77+GA77+GH77+GO77+GV77+HC77+HJ77+HQ77 -> 300 | NE77: =P77+W77+AD77+AK77+AR77+AY77+BF77+BM77+BT77+CA77+CH77+CO77+CV77+DC77+DJ77+DQ77+DX77+EE77+EL77+ES77+EZ77+FG77+FN77+FU77+GB77+GI77+GP77+GW77+HD77+HK77+HR77 -> 9000000 | NF77: =T77+AA77+AH77+AO77+AV77+BC77+BJ77+BQ77+BX77+CE77+CL77+CS77+CZ77+DG77+DN77+DU77+EB77+EI77+EP77+EW77+FD77+FK77+FR77+FY77+GF77+GM77+GT77+HA77+HH77+HO77+HV77 -> 10206379 | NH77: =U77+AB77+AI77+AP77+AW77+BD77+BK77+BR77+BY77+CF77+CM77+CT77+DA77+DH77+DO77+DV77+EC77+EJ77+EQ77+EX77+FE77+FL77+FS77+FZ77+GG77+GN77+GU77+HB77+HI77+HP77+HW77 -> 40900323 | NI77: =R77+Y77+AF77+AM77+AT77+BA77+BH77+BO77+BV77+CC77+CJ77+CQ77+CX77+DE77+DL77+DS77+DZ77+EG77+EN77+EU77+FB77+FI77+FP77+FW77+GD77+GK77+GR77+GY77+HF77+HM77+HT77 -> 41748295
BL78: =BL$77*$D$69/$D$47 -> 1.4023516e-20 | BM78: =BL78*$B$21 -> 4.2070547e-16 | BN78: =BO77/$G71 -> 573.3414 | BO78: =BO77-BN78 -> 286.6707 | BP78: =$B$20*BO78 -> 8.6001209 | BQ78: =BN78+BP78 -> 581.94152 | BR78: =BM78*(VLOOKUP(109,$A$24:$K$72,11,FALSE)-1) -> 2.0422596e-16 | BS78: =BS$77*$D$68/$D$47 -> 6.6044497e-18 | BT78: =BS78*$B$21 -> 1.9813349e-13 | BU78: =BV77/$G70 -> 1210.6445 | BV78: =BV77-BU78 -> 927.59584 | BW78: =$B$20*BV78 -> 27.827875 | BX78: =BU78+BW78 -> 1238.4724 | BY78: =BT78*(VLOOKUP(108,$A$24:$K$72,11,FALSE)-1) -> 1.4595728e-13 | BZ78: =BZ$77*$D$67/$D$47 -> 1.7437709e-15 | CA78: =BZ78*$B$21 -> 5.2313127e-11 | CB78: =CC77/$G69 -> 2407.7831 | CC78: =CC77-CB78 -> 2290.0393 | CD78: =$B$20*CC78 -> 68.70118 | CE78: =CB78+CD78 -> 2476.4842 | CF78: =CA78*(VLOOKUP(107,$A$24:$K$72,11,FALSE)-1) -> 4.7497888e-11 | CG78: =CG$77*$D$66/$D$47 -> 2.6485609e-13 | CH78: =CG78*$B$21 -> 7.9456827e-09 | CI78: =CJ77/$G68 -> 4459.3124 | CJ78: =CJ77-CI78 -> 4912.3354 | CK78: =$B$20*CJ78 -> 147.37006 | CL78: =CI78+CK78 -> 4606.6825 | CM78: =CH78*(VLOOKUP(106,$A$24:$K$72,11,FALSE)-1) -> 8.3100313e-09 | CN78: =CN$77*$D$65/$D$47 -> 2.4226359e-11 | CO78: =CN78*$B$21 -> 7.2679076e-07 | CP78: =CQ77/$G67 -> 7781.2279 | CQ78: =CQ77-CP78 -> 9635.1601 | CR78: =$B$20*CQ78 -> 289.0548 | CS78: =CP78+CR78 -> 8070.2827 | CT78: =CO78*(VLOOKUP(105,$A$24:$K$72,11,FALSE)-1) -> 8.5056937e-07 | CU78: =CU$77*$D$64/$D$47 -> 1.3936239e-09 | CV78: =CU78*$B$21 -> 4.1808717e-05 | CW78: =CX77/$G66 -> 12947.953 | CX78: =CX77-CW78 -> 17750.768 | CY78: =$B$20*CX78 -> 532.52305 | CZ78: =CW78+CY78 -> 13480.476 | DA78: =CV78*(VLOOKUP(104,$A$24:$K$72,11,FALSE)-1) -> 5.3958165e-05 | DB78: =DB$77*$D$63/$D$47 -> 5.2251414e-08 | DC78: =DB78*$B$21 -> 0.0015675424 | DD78: =DE77/$G65 -> 20695.905 | DE78: =DE77-DD78 -> 31129.115 | DF78: =$B$20*DE78 -> 933.87344 | DG78: =DD78+DF78 -> 21629.778 | DH78: =DC78*(VLOOKUP(103,$A$24:$K$72,11,FALSE)-1) -> 0.0022115347 | DI78: =DI$77*$D$62/$D$47 -> 1.3166769e-06 | DJ78: =DI78*$B$21 -> 0.039500306 | DK78: =DL77/$G64 -> 31915.794 | DL78: =DL77-DK78 -> 52356.223 | DM78: =$B$20*DL78 -> 1570.6867 | DN78: =DK78+DM78 -> 33486.481 | DO78: =DJ78*(VLOOKUP(102,$A$24:$K$72,11,FALSE)-1) -> 0.060567171 | DP78: =DP$77*$D$61/$D$47 -> 2.2917949e-05 | DQ78: =DP78*$B$21 -> 0.68753846 | DR78: =DS77/$G63 -> 47639.842 | DS78: =DS77-DR78 -> 84858.31 | DT78: =$B$20*DS78 -> 2545.7493 | DU78: =DR78+DT78 -> 50185.591 | DV78: =DQ78*(VLOOKUP(101,$A$24:$K$72,11,FALSE)-1) -> 1.1407713 | DW78: =DW$77*$D$60/$D$47 -> 0.00028299706 | DX78: =DW78*$B$21 -> 8.4899118 | DY78: =DZ77/$G62 -> 69128.12 | DZ78: =DZ77-DY78 -> 133237.81 | EA78: =$B$20*DZ78 -> 3997.1344 | EB78: =DY78+EA78 -> 73125.255 | EC78: =DX78*(VLOOKUP(100,$A$24:$K$72,11,FALSE)-1) -> 15.189797 | ED78: =ED$77*$D$59/$D$47 -> 0.0025344909 | EE78: =ED78*$B$21 -> 76.034728 | EF78: =EG77/$G61 -> 97646.615 | EG78: =EG77-EF78 -> 203068.61 | EH78: =$B$20*EG78 -> 6092.0584 | EI78: =EF78+EH78 -> 103738.67 | EJ78: =EE78*(VLOOKUP(99,$A$24:$K$72,11,FALSE)-1) -> 146.26853 | EK78: =EK$77*$D$58/$D$47 -> 0.016877839 | EL78: =EK78*$B$21 -> 506.33518 | EM78: =EN77/$G60 -> 134575.8 | EN78: =EN77-EM78 -> 301217.45 | EO78: =$B$20*EN78 -> 9036.5236 | EP78: =EM78+EO78 -> 143612.33 | EQ78: =EL78*(VLOOKUP(98,$A$24:$K$72,11,FALSE)-1) -> 1044.5991 | ER78: =ER$77*$D$57/$D$47 -> 0.085785136 | ES78: =ER78*$B$21 -> 2573.5541 | ET78: =EU77/$G59 -> 180764.28 | EU78: =EU77-ET78 -> 436037.76 | EV78: =$B$20*EU78 -> 13081.133 | EW78: =ET78+EV78 -> 193845.41 | EX78: =ES78*(VLOOKUP(97,$A$24:$K$72,11,FALSE)-1) -> 5700.9776 | EY78: =EY$77*$D$56/$D$47 -> 0.34168016 | EZ78: =EY78*$B$21 -> 10250.405 | FA78: =FB77/$G58 -> 236593.31 | FB78: =FB77-FA78 -> 616858.94 | FC78: =$B$20*FB78 -> 18505.768 | FD78: =FA78+FC78 -> 255099.08 | FE78: =EZ78*(VLOOKUP(96,$A$24:$K$72,11,FALSE)-1) -> 24449.17 | FF78: =FF$77*$D$55/$D$47 -> 1.0942275 | FG78: =FF78*$B$21 -> 32826.825 | FH78: =FI77/$G57 -> 301784.23 | FI78: =FI77-FH78 -> 853472.18 | FJ78: =$B$20*FI78 -> 25604.165 | FK78: =FH78+FJ78 -> 327388.4 | FL78: =FG78*(VLOOKUP(95,$A$24:$K$72,11,FALSE)-1) -> 84584.512 | FM78: =FM$77*$D$54/$D$47 -> 2.8879804 | FN78: =FM78*$B$21 -> 86639.411 | FO78: =FP77/$G56 -> 375331.89 | FP78: =FP77-FO78 -> 1155333.5 | FQ78: =$B$20*FP78 -> 34660.005 | FR78: =FO78+FQ78 -> 409991.89 | FS78: =FN78*(VLOOKUP(94,$A$24:$K$72,11,FALSE)-1) -> 241918.72 | FT78: =FT$77*$D$53/$D$47 -> 6.4234392 | FU78: =FT78*$B$21 -> 192703.18 | FV78: =FW77/$G55 -> 455489.43 | FW78: =FW77-FV78 -> 1530816.1 | FX78: =$B$20*FW78 -> 45924.482 | FY78: =FV78+FX78 -> 501413.91 | FZ78: =FU78*(VLOOKUP(93,$A$24:$K$72,11,FALSE)-1) -> 584693.54 | GA78: =GA$77*$D$52/$D$47 -> 12.226486 | GB78: =GA78*$B$21 -> 366794.59 | GC78: =GD77/$G54 -> 540550.72 | GD78: =GD77-GC78 -> 1986447.9 | GE78: =$B$20*GD78 -> 59593.438 | GF78: =GC78+GE78 -> 600144.15 | GG78: =GB78*(VLOOKUP(92,$A$24:$K$72,11,FALSE)-1) -> 1210633 | GH78: =GH$77*$D$51/$D$47 -> 20.181267 | GI78: =GH78*$B$21 -> 605438.01 | GJ78: =GK77/$G53 -> 631594.97 | GK78: =GK77-GJ78 -> 2526850.3 | GL78: =$B$20*GK78 -> 75805.508 | GM78: =GJ78+GL78 -> 707400.48 | GN78: =GI78*(VLOOKUP(91,$A$24:$K$72,11,FALSE)-1) -> 2163372.3 | GO78: =GO$77*$D$50/$D$47 -> 29.362917 | GP78: =GO78*$B$21 -> 880887.51 | GQ78: =GR77/$G52 -> 728984.79 | GR78: =GR77-GQ78 -> 3161713.4 | GS78: =$B$20*GR78 -> 94851.403 | GT78: =GQ78+GS78 -> 823836.2 | GU78: =GP78*(VLOOKUP(90,$A$24:$K$72,11,FALSE)-1) -> 3392158.1 | GV78: =GV$77*$D$49/$D$47 -> 38.220474 | GW78: =GV78*$B$21 -> 1146614.2 | GX78: =GY77/$G51 -> 826593.37 | GY78: =GY77-GX78 -> 3884457.4 | GZ78: =$B$20*GY78 -> 116533.72 | HA78: =GX78+GZ78 -> 943127.09 | HB78: =GW78*(VLOOKUP(89,$A$24:$K$72,11,FALSE)-1) -> 4754737.5 | HC78: =HC$77*$D$48/$D$47 -> 45.297891 | HD78: =HC78*$B$21 -> 1358936.7 | HE78: =HF77/$G50 -> 921863.88 | HF78: =HF77-HE78 -> 4712866.1 | HG78: =$B$20*HF78 -> 141385.98 | HH78: =HE78+HG78 -> 1063249.9 | HI78: =HD78*(VLOOKUP(88,$A$24:$K$72,11,FALSE)-1) -> 6091000.4 | HJ78: =HJ$77*$D$47/$D$47 -> 49.085792 | HK78: =HJ78*$B$21 -> 1472573.8 | HL78: =HM77/$G49 -> 1014672.3 | HM78: =HM77-HL78 -> 5635761.9 | HN78: =$B$20*HM78 -> 169072.86 | HO78: =HL78+HN78 -> 1183745.1 | HP78: =HK78*(VLOOKUP(87,$A$24:$K$72,11,FALSE)-1) -> 7122192.9 | HQ78: =HQ$77*$D$46/$D$47 -> 49.089394 | HR78: =HQ78*$B$21 -> 1472681.8 | HS78: =HT77/$G48 -> 1109619.2 | HT78: =HT77-HS78 -> 6650922.2 | HU78: =$B$20*HT78 -> 199527.66 | HV78: =HS78+HU78 -> 1309146.8 | HW78: =HR78*(VLOOKUP(86,$A$24:$K$72,11,FALSE)-1) -> 7631544.5 | HX78: =($N77-$N78)+(HQ77-HQ78)+(HJ77-HJ78)+(HC77-HC78)+(GV77-GV78)+(GO77-GO78)+(GH77-GH78)+(GA77-GA78)+(FT77-FT78)+(FM77-FM78)+(FF77-FF78)+(EY77-EY78)+(ER77-ER78)+(EK77-EK78)+(ED77-ED78)+(DW77-DW78)+(DP77-DP78)+(DI77-DI78)+(DB77-DB78)+(CU77-CU78)+(CN77-CN78)+(CG77-CG78)+(BZ77-BZ78)+(BS77-BS78)+(BL77-BL78)+(BE77-BE78)+(AX77-AX78)+(AQ77-AQ78)+(AJ77-AJ78)+(AC77-AC78)+(V77-V78) -> 45.682946 | HY78: =HX78*$B$21 -> 1370488.4 | HZ78: =HY$46/$G47 -> 1202197 | IA78: =HY$46-HZ78 -> 7760601.8 | IB78: =$B$20*IA78 -> 232818.05 | IC78: =HZ78+IB78 -> 1435015 | ID78: =HY78*(VLOOKUP(85,$A$24:$K$72,11,FALSE)-1) -> 7592310.4 | NC78: 32 | ND78: =N78+V78+AC78+AJ78+AQ78+AX78+BE78+BL78+BS78+BZ78+CG78+CN78+CU78+DB78+DI78+DP78+DW78+ED78+EK78+ER78+EY78+FF78+FM78+FT78+GA78+GH78+GO78+GV78+HC78+HJ78+HQ78+HX78 -> 300 | NE78: =P78+W78+AD78+AK78+AR78+AY78+BF78+BM78+BT78+CA78+CH78+CO78+CV78+DC78+DJ78+DQ78+DX78+EE78+EL78+ES78+EZ78+FG78+FN78+FU78+GB78+GI78+GP78+GW78+HD78+HK78+HR78+HY78 -> 9000000 | NF78: =T78+AA78+AH78+AO78+AV78+BC78+BJ78+BQ78+BX78+CE78+CL78+CS78+CZ78+DG78+DN78+DU78+EB78+EI78+EP78+EW78+FD78+FK78+FR78+FY78+GF78+GM78+GT78+HA78+HH78+HO78+HV78+IC78 -> 10209636 | NH78: =U78+AB78+AI78+AP78+AW78+BD78+BK78+BR78+BY78+CF78+CM78+CT78+DA78+DH78+DO78+DV78+EC78+EJ78+EQ78+EX78+FE78+FL78+FS78+FZ78+GG78+GN78+GU78+HB78+HI78+HP78+HW78+ID78 -> 40900503 | NI78: =R78+Y78+AF78+AM78+AT78+BA78+BH78+BO78+BV78+CC78+CJ78+CQ78+CX78+DE78+DL78+DS78+DZ78+EG78+EN78+EU78+FB78+FI78+FP78+FW78+GD78+GK78+GR78+GY78+HF78+HM78+HT78+IA78 -> 41753810
BS79: =BS$78*$D$69/$D$47 -> 1.5125549e-20 | BT79: =BS79*$B$21 -> 4.5376646e-16 | BU79: =BV78/$G71 -> 618.39723 | BV79: =BV78-BU79 -> 309.19861 | BW79: =$B$20*BV79 -> 9.2759584 | BX79: =BU79+BW79 -> 627.67318 | BY79: =BT79*(VLOOKUP(109,$A$24:$K$72,11,FALSE)-1) -> 2.2027498e-16 | BZ79: =BZ$78*$D$68/$D$47 -> 7.0733159e-18 | CA79: =BZ79*$B$21 -> 2.1219948e-13 | CB79: =CC78/$G70 -> 1296.5912 | CC79: =CC78-CB79 -> 993.44816 | CD79: =$B$20*CC79 -> 29.803445 | CE79: =CB79+CD79 -> 1326.3946 | CF79: =CA79*(VLOOKUP(108,$A$24:$K$72,11,FALSE)-1) -> 1.5631915e-13 | CG79: =CG$78*$D$67/$D$47 -> 1.8233954e-15 | CH79: =CG79*$B$21 -> 5.4701862e-11 | CI79: =CJ78/$G69 -> 2517.7278 | CJ79: =CJ78-CI79 -> 2394.6076 | CK79: =$B$20*CJ79 -> 71.838229 | CL79: =CI79+CK79 -> 2589.566 | CM79: =CH79*(VLOOKUP(107,$A$24:$K$72,11,FALSE)-1) -> 4.9666748e-11 | CN79: =CN$78*$D$66/$D$47 -> 2.7230332e-13 | CO79: =CN79*$B$21 -> 8.1690996e-09 | CP79: =CQ78/$G68 -> 4584.6995 | CQ79: =CQ78-CP79 -> 5050.4606 | CR79: =$B$20*CQ79 -> 151.51382 | CS79: =CP79+CR79 -> 4736.2133 | CT79: =CO79*(VLOOKUP(106,$A$24:$K$72,11,FALSE)-1) -> 8.5436929e-09 | CU79: =CU$78*$D$65/$D$47 -> 2.4691485e-11 | CV79: =CU79*$B$21 -> 7.4074454e-07 | CW79: =CX78/$G67 -> 7930.621 | CX79: =CX78-CW79 -> 9820.1472 | CY79: =$B$20*CX79 -> 294.60441 | CZ79: =CW79+CY79 -> 8225.2254 | DA79: =CV79*(VLOOKUP(105,$A$24:$K$72,11,FALSE)-1) -> 8.668996e-07 | DB79: =DB$78*$D$64/$D$47 -> 1.4131624e-09 | DC79: =DB79*$B$21 -> 4.2394872e-05 | DD79: =DE78/$G66 -> 13129.482 | DE79: =DE78-DD79 -> 17999.633 | DF79: =$B$20*DE79 -> 539.98898 | DG79: =DD79+DF79 -> 13669.471 | DH79: =DC79*(VLOOKUP(104,$A$24:$K$72,11,FALSE)-1) -> 5.4714654e-05 | DI79: =DI$78*$D$63/$D$47 -> 5.2786989e-08 | DJ79: =DI79*$B$21 -> 0.0015836097 | DK79: =DL78/$G65 -> 20908.037 | DL79: =DL78-DK79 -> 31448.187 | DM79: =$B$20*DL79 -> 943.4456 | DN79: =DK79+DM79 -> 21851.482 | DO79: =DJ79*(VLOOKUP(103,$A$24:$K$72,11,FALSE)-1) -> 0.0022342028 | DP79: =DP$78*$D$62/$D$47 -> 1.3258372e-06 | DQ79: =DP79*$B$21 -> 0.039775115 | DR79: =DS78/$G64 -> 32137.837 | DS79: =DS78-DR79 -> 52720.473 | DT79: =$B$20*DS79 -> 1581.6142 | DU79: =DR79+DT79 -> 33719.451 | DV79: =DQ79*(VLOOKUP(102,$A$24:$K$72,11,FALSE)-1) -> 0.060988545 | DW79: =DW$78*$D$61/$D$47 -> 2.3045886e-05 | DX79: =DW79*$B$21 -> 0.69137659 | DY79: =DZ78/$G63 -> 47905.787 | DZ79: =DZ78-DY79 -> 85332.025 | EA79: =$B$20*DZ79 -> 2559.9608 | EB79: =DY79+EA79 -> 50465.748 | EC79: =DX79*(VLOOKUP(101,$A$24:$K$72,11,FALSE)-1) -> 1.1471396 | ED79: =ED$78*$D$60/$D$47 -> 0.00028397972 | EE79: =ED79*$B$21 -> 8.5193915 | EF79: =EG78/$G62 -> 69368.155 | EG79: =EG78-EF79 -> 133700.46 | EH79: =$B$20*EG79 -> 4011.0137 | EI79: =EF79+EH79 -> 73379.169 | EJ79: =EE79*(VLOOKUP(100,$A$24:$K$72,11,FALSE)-1) -> 15.242541 | EK79: =EK$78*$D$59/$D$47 -> 0.0025387238 | EL79: =EK79*$B$21 -> 76.161714 | EM79: =EN78/$G61 -> 97809.695 | EN79: =EN78-EM79 -> 203407.76 | EO79: =$B$20*EN79 -> 6102.2327 | EP79: =EM79+EO79 -> 103911.93 | EQ79: =EL79*(VLOOKUP(99,$A$24:$K$72,11,FALSE)-1) -> 146.51282 | ER79: =ER$78*$D$58/$D$47 -> 0.016887309 | ES79: =ER79*$B$21 -> 506.61927 | ET79: =EU78/$G60 -> 134651.31 | EU79: =EU78-ET79 -> 301386.45 | EV79: =$B$20*EU79 -> 9041.5936 | EW79: =ET79+EV79 -> 143692.9 | EX79: =ES79*(VLOOKUP(98,$A$24:$K$72,11,FALSE)-1) -> 1045.1852 | EY79: =EY$78*$D$57/$D$47 -> 0.085793049 | EZ79: =EY79*$B$21 -> 2573.7915 | FA79: =FB78/$G59 -> 180780.95 | FB79: =FB78-FA79 -> 436077.98 | FC79: =$B$20*FB79 -> 13082.34 | FD79: =FA79+FC79 -> 193863.29 | FE79: =EZ79*(VLOOKUP(97,$A$24:$K$72,11,FALSE)-1) -> 5701.5034 | FF79: =FF$78*$D$56/$D$47 -> 0.34168814 | FG79: =FF79*$B$21 -> 10250.644 | FH79: =FI78/$G58 -> 236598.84 | FI79: =FI78-FH79 -> 616873.34 | FJ79: =$B$20*FI79 -> 18506.2 | FK79: =FH79+FJ79 -> 255105.04 | FL79: =FG79*(VLOOKUP(96,$A$24:$K$72,11,FALSE)-1) -> 24449.741 | FM79: =FM$78*$D$55/$D$47 -> 1.0943005 | FN79: =FM79*$B$21 -> 32829.015 | FO79: =FP78/$G57 -> 301804.37 | FP79: =FP78-FO79 -> 853529.13 | FQ79: =$B$20*FP79 -> 25605.874 | FR79: =FO79+FQ79 -> 327410.24 | FS79: =FN79*(VLOOKUP(95,$A$24:$K$72,11,FALSE)-1) -> 84590.156 | FT79: =FT$78*$D$54/$D$47 -> 2.8882647 | FU79: =FT79*$B$21 -> 86647.941 | FV79: =FW78/$G56 -> 375368.84 | FW79: =FW78-FV79 -> 1155447.2 | FX79: =$B$20*FW79 -> 34663.417 | FY79: =FV79+FX79 -> 410032.26 | FZ79: =FU79*(VLOOKUP(94,$A$24:$K$72,11,FALSE)-1) -> 241942.54 | GA79: =GA$78*$D$53/$D$47 -> 6.4238998 | GB79: =GA79*$B$21 -> 192716.99 | GC79: =GD78/$G55 -> 455522.09 | GD79: =GD78-GC79 -> 1530925.8 | GE79: =$B$20*GD79 -> 45927.775 | GF79: =GC79+GE79 -> 501449.86 | GG79: =GB79*(VLOOKUP(93,$A$24:$K$72,11,FALSE)-1) -> 584735.47 | GH79: =GH$78*$D$52/$D$47 -> 12.225769 | GI79: =GH79*$B$21 -> 366773.06 | GJ79: =GK78/$G54 -> 540518.97 | GK79: =GK78-GJ79 -> 1986331.3 | GL79: =$B$20*GK79 -> 59589.939 | GM79: =GJ79+GL79 -> 600108.91 | GN79: =GI79*(VLOOKUP(92,$A$24:$K$72,11,FALSE)-1) -> 1210562 | GO79: =GO$78*$D$51/$D$47 -> 20.202149 | GP79: =GO79*$B$21 -> 606064.48 | GQ79: =GR78/$G53 -> 632248.51 | GR79: =GR78-GQ79 -> 2529464.9 | GS79: =$B$20*GR79 -> 75883.947 | GT79: =GQ79+GS79 -> 708132.46 | GU79: =GP79*(VLOOKUP(91,$A$24:$K$72,11,FALSE)-1) -> 2165610.8 | GV79: =GV$78*$D$50/$D$47 -> 29.315817 | GW79: =GV79*$B$21 -> 879474.52 | GX79: =GY78/$G52 -> 727815.47 | GY79: =GY78-GX79 -> 3156641.9 | GZ79: =$B$20*GY79 -> 94699.257 | HA79: =GX79+GZ79 -> 822514.72 | HB79: =GW79*(VLOOKUP(90,$A$24:$K$72,11,FALSE)-1) -> 3386717 | HC79: =HC$78*$D$49/$D$47 -> 38.235202 | HD79: =HC79*$B$21 -> 1147056.1 | HE79: =HF78/$G51 -> 826911.9 | HF79: =HF78-HE79 -> 3885954.2 | HG79: =$B$20*HF79 -> 116578.63 | HH79: =HE79+HG79 -> 943490.53 | HI79: =HD79*(VLOOKUP(89,$A$24:$K$72,11,FALSE)-1) -> 4756569.7 | HJ79: =HJ$78*$D$48/$D$47 -> 45.306186 | HK79: =HJ79*$B$21 -> 1359185.6 | HL79: =HM78/$G50 -> 922032.7 | HM79: =HM78-HL79 -> 4713729.2 | HN79: =$B$20*HM79 -> 141411.88 | HO79: =HL79+HN79 -> 1063444.6 | HP79: =HK79*(VLOOKUP(88,$A$24:$K$72,11,FALSE)-1) -> 6092115.8 | HQ79: =HQ$78*$D$47/$D$47 -> 49.089394 | HR79: =HQ79*$B$21 -> 1472681.8 | HS79: =HT78/$G49 -> 1014746.7 | HT79: =HT78-HS79 -> 5636175.4 | HU79: =$B$20*HT79 -> 169085.26 | HV79: =HS79+HU79 -> 1183832 | HW79: =HR79*(VLOOKUP(87,$A$24:$K$72,11,FALSE)-1) -> 7122715.5 | HX79: =HX$78*$D$46/$D$47 -> 49.089777 | HY79: =HX79*$B$21 -> 1472693.3 | HZ79: =IA78/$G48 -> 1109627.8 | IA79: =IA78-HZ79 -> 6650974 | IB79: =$B$20*IA79 -> 199529.22 | IC79: =HZ79+IB79 -> 1309157 | ID79: =HY79*(VLOOKUP(86,$A$24:$K$72,11,FALSE)-1) -> 7631604 | IE79: =($N78-$N79)+(HX78-HX79)+(HQ78-HQ79)+(HJ78-HJ79)+(HC78-HC79)+(GV78-GV79)+(GO78-GO79)+(GH78-GH79)+(GA78-GA79)+(FT78-FT79)+(FM78-FM79)+(FF78-FF79)+(EY78-EY79)+(ER78-ER79)+(EK78-EK79)+(ED78-ED79)+(DW78-DW79)+(DP78-DP79)+(DI78-DI79)+(DB78-DB79)+(CU78-CU79)+(CN78-CN79)+(CG78-CG79)+(BZ78-BZ79)+(BS78-BS79)+(BL78-BL79)+(BE78-BE79)+(AX78-AX79)+(AQ78-AQ79)+(AJ78-AJ79)+(AC78-AC79)+(V78-V79) -> 45.682025 | IF79: =IE79*$B$21 -> 1370460.7 | IG79: =IF$46/$G47 -> 1202172.7 | IH79: =IF$46-IG79 -> 7760445.3 | II79: =$B$20*IH79 -> 232813.36 | IJ79: =IG79+II79 -> 1434986.1 | IK79: =IF79*(VLOOKUP(85,$A$24:$K$72,11,FALSE)-1) -> 7592157.3 | NC79: 33 | ND79: =N79+V79+AC79+AJ79+AQ79+AX79+BE79+BL79+BS79+BZ79+CG79+CN79+CU79+DB79+DI79+DP79+DW79+ED79+EK79+ER79+EY79+FF79+FM79+FT79+GA79+GH79+GO79+GV79+HC79+HJ79+HQ79+HX79+IE79 -> 300 | NE79: =P79+W79+AD79+AK79+AR79+AY79+BF79+BM79+BT79+CA79+CH79+CO79+CV79+DC79+DJ79+DQ79+DX79+EE79+EL79+ES79+EZ79+FG79+FN79+FU79+GB79+GI79+GP79+GW79+HD79+HK79+HR79+HY79+IF79 -> 9000000 | NF79: =T79+AA79+AH79+AO79+AV79+BC79+BJ79+BQ79+BX79+CE79+CL79+CS79+CZ79+DG79+DN79+DU79+EB79+EI79+EP79+EW79+FD79+FK79+FR79+FY79+GF79+GM79+GT79+HA79+HH79+HO79+HV79+IC79+IJ79 -> 10211722 | NH79: =U79+AB79+AI79+AP79+AW79+BD79+BK79+BR79+BY79+CF79+CM79+CT79+DA79+DH79+DO79+DV79+EC79+EJ79+EQ79+EX79+FE79+FL79+FS79+FZ79+GG79+GN79+GU79+HB79+HI79+HP79+HW79+ID79+IK79 -> 40900680 | NI79: =R79+Y79+AF79+AM79+AT79+BA79+BH79+BO79+BV79+CC79+CJ79+CQ79+CX79+DE79+DL79+DS79+DZ79+EG79+EN79+EU79+FB79+FI79+FP79+FW79+GD79+GK79+GR79+GY79+HF79+HM79+HT79+IA79+IH79 -> 41757133
